Workbook

Sheet Resumen CAIPI detenidos ene18
E3: RESUMEN CAIPI DETENIDOS
C7: PROVINCIA | D7: CANTIDAD CAIPI SORTEADO | E7: CAIPI DETENIDO POR PAGO TERRENO | F7: CAIPI DETENIDO POR PAGO CUBICACION | G7: CAIPI DETENIDO POR PLANO | H7: CAIPI DETENIDO | I7: TOTAL DETENIDA | J7: PROCESO DONACION | K7: NEGOCIADO | L7: SIN INICIAR
C8: AZUA | D8: =+'estado terrenos '!B6 -> 5 | E8: =+COUNTIFS('Seguimiento Agosto 2025'!$C$12:$C$256,Tabla13[[#This Row],[PROVINCIA]],'Seguimiento Agosto 2025'!$H$12:$H$256,'Seguimiento Agosto 2025'!$H$20) -> 0 | F8: =+COUNTIFS('Seguimiento Agosto 2025'!$C$12:$C$256,Tabla13[[#This Row],[PROVINCIA]],'Seguimiento Agosto 2025'!$H$12:$H$256,'Seguimiento Agosto 2025'!$H$14) -> 3 | G8: =+COUNTIFS('Seguimiento Agosto 2025'!$C$12:$C$256,Tabla13[[#This Row],[PROVINCIA]],'Seguimiento Agosto 2025'!$H$12:$H$256,'Seguimiento Agosto 2025'!$H$31) -> 0 | H8: =+COUNTIFS('Seguimiento Agosto 2025'!$C$12:$C$256,Tabla13[[#This Row],[PROVINCIA]],'Seguimiento Agosto 2025'!$H$12:$H$256,'Seguimiento Agosto 2025'!$H$22) -> 3 | I8: =SUM(Tabla13[[#This Row],[CAIPI DETENIDO POR PAGO TERRENO]:[CAIPI DETENIDO]]) -> 6 | J8: =+COUNTIFS('Seguimiento Agosto 2025'!$C$12:$C$256,Tabla13[[#This Row],[PROVINCIA]],'Seguimiento Agosto 2025'!$I$12:$I$256,'Seguimiento Agosto 2025'!$I$24) -> 4 | K8: =+COUNTIFS('Seguimiento Agosto 2025'!$C$12:$C$256,Tabla13[[#This Row],[PROVINCIA]],'Seguimiento Agosto 2025'!$I$12:$I$256,'Seguimiento Agosto 2025'!$I$28) -> 0 | L8: =COUNTIFS('Seguimiento Agosto 2025'!$C$12:$C$256,'estado terrenos '!A6,'Seguimiento Agosto 2025'!$H$12:$H$256,'Seguimiento Agosto 2025'!$H$15) -> 1
C9: BAHORUCO | D9: =+'estado terrenos '!B7 -> 5 | E9: =+COUNTIFS('Seguimiento Agosto 2025'!$C$12:$C$256,Tabla13[[#This Row],[PROVINCIA]],'Seguimiento Agosto 2025'!$H$12:$H$256,'Seguimiento Agosto 2025'!$H$20) -> 0 | F9: =+COUNTIFS('Seguimiento Agosto 2025'!$C$12:$C$256,Tabla13[[#This Row],[PROVINCIA]],'Seguimiento Agosto 2025'!$H$12:$H$256,'Seguimiento Agosto 2025'!$H$14) -> 1 | G9: =+COUNTIFS('Seguimiento Agosto 2025'!$C$12:$C$256,Tabla13[[#This Row],[PROVINCIA]],'Seguimiento Agosto 2025'!$H$12:$H$256,'Seguimiento Agosto 2025'!$H$31) -> 3 | H9: =+COUNTIFS('Seguimiento Agosto 2025'!$C$12:$C$256,Tabla13[[#This Row],[PROVINCIA]],'Seguimiento Agosto 2025'!$H$12:$H$256,'Seguimiento Agosto 2025'!$H$22) -> 1 | I9: =SUM(Tabla13[[#This Row],[CAIPI DETENIDO POR PAGO TERRENO]:[CAIPI DETENIDO]]) -> 5 | J9: =+COUNTIFS('Seguimiento Agosto 2025'!$C$12:$C$256,Tabla13[[#This Row],[PROVINCIA]],'Seguimiento Agosto 2025'!$I$12:$I$256,'Seguimiento Agosto 2025'!$I$24) -> 4 | K9: =+COUNTIFS('Seguimiento Agosto 2025'!$C$12:$C$256,Tabla13[[#This Row],[PROVINCIA]],'Seguimiento Agosto 2025'!$I$12:$I$256,'Seguimiento Agosto 2025'!$I$28) -> 1 | L9: =COUNTIFS('Seguimiento Agosto 2025'!$C$12:$C$256,'estado terrenos '!A7,'Seguimiento Agosto 2025'!$H$12:$H$256,'Seguimiento Agosto 2025'!$H$15) -> 0
C10: BARAHONA | D10: =+'estado terrenos '!B8 -> 5 | E10: =+COUNTIFS('Seguimiento Agosto 2025'!$C$12:$C$256,Tabla13[[#This Row],[PROVINCIA]],'Seguimiento Agosto 2025'!$H$12:$H$256,'Seguimiento Agosto 2025'!$H$20) -> 1 | F10: =+COUNTIFS('Seguimiento Agosto 2025'!$C$12:$C$256,Tabla13[[#This Row],[PROVINCIA]],'Seguimiento Agosto 2025'!$H$12:$H$256,'Seguimiento Agosto 2025'!$H$14) -> 2 | G10: =+COUNTIFS('Seguimiento Agosto 2025'!$C$12:$C$256,Tabla13[[#This Row],[PROVINCIA]],'Seguimiento Agosto 2025'!$H$12:$H$256,'Seguimiento Agosto 2025'!$H$31) -> 0 | H10: =+COUNTIFS('Seguimiento Agosto 2025'!$C$12:$C$256,Tabla13[[#This Row],[PROVINCIA]],'Seguimiento Agosto 2025'!$H$12:$H$256,'Seguimiento Agosto 2025'!$H$22) -> 2 | I10: =SUM(Tabla13[[#This Row],[CAIPI DETENIDO POR PAGO TERRENO]:[CAIPI DETENIDO]]) -> 5 | J10: =+COUNTIFS('Seguimiento Agosto 2025'!$C$12:$C$256,Tabla13[[#This Row],[PROVINCIA]],'Seguimiento Agosto 2025'!$I$12:$I$256,'Seguimiento Agosto 2025'!$I$24) -> 4 | K10: =+COUNTIFS('Seguimiento Agosto 2025'!$C$12:$C$256,Tabla13[[#This Row],[PROVINCIA]],'Seguimiento Agosto 2025'!$I$12:$I$256,'Seguimiento Agosto 2025'!$I$28) -> 1 | L10: =COUNTIFS('Seguimiento Agosto 2025'!$C$12:$C$256,'estado terrenos '!A8,'Seguimiento Agosto 2025'!$H$12:$H$256,'Seguimiento Agosto 2025'!$H$15) -> 1
C11: DAJABÓN | D11: =+'estado terrenos '!B9 -> 3 | E11: =+COUNTIFS('Seguimiento Agosto 2025'!$C$12:$C$256,Tabla13[[#This Row],[PROVINCIA]],'Seguimiento Agosto 2025'!$H$12:$H$256,'Seguimiento Agosto 2025'!$H$20) -> 2 | F11: =+COUNTIFS('Seguimiento Agosto 2025'!$C$12:$C$256,Tabla13[[#This Row],[PROVINCIA]],'Seguimiento Agosto 2025'!$H$12:$H$256,'Seguimiento Agosto 2025'!$H$14) -> 0 | G11: =+COUNTIFS('Seguimiento Agosto 2025'!$C$12:$C$256,Tabla13[[#This Row],[PROVINCIA]],'Seguimiento Agosto 2025'!$H$12:$H$256,'Seguimiento Agosto 2025'!$H$31) -> 0 | H11: =+COUNTIFS('Seguimiento Agosto 2025'!$C$12:$C$256,Tabla13[[#This Row],[PROVINCIA]],'Seguimiento Agosto 2025'!$H$12:$H$256,'Seguimiento Agosto 2025'!$H$22) -> 0 | I11: =SUM(Tabla13[[#This Row],[CAIPI DETENIDO POR PAGO TERRENO]:[CAIPI DETENIDO]]) -> 2 | J11: =+COUNTIFS('Seguimiento Agosto 2025'!$C$12:$C$256,Tabla13[[#This Row],[PROVINCIA]],'Seguimiento Agosto 2025'!$I$12:$I$256,'Seguimiento Agosto 2025'!$I$24) -> 2 | K11: =+COUNTIFS('Seguimiento Agosto 2025'!$C$12:$C$256,Tabla13[[#This Row],[PROVINCIA]],'Seguimiento Agosto 2025'!$I$12:$I$256,'Seguimiento Agosto 2025'!$I$28) -> 0 | L11: =COUNTIFS('Seguimiento Agosto 2025'!$C$12:$C$256,'estado terrenos '!A9,'Seguimiento Agosto 2025'!$H$12:$H$256,'Seguimiento Agosto 2025'!$H$15) -> 0
C12: DISTRITO NACIONAL | D12: =+'estado terrenos '!B10 -> 14 | E12: =+COUNTIFS('Seguimiento Agosto 2025'!$C$12:$C$256,Tabla13[[#This Row],[PROVINCIA]],'Seguimiento Agosto 2025'!$H$12:$H$256,'Seguimiento Agosto 2025'!$H$20) -> 2 | F12: =+COUNTIFS('Seguimiento Agosto 2025'!$C$12:$C$256,Tabla13[[#This Row],[PROVINCIA]],'Seguimiento Agosto 2025'!$H$12:$H$256,'Seguimiento Agosto 2025'!$H$14) -> 3 | G12: =+COUNTIFS('Seguimiento Agosto 2025'!$C$12:$C$256,Tabla13[[#This Row],[PROVINCIA]],'Seguimiento Agosto 2025'!$H$12:$H$256,'Seguimiento Agosto 2025'!$H$31) -> 3 | H12: =+COUNTIFS('Seguimiento Agosto 2025'!$C$12:$C$256,Tabla13[[#This Row],[PROVINCIA]],'Seguimiento Agosto 2025'!$H$12:$H$256,'Seguimiento Agosto 2025'!$H$22) -> 3 | I12: =SUM(Tabla13[[#This Row],[CAIPI DETENIDO POR PAGO TERRENO]:[CAIPI DETENIDO]]) -> 11 | J12: =+COUNTIFS('Seguimiento Agosto 2025'!$C$12:$C$256,Tabla13[[#This Row],[PROVINCIA]],'Seguimiento Agosto 2025'!$I$12:$I$256,'Seguimiento Agosto 2025'!$I$24) -> 9 | K12: =+COUNTIFS('Seguimiento Agosto 2025'!$C$12:$C$256,Tabla13[[#This Row],[PROVINCIA]],'Seguimiento Agosto 2025'!$I$12:$I$256,'Seguimiento Agosto 2025'!$I$28) -> 1 | L12: =COUNTIFS('Seguimiento Agosto 2025'!$C$12:$C$256,'estado terrenos '!A10,'Seguimiento Agosto 2025'!$H$12:$H$256,'Seguimiento Agosto 2025'!$H$15) -> 0
C13: DUARTE | D13: =+'estado terrenos '!B11 -> 6 | E13: =+COUNTIFS('Seguimiento Agosto 2025'!$C$12:$C$256,Tabla13[[#This Row],[PROVINCIA]],'Seguimiento Agosto 2025'!$H$12:$H$256,'Seguimiento Agosto 2025'!$H$20) -> 0 | F13: =+COUNTIFS('Seguimiento Agosto 2025'!$C$12:$C$256,Tabla13[[#This Row],[PROVINCIA]],'Seguimiento Agosto 2025'!$H$12:$H$256,'Seguimiento Agosto 2025'!$H$14) -> 4 | G13: =+COUNTIFS('Seguimiento Agosto 2025'!$C$12:$C$256,Tabla13[[#This Row],[PROVINCIA]],'Seguimiento Agosto 2025'!$H$12:$H$256,'Seguimiento Agosto 2025'!$H$31) -> 1 | H13: =+COUNTIFS('Seguimiento Agosto 2025'!$C$12:$C$256,Tabla13[[#This Row],[PROVINCIA]],'Seguimiento Agosto 2025'!$H$12:$H$256,'Seguimiento Agosto 2025'!$H$22) -> 4 | I13: =SUM(Tabla13[[#This Row],[CAIPI DETENIDO POR PAGO TERRENO]:[CAIPI DETENIDO]]) -> 9 | J13: =+COUNTIFS('Seguimiento Agosto 2025'!$C$12:$C$256,Tabla13[[#This Row],[PROVINCIA]],'Seguimiento Agosto 2025'!$I$12:$I$256,'Seguimiento Agosto 2025'!$I$24) -> 6 | K13: =+COUNTIFS('Seguimiento Agosto 2025'!$C$12:$C$256,Tabla13[[#This Row],[PROVINCIA]],'Seguimiento Agosto 2025'!$I$12:$I$256,'Seguimiento Agosto 2025'!$I$28) -> 0 | L13: =COUNTIFS('Seguimiento Agosto 2025'!$C$12:$C$256,'estado terrenos '!A11,'Seguimiento Agosto 2025'!$H$12:$H$256,'Seguimiento Agosto 2025'!$H$15) -> 0
C14: EL SEIBO | D14: =+'estado terrenos '!B12 -> 2 | E14: =+COUNTIFS('Seguimiento Agosto 2025'!$C$12:$C$256,Tabla13[[#This Row],[PROVINCIA]],'Seguimiento Agosto 2025'!$H$12:$H$256,'Seguimiento Agosto 2025'!$H$20) -> 0 | F14: =+COUNTIFS('Seguimiento Agosto 2025'!$C$12:$C$256,Tabla13[[#This Row],[PROVINCIA]],'Seguimiento Agosto 2025'!$H$12:$H$256,'Seguimiento Agosto 2025'!$H$14) -> 1 | G14: =+COUNTIFS('Seguimiento Agosto 2025'!$C$12:$C$256,Tabla13[[#This Row],[PROVINCIA]],'Seguimiento Agosto 2025'!$H$12:$H$256,'Seguimiento Agosto 2025'!$H$31) -> 0 | H14: =+COUNTIFS('Seguimiento Agosto 2025'!$C$12:$C$256,Tabla13[[#This Row],[PROVINCIA]],'Seguimiento Agosto 2025'!$H$12:$H$256,'Seguimiento Agosto 2025'!$H$22) -> 1 | I14: =SUM(Tabla13[[#This Row],[CAIPI DETENIDO POR PAGO TERRENO]:[CAIPI DETENIDO]]) -> 2 | J14: =+COUNTIFS('Seguimiento Agosto 2025'!$C$12:$C$256,Tabla13[[#This Row],[PROVINCIA]],'Seguimiento Agosto 2025'!$I$12:$I$256,'Seguimiento Agosto 2025'!$I$24) -> 1 | K14: =+COUNTIFS('Seguimiento Agosto 2025'!$C$12:$C$256,Tabla13[[#This Row],[PROVINCIA]],'Seguimiento Agosto 2025'!$I$12:$I$256,'Seguimiento Agosto 2025'!$I$28) -> 0 | L14: =COUNTIFS('Seguimiento Agosto 2025'!$C$12:$C$256,'estado terrenos '!A12,'Seguimiento Agosto 2025'!$H$12:$H$256,'Seguimiento Agosto 2025'!$H$15) -> 0
C15: ELIAS PIÑA | D15: =+'estado terrenos '!B13 -> 2 | E15: =+COUNTIFS('Seguimiento Agosto 2025'!$C$12:$C$256,Tabla13[[#This Row],[PROVINCIA]],'Seguimiento Agosto 2025'!$H$12:$H$256,'Seguimiento Agosto 2025'!$H$20) -> 0 | F15: =+COUNTIFS('Seguimiento Agosto 2025'!$C$12:$C$256,Tabla13[[#This Row],[PROVINCIA]],'Seguimiento Agosto 2025'!$H$12:$H$256,'Seguimiento Agosto 2025'!$H$14) -> 0 | G15: =+COUNTIFS('Seguimiento Agosto 2025'!$C$12:$C$256,Tabla13[[#This Row],[PROVINCIA]],'Seguimiento Agosto 2025'!$H$12:$H$256,'Seguimiento Agosto 2025'!$H$31) -> 0 | H15: =+COUNTIFS('Seguimiento Agosto 2025'!$C$12:$C$256,Tabla13[[#This Row],[PROVINCIA]],'Seguimiento Agosto 2025'!$H$12:$H$256,'Seguimiento Agosto 2025'!$H$22) -> 0 | I15: =SUM(Tabla13[[#This Row],[CAIPI DETENIDO POR PAGO TERRENO]:[CAIPI DETENIDO]]) -> 0 | J15: =+COUNTIFS('Seguimiento Agosto 2025'!$C$12:$C$256,Tabla13[[#This Row],[PROVINCIA]],'Seguimiento Agosto 2025'!$I$12:$I$256,'Seguimiento Agosto 2025'!$I$24) -> 0 | K15: =+COUNTIFS('Seguimiento Agosto 2025'!$C$12:$C$256,Tabla13[[#This Row],[PROVINCIA]],'Seguimiento Agosto 2025'!$I$12:$I$256,'Seguimiento Agosto 2025'!$I$28) -> 0 | L15: =COUNTIFS('Seguimiento Agosto 2025'!$C$12:$C$256,'estado terrenos '!A13,'Seguimiento Agosto 2025'!$H$12:$H$256,'Seguimiento Agosto 2025'!$H$15) -> 0
C16: ESPAILLAT | D16: =+'estado terrenos '!B14 -> 6 | E16: =+COUNTIFS('Seguimiento Agosto 2025'!$C$12:$C$256,Tabla13[[#This Row],[PROVINCIA]],'Seguimiento Agosto 2025'!$H$12:$H$256,'Seguimiento Agosto 2025'!$H$20) -> 0 | F16: =+COUNTIFS('Seguimiento Agosto 2025'!$C$12:$C$256,Tabla13[[#This Row],[PROVINCIA]],'Seguimiento Agosto 2025'!$H$12:$H$256,'Seguimiento Agosto 2025'!$H$14) -> 3 | G16: =+COUNTIFS('Seguimiento Agosto 2025'!$C$12:$C$256,Tabla13[[#This Row],[PROVINCIA]],'Seguimiento Agosto 2025'!$H$12:$H$256,'Seguimiento Agosto 2025'!$H$31) -> 1 | H16: =+COUNTIFS('Seguimiento Agosto 2025'!$C$12:$C$256,Tabla13[[#This Row],[PROVINCIA]],'Seguimiento Agosto 2025'!$H$12:$H$256,'Seguimiento Agosto 2025'!$H$22) -> 3 | I16: =SUM(Tabla13[[#This Row],[CAIPI DETENIDO POR PAGO TERRENO]:[CAIPI DETENIDO]]) -> 7 | J16: =+COUNTIFS('Seguimiento Agosto 2025'!$C$12:$C$256,Tabla13[[#This Row],[PROVINCIA]],'Seguimiento Agosto 2025'!$I$12:$I$256,'Seguimiento Agosto 2025'!$I$24) -> 5 | K16: =+COUNTIFS('Seguimiento Agosto 2025'!$C$12:$C$256,Tabla13[[#This Row],[PROVINCIA]],'Seguimiento Agosto 2025'!$I$12:$I$256,'Seguimiento Agosto 2025'!$I$28) -> 1 | L16: =COUNTIFS('Seguimiento Agosto 2025'!$C$12:$C$256,'estado terrenos '!A14,'Seguimiento Agosto 2025'!$H$12:$H$256,'Seguimiento Agosto 2025'!$H$15) -> 1
C17: HATO MAYOR | D17: =+'estado terrenos '!B15 -> 3 | E17: =+COUNTIFS('Seguimiento Agosto 2025'!$C$12:$C$256,Tabla13[[#This Row],[PROVINCIA]],'Seguimiento Agosto 2025'!$H$12:$H$256,'Seguimiento Agosto 2025'!$H$20) -> 1 | F17: =+COUNTIFS('Seguimiento Agosto 2025'!$C$12:$C$256,Tabla13[[#This Row],[PROVINCIA]],'Seguimiento Agosto 2025'!$H$12:$H$256,'Seguimiento Agosto 2025'!$H$14) -> 0 | G17: =+COUNTIFS('Seguimiento Agosto 2025'!$C$12:$C$256,Tabla13[[#This Row],[PROVINCIA]],'Seguimiento Agosto 2025'!$H$12:$H$256,'Seguimiento Agosto 2025'!$H$31) -> 0 | H17: =+COUNTIFS('Seguimiento Agosto 2025'!$C$12:$C$256,Tabla13[[#This Row],[PROVINCIA]],'Seguimiento Agosto 2025'!$H$12:$H$256,'Seguimiento Agosto 2025'!$H$22) -> 0 | I17: =SUM(Tabla13[[#This Row],[CAIPI DETENIDO POR PAGO TERRENO]:[CAIPI DETENIDO]]) -> 1 | J17: =+COUNTIFS('Seguimiento Agosto 2025'!$C$12:$C$256,Tabla13[[#This Row],[PROVINCIA]],'Seguimiento Agosto 2025'!$I$12:$I$256,'Seguimiento Agosto 2025'!$I$24) -> 3 | K17: =+COUNTIFS('Seguimiento Agosto 2025'!$C$12:$C$256,Tabla13[[#This Row],[PROVINCIA]],'Seguimiento Agosto 2025'!$I$12:$I$256,'Seguimiento Agosto 2025'!$I$28) -> 0 | L17: =COUNTIFS('Seguimiento Agosto 2025'!$C$12:$C$256,'estado terrenos '!A15,'Seguimiento Agosto 2025'!$H$12:$H$256,'Seguimiento Agosto 2025'!$H$15) -> 1
C18: HERMANAS MIRABAL | D18: =+'estado terrenos '!B16 -> 3 | E18: =+COUNTIFS('Seguimiento Agosto 2025'!$C$12:$C$256,Tabla13[[#This Row],[PROVINCIA]],'Seguimiento Agosto 2025'!$H$12:$H$256,'Seguimiento Agosto 2025'!$H$20) -> 0 | F18: =+COUNTIFS('Seguimiento Agosto 2025'!$C$12:$C$256,Tabla13[[#This Row],[PROVINCIA]],'Seguimiento Agosto 2025'!$H$12:$H$256,'Seguimiento Agosto 2025'!$H$14) -> 1 | G18: =+COUNTIFS('Seguimiento Agosto 2025'!$C$12:$C$256,Tabla13[[#This Row],[PROVINCIA]],'Seguimiento Agosto 2025'!$H$12:$H$256,'Seguimiento Agosto 2025'!$H$31) -> 0 | H18: =+COUNTIFS('Seguimiento Agosto 2025'!$C$12:$C$256,Tabla13[[#This Row],[PROVINCIA]],'Seguimiento Agosto 2025'!$H$12:$H$256,'Seguimiento Agosto 2025'!$H$22) -> 1 | I18: =SUM(Tabla13[[#This Row],[CAIPI DETENIDO POR PAGO TERRENO]:[CAIPI DETENIDO]]) -> 2 | J18: =+COUNTIFS('Seguimiento Agosto 2025'!$C$12:$C$256,Tabla13[[#This Row],[PROVINCIA]],'Seguimiento Agosto 2025'!$I$12:$I$256,'Seguimiento Agosto 2025'!$I$24) -> 2 | K18: =+COUNTIFS('Seguimiento Agosto 2025'!$C$12:$C$256,Tabla13[[#This Row],[PROVINCIA]],'Seguimiento Agosto 2025'!$I$12:$I$256,'Seguimiento Agosto 2025'!$I$28) -> 1 | L18: =COUNTIFS('Seguimiento Agosto 2025'!$C$12:$C$256,'estado terrenos '!A16,'Seguimiento Agosto 2025'!$H$12:$H$256,'Seguimiento Agosto 2025'!$H$15) -> 0
C19: INDEPENDENCIA | D19: =+'estado terrenos '!B17 -> 4 | E19: =+COUNTIFS('Seguimiento Agosto 2025'!$C$12:$C$256,Tabla13[[#This Row],[PROVINCIA]],'Seguimiento Agosto 2025'!$H$12:$H$256,'Seguimiento Agosto 2025'!$H$20) -> 0 | F19: =+COUNTIFS('Seguimiento Agosto 2025'!$C$12:$C$256,Tabla13[[#This Row],[PROVINCIA]],'Seguimiento Agosto 2025'!$H$12:$H$256,'Seguimiento Agosto 2025'!$H$14) -> 2 | G19: =+COUNTIFS('Seguimiento Agosto 2025'!$C$12:$C$256,Tabla13[[#This Row],[PROVINCIA]],'Seguimiento Agosto 2025'!$H$12:$H$256,'Seguimiento Agosto 2025'!$H$31) -> 1 | H19: =+COUNTIFS('Seguimiento Agosto 2025'!$C$12:$C$256,Tabla13[[#This Row],[PROVINCIA]],'Seguimiento Agosto 2025'!$H$12:$H$256,'Seguimiento Agosto 2025'!$H$22) -> 2 | I19: =SUM(Tabla13[[#This Row],[CAIPI DETENIDO POR PAGO TERRENO]:[CAIPI DETENIDO]]) -> 5 | J19: =+COUNTIFS('Seguimiento Agosto 2025'!$C$12:$C$256,Tabla13[[#This Row],[PROVINCIA]],'Seguimiento Agosto 2025'!$I$12:$I$256,'Seguimiento Agosto 2025'!$I$24) -> 4 | K19: =+COUNTIFS('Seguimiento Agosto 2025'!$C$12:$C$256,Tabla13[[#This Row],[PROVINCIA]],'Seguimiento Agosto 2025'!$I$12:$I$256,'Seguimiento Agosto 2025'!$I$28) -> 0 | L19: =COUNTIFS('Seguimiento Agosto 2025'!$C$12:$C$256,'estado terrenos '!A17,'Seguimiento Agosto 2025'!$H$12:$H$256,'Seguimiento Agosto 2025'!$H$15) -> 1
... C39: VALVERDE | D39: =+'estado terrenos '!B37 -> 5 | E39: =+COUNTIFS('Seguimiento Agosto 2025'!$C$12:$C$256,Tabla13[[#This Row],[PROVINCIA]],'Seguimiento Agosto 2025'!$H$12:$H$256,'Seguimiento Agosto 2025'!$H$20) -> 2 | F39: =+COUNTIFS('Seguimiento Agosto 2025'!$C$12:$C$256,Tabla13[[#This Row],[PROVINCIA]],'Seguimiento Agosto 2025'!$H$12:$H$256,'Seguimiento Agosto 2025'!$H$14) -> 2 | G39: =+COUNTIFS('Seguimiento Agosto 2025'!$C$12:$C$256,Tabla13[[#This Row],[PROVINCIA]],'Seguimiento Agosto 2025'!$H$12:$H$256,'Seguimiento Agosto 2025'!$H$31) -> 1 | H39: =+COUNTIFS('Seguimiento Agosto 2025'!$C$12:$C$256,Tabla13[[#This Row],[PROVINCIA]],'Seguimiento Agosto 2025'!$H$12:$H$256,'Seguimiento Agosto 2025'!$H$22) -> 2 | I39: =SUM(Tabla13[[#This Row],[CAIPI DETENIDO POR PAGO TERRENO]:[CAIPI DETENIDO]]) -> 7 | J39: =+COUNTIFS('Seguimiento Agosto 2025'!$C$12:$C$256,Tabla13[[#This Row],[PROVINCIA]],'Seguimiento Agosto 2025'!$I$12:$I$256,'Seguimiento Agosto 2025'!$I$24) -> 5 | K39: =+COUNTIFS('Seguimiento Agosto 2025'!$C$12:$C$256,Tabla13[[#This Row],[PROVINCIA]],'Seguimiento Agosto 2025'!$I$12:$I$256,'Seguimiento Agosto 2025'!$I$28) -> 0 | L39: =COUNTIFS('Seguimiento Agosto 2025'!$C$12:$C$256,'estado terrenos '!A37,'Seguimiento Agosto 2025'!$H$12:$H$256,'Seguimiento Agosto 2025'!$H$15) -> 0
C40: TOTAL | D40: =SUBTOTAL(109,Tabla13[CANTIDAD CAIPI SORTEADO]) -> 251 | E40: =SUBTOTAL(109,Tabla13[CAIPI DETENIDO POR PAGO TERRENO]) -> 39 | F40: =SUBTOTAL(109,Tabla13[CAIPI DETENIDO POR PAGO CUBICACION]) -> 80 | G40: =SUBTOTAL(109,Tabla13[CAIPI DETENIDO POR PLANO]) -> 43 | H40: =SUM(Tabla13[CAIPI DETENIDO]) -> 80 | I40: =SUBTOTAL(109,Tabla13[TOTAL DETENIDA]) -> 242 | J40: =SUBTOTAL(109,Tabla13[PROCESO DONACION]) -> 189 | K40: =SUBTOTAL(109,Tabla13[NEGOCIADO]) -> 11 | L40: =SUM(Tabla13[SIN INICIAR]) -> 14

Sheet Resumen Servicio operando PI
A2: Estado de Servicios de Primera Infancia Operando "INAIPI"
A3: Actualizado al 10 Junio 2020
A4: PROVINCIA | B4: CAIPI operando | C4: CAFI operando | D4: Total Servicio | G4: Tipo Servicio
A5: AZUA | B5: =+COUNTIFS(#REF!,'Resumen Servicio operando PI'!A5,#REF!,'Resumen Servicio operando PI'!$G$6) -> #REF! | C5: =+COUNTIFS(#REF!,'Resumen Servicio operando PI'!A5,#REF!,'Resumen Servicio operando PI'!$G$5) -> #REF! | D5: =+B5+C5 -> #REF! | G5: CAFI
A6: BAHORUCO | B6: =+COUNTIFS(#REF!,'Resumen Servicio operando PI'!A6,#REF!,'Resumen Servicio operando PI'!$G$6) -> #REF! | C6: =+COUNTIFS(#REF!,'Resumen Servicio operando PI'!A6,#REF!,'Resumen Servicio operando PI'!$G$5) -> #REF! | D6: =+B6+C6 -> #REF! | G6: CAIPI
A7: BARAHONA | B7: =+COUNTIFS(#REF!,'Resumen Servicio operando PI'!A7,#REF!,'Resumen Servicio operando PI'!$G$6) -> #REF! | C7: =+COUNTIFS(#REF!,'Resumen Servicio operando PI'!A7,#REF!,'Resumen Servicio operando PI'!$G$5) -> #REF! | D7: =+B7+C7 -> #REF!
A8: DAJABÓN | B8: =+COUNTIFS(#REF!,'Resumen Servicio operando PI'!A8,#REF!,'Resumen Servicio operando PI'!$G$6) -> #REF! | C8: =+COUNTIFS(#REF!,'Resumen Servicio operando PI'!A8,#REF!,'Resumen Servicio operando PI'!$G$5) -> #REF! | D8: =+B8+C8 -> #REF!
A9: DISTRITO NACIONAL | B9: =+COUNTIFS(#REF!,'Resumen Servicio operando PI'!A9,#REF!,'Resumen Servicio operando PI'!$G$6) -> #REF! | C9: =+COUNTIFS(#REF!,'Resumen Servicio operando PI'!A9,#REF!,'Resumen Servicio operando PI'!$G$5) -> #REF! | D9: =+B9+C9 -> #REF!
A10: DUARTE | B10: =+COUNTIFS(#REF!,'Resumen Servicio operando PI'!A10,#REF!,'Resumen Servicio operando PI'!$G$6) -> #REF! | C10: =+COUNTIFS(#REF!,'Resumen Servicio operando PI'!A10,#REF!,'Resumen Servicio operando PI'!$G$5) -> #REF! | D10: =+B10+C10 -> #REF!
A11: EL SEIBO | B11: =+COUNTIFS(#REF!,'Resumen Servicio operando PI'!A11,#REF!,'Resumen Servicio operando PI'!$G$6) -> #REF! | C11: =+COUNTIFS(#REF!,'Resumen Servicio operando PI'!A11,#REF!,'Resumen Servicio operando PI'!$G$5) -> #REF! | D11: =+B11+C11 -> #REF!
A12: ELÍAS PIÑA | B12: =+COUNTIFS(#REF!,'Resumen Servicio operando PI'!A12,#REF!,'Resumen Servicio operando PI'!$G$6) -> #REF! | C12: =+COUNTIFS(#REF!,'Resumen Servicio operando PI'!A12,#REF!,'Resumen Servicio operando PI'!$G$5) -> #REF! | D12: =+B12+C12 -> #REF!
A13: ESPAILLAT | B13: =+COUNTIFS(#REF!,'Resumen Servicio operando PI'!A13,#REF!,'Resumen Servicio operando PI'!$G$6) -> #REF! | C13: =+COUNTIFS(#REF!,'Resumen Servicio operando PI'!A13,#REF!,'Resumen Servicio operando PI'!$G$5) -> #REF! | D13: =+B13+C13 -> #REF!
A14: HATO MAYOR | B14: =+COUNTIFS(#REF!,'Resumen Servicio operando PI'!A14,#REF!,'Resumen Servicio operando PI'!$G$6) -> #REF! | C14: =+COUNTIFS(#REF!,'Resumen Servicio operando PI'!A14,#REF!,'Resumen Servicio operando PI'!$G$5) -> #REF! | D14: =+B14+C14 -> #REF!
A15: HERMANAS MIRABAL | B15: =+COUNTIFS(#REF!,'Resumen Servicio operando PI'!A15,#REF!,'Resumen Servicio operando PI'!$G$6) -> #REF! | C15: =+COUNTIFS(#REF!,'Resumen Servicio operando PI'!A15,#REF!,'Resumen Servicio operando PI'!$G$5) -> #REF! | D15: =+B15+C15 -> #REF!
A16: INDEPENDENCIA | B16: =+COUNTIFS(#REF!,'Resumen Servicio operando PI'!A16,#REF!,'Resumen Servicio operando PI'!$G$6) -> #REF! | C16: =+COUNTIFS(#REF!,'Resumen Servicio operando PI'!A16,#REF!,'Resumen Servicio operando PI'!$G$5) -> #REF! | D16: =+B16+C16 -> #REF!
A17: LA ALTAGRACIA | B17: =+COUNTIFS(#REF!,'Resumen Servicio operando PI'!A17,#REF!,'Resumen Servicio operando PI'!$G$6) -> #REF! | C17: =+COUNTIFS(#REF!,'Resumen Servicio operando PI'!A17,#REF!,'Resumen Servicio operando PI'!$G$5) -> #REF! | D17: =+B17+C17 -> #REF!
A18: LA ROMANA | B18: =+COUNTIFS(#REF!,'Resumen Servicio operando PI'!A18,#REF!,'Resumen Servicio operando PI'!$G$6) -> #REF! | C18: =+COUNTIFS(#REF!,'Resumen Servicio operando PI'!A18,#REF!,'Resumen Servicio operando PI'!$G$5) -> #REF! | D18: =+B18+C18 -> #REF!
... A36: VALVERDE | B36: =+COUNTIFS(#REF!,'Resumen Servicio operando PI'!A36,#REF!,'Resumen Servicio operando PI'!$G$6) -> #REF! | C36: =+COUNTIFS(#REF!,'Resumen Servicio operando PI'!A36,#REF!,'Resumen Servicio operando PI'!$G$5) -> #REF! | D36: =+B36+C36 -> #REF!
A37: TOTAL | B37: =SUM(B5:B36) -> #REF! | C37: =SUM(C5:C36) -> #REF! | D37: =SUM(D5:D36) -> #REF!

Sheet estado terrenos 
B1: ESTADO DE TERRENOS Y AVANCE CONSTRUCTIVO DE LOS CAIPI
D3: Actualizado a Julio 2024. | Y3: Estado Constructivo | AD3: Estado terreno
D4: CAIPI INICIADO | G4: CAIPI SIN INICIAR | K4: AVANCE CONSTRUCTIVO DE CAIPI POR PROVINCIA | O4: SERVICIOS PI OPERANDO (01/09/2020) | R4: >=0% | S4: >25% | T4: >50% | U4: >75% | Y4: Etapa Preliminar | Z4: Inaugurado | AA4: En Construcción | AB4: Sin Iniciar | AD4: Negociado | AE4: Con Propuesta | AF4: Sin Propuesta
A5: PROVINCIA | B5: CAIPI SORTEADO | C5: CAIPI INAUGURADO | D5: TOTAL CAIPI INICIADO | E5: CAIPI INICIADO EN CONSTRUCCIÓN | F5: CAIPI INICIADO / DETENIDO | G5: TOTAL CAIPI SIN INICIAR | H5: CAIPI SIN INICIAR /SIN PROPUESTA TERRENO | I5: CAIPI SIN INICIAR / CON PROPUESTA TERRENO | J5: CAIPI SIN INICIAR / CON TERRENO EN NEGOCIACIÓN | K5: <=25% | L5: Entre 26% y 50% | M5: Entre 51% y 75% | N5: Entre 76% y 99% | O5: CAIPI operando | P5: CAFI operando | Q5: ="<>"&#REF! -> #REF! | R5: <=25% | S5: <=50% | T5: <=75% | U5: <100% | V5: 1er Sorteo | W5: 4to Sorteo | Z5: Detenido pago terreno | AA5: Detenido por planos | AB5: Detenido pago cubicación | AD5: Con Propuesta de Donación | AE5: En Posesión sin Avance | AF5: En Posesión con Avance
A6: AZUA | B6: =+COUNTIF('Seguimiento Agosto 2025'!$C$12:$C$262,'estado terrenos '!A6) -> 5 | C6: =+COUNTIFS('Seguimiento Agosto 2025'!$C$12:$C$256,'estado terrenos '!A6,'Seguimiento Agosto 2025'!$H$12:$H$256,$Z$4,'Seguimiento Agosto 2025'!$Q$12:$Q$256,$AA$6) -> 3 | D6: =+COUNTIFS('Seguimiento Agosto 2025'!$C$12:$C$262,'estado terrenos '!A6,'Seguimiento Agosto 2025'!$H$12:$H$262,$Z$5)+COUNTIFS('Seguimiento Agosto 2025'!$C$12:$C$262,'estado terrenos '!A6,'Seguimiento Agosto 2025'!$H$12:$H$262,$AA$5)+COUNTIFS('Seguimiento Agosto 2025'!$C$12:$C$262,'estado terrenos '!A6,'Seguimiento Agosto 2025'!$H$12:$H$262,$AB$5)+COUNTIFS('Seguimiento Agosto 2025'!$C$12:$C$262,'estado terrenos '!A6,'Seguimiento Agosto 2025'!$H$12:$H$262,$Z$6)+COUNTIFS('Seguimiento Agosto 2025'!$C$12:$C$262,'estado terrenos '!A6,'Seguimiento Agosto 2025'!$H$12:$H$262,$AA$4)+COUNTIFS('Seguimiento Agosto 2025'!$C$12:$C$262,'estado terrenos '!A6,'Seguimiento Agosto 2025'!$H$12:$H$262,$Y$4) -> 1 | E6: =+COUNTIFS('Seguimiento Agosto 2025'!$C$12:$C$262,'estado terrenos '!A6,'Seguimiento Agosto 2025'!$H$12:$H$262,$AA$4)+COUNTIFS('Seguimiento Agosto 2025'!$C$12:$C$262,'estado terrenos '!A6,'Seguimiento Agosto 2025'!$H$12:$H$262,$Y$4) -> 1 | F6: =+COUNTIFS('Seguimiento Agosto 2025'!$C$12:$C$262,'estado terrenos '!A6,'Seguimiento Agosto 2025'!$H$12:$H$262,$Z$5)+COUNTIFS('Seguimiento Agosto 2025'!$C$12:$C$262,'estado terrenos '!A6,'Seguimiento Agosto 2025'!$H$12:$H$262,$AA$5)+COUNTIFS('Seguimiento Agosto 2025'!$C$12:$C$262,'estado terrenos '!A6,'Seguimiento Agosto 2025'!$H$12:$H$262,$AB$5)+COUNTIFS('Seguimiento Agosto 2025'!$C$12:$C$262,'estado terrenos '!A6,'Seguimiento Agosto 2025'!$H$12:$H$262,$Z$6) -> 0 | G6: =+COUNTIFS('Seguimiento Agosto 2025'!$C$12:$C$262,'estado terrenos '!A6,'Seguimiento Agosto 2025'!$H$12:$H$262,$AB$4) -> 1 | H6: =+COUNTIFS('Seguimiento Agosto 2025'!$C$12:$C$262,'estado terrenos '!A6,'Seguimiento Agosto 2025'!$H$12:$H$262,'estado terrenos '!$AB$4,'Seguimiento Agosto 2025'!$I$12:$I$262,'estado terrenos '!$AF$4) -> 0 | I6: =+COUNTIFS('Seguimiento Agosto 2025'!$C$12:$C$262,'estado terrenos '!A6,'Seguimiento Agosto 2025'!$H$12:$H$262,'estado terrenos '!$AB$4,'Seguimiento Agosto 2025'!$I$12:$I$262,$AE$4)+COUNTIFS('Seguimiento Agosto 2025'!$C$12:$C$262,'estado terrenos '!A6,'Seguimiento Agosto 2025'!$H$12:$H$262,'estado terrenos '!$AB$4,'Seguimiento Agosto 2025'!$I$12:$I$262,$AD$5) -> 0 | J6: =+COUNTIFS('Seguimiento Agosto 2025'!$C$12:$C$262,'estado terrenos '!A6,'Seguimiento Agosto 2025'!$H$12:$H$262,'estado terrenos '!$AB$4,'Seguimiento Agosto 2025'!$I$12:$I$262,$AD$4)+COUNTIFS('Seguimiento Agosto 2025'!$C$12:$C$262,'estado terrenos '!A6,'Seguimiento Agosto 2025'!$H$12:$H$262,'estado terrenos '!$AB$4,'Seguimiento Agosto 2025'!$I$12:$I$262,'estado terrenos '!$AE$5)+COUNTIFS('Seguimiento Agosto 2025'!$C$12:$C$262,'estado terrenos '!A6,'Seguimiento Agosto 2025'!$H$12:$H$262,'estado terrenos '!$AB$4,'Seguimiento Agosto 2025'!$I$12:$I$262,'estado terrenos '!$AF$5) -> 1 | K6: =R6 -> 0 | L6: =S6 -> 0 | M6: =T6 -> 0 | N6: =U6 -> 0 | O6: ='Resumen Servicio operando PI'!B5 -> #REF! | P6: ='Resumen Servicio operando PI'!C5 -> #REF! | R6: =+COUNTIFS('Seguimiento Agosto 2025'!$C$12:$C$256,'estado terrenos '!$A6,'Seguimiento Agosto 2025'!$Q$12:$Q$256,'estado terrenos '!$R$5,'Seguimiento Agosto 2025'!$Q$12:$Q$256,$R$4,'Seguimiento Agosto 2025'!$H$12:$H$256,'estado terrenos '!$Q$5) -> 0 | S6: =+COUNTIFS('Seguimiento Agosto 2025'!$C$12:$C$262,'estado terrenos '!$A6,'Seguimiento Agosto 2025'!$Q$12:$Q$262,'estado terrenos '!S$5,'Seguimiento Agosto 2025'!$Q$12:$Q$262,S$4,'Seguimiento Agosto 2025'!$H$12:$H$262,'estado terrenos '!$Q$5) -> 0 | T6: =+COUNTIFS('Seguimiento Agosto 2025'!$C$12:$C$262,'estado terrenos '!$A6,'Seguimiento Agosto 2025'!$Q$12:$Q$262,'estado terrenos '!T$5,'Seguimiento Agosto 2025'!$Q$12:$Q$262,T$4,'Seguimiento Agosto 2025'!$H$12:$H$262,'estado terrenos '!$Q$5) -> 0 | U6: =+COUNTIFS('Seguimiento Agosto 2025'!$C$12:$C$262,'estado terrenos '!$A6,'Seguimiento Agosto 2025'!$Q$12:$Q$262,'estado terrenos '!U$5,'Seguimiento Agosto 2025'!$Q$12:$Q$262,U$4,'Seguimiento Agosto 2025'!$H$12:$H$262,'estado terrenos '!$Q$5) -> 0 | Z6: Detenido | AA6: >99% | AB6: =0% -> 0
A7: BAHORUCO | B7: =+COUNTIF('Seguimiento Agosto 2025'!$C$12:$C$262,'estado terrenos '!A7) -> 5 | C7: =+COUNTIFS('Seguimiento Agosto 2025'!$C$12:$C$256,'estado terrenos '!A7,'Seguimiento Agosto 2025'!$H$12:$H$256,$Z$4,'Seguimiento Agosto 2025'!$Q$12:$Q$256,$AA$6) -> 1 | D7: =+COUNTIFS('Seguimiento Agosto 2025'!$C$12:$C$262,'estado terrenos '!A7,'Seguimiento Agosto 2025'!$H$12:$H$262,$Z$5)+COUNTIFS('Seguimiento Agosto 2025'!$C$12:$C$262,'estado terrenos '!A7,'Seguimiento Agosto 2025'!$H$12:$H$262,$AA$5)+COUNTIFS('Seguimiento Agosto 2025'!$C$12:$C$262,'estado terrenos '!A7,'Seguimiento Agosto 2025'!$H$12:$H$262,$AB$5)+COUNTIFS('Seguimiento Agosto 2025'!$C$12:$C$262,'estado terrenos '!A7,'Seguimiento Agosto 2025'!$H$12:$H$262,$Z$6)+COUNTIFS('Seguimiento Agosto 2025'!$C$12:$C$262,'estado terrenos '!A7,'Seguimiento Agosto 2025'!$H$12:$H$262,$AA$4)+COUNTIFS('Seguimiento Agosto 2025'!$C$12:$C$262,'estado terrenos '!A7,'Seguimiento Agosto 2025'!$H$12:$H$262,$Y$4) -> 3 | E7: =+COUNTIFS('Seguimiento Agosto 2025'!$C$12:$C$262,'estado terrenos '!A7,'Seguimiento Agosto 2025'!$H$12:$H$262,$AA$4)+COUNTIFS('Seguimiento Agosto 2025'!$C$12:$C$262,'estado terrenos '!A7,'Seguimiento Agosto 2025'!$H$12:$H$262,$Y$4) -> 0 | F7: =+COUNTIFS('Seguimiento Agosto 2025'!$C$12:$C$262,'estado terrenos '!A7,'Seguimiento Agosto 2025'!$H$12:$H$262,$Z$5)+COUNTIFS('Seguimiento Agosto 2025'!$C$12:$C$262,'estado terrenos '!A7,'Seguimiento Agosto 2025'!$H$12:$H$262,$AA$5)+COUNTIFS('Seguimiento Agosto 2025'!$C$12:$C$262,'estado terrenos '!A7,'Seguimiento Agosto 2025'!$H$12:$H$262,$AB$5)+COUNTIFS('Seguimiento Agosto 2025'!$C$12:$C$262,'estado terrenos '!A7,'Seguimiento Agosto 2025'!$H$12:$H$262,$Z$6) -> 3 | G7: =+COUNTIFS('Seguimiento Agosto 2025'!$C$12:$C$262,'estado terrenos '!A7,'Seguimiento Agosto 2025'!$H$12:$H$262,$AB$4) -> 1 | H7: =+COUNTIFS('Seguimiento Agosto 2025'!$C$12:$C$262,'estado terrenos '!A7,'Seguimiento Agosto 2025'!$H$12:$H$262,'estado terrenos '!$AB$4,'Seguimiento Agosto 2025'!$I$12:$I$262,$AF$4) -> 0 | I7: =+COUNTIFS('Seguimiento Agosto 2025'!$C$12:$C$262,'estado terrenos '!A7,'Seguimiento Agosto 2025'!$H$12:$H$262,'estado terrenos '!$AB$4,'Seguimiento Agosto 2025'!$I$12:$I$262,$AE$4)+COUNTIFS('Seguimiento Agosto 2025'!$C$12:$C$262,'estado terrenos '!A7,'Seguimiento Agosto 2025'!$H$12:$H$262,'estado terrenos '!$AB$4,'Seguimiento Agosto 2025'!$I$12:$I$262,$AD$5) -> 1 | J7: =+COUNTIFS('Seguimiento Agosto 2025'!$C$12:$C$262,'estado terrenos '!A7,'Seguimiento Agosto 2025'!$H$12:$H$262,'estado terrenos '!$AB$4,'Seguimiento Agosto 2025'!$I$12:$I$262,$AD$4)+COUNTIFS('Seguimiento Agosto 2025'!$C$12:$C$262,'estado terrenos '!A7,'Seguimiento Agosto 2025'!$H$12:$H$262,'estado terrenos '!$AB$4,'Seguimiento Agosto 2025'!$I$12:$I$262,'estado terrenos '!$AE$5)+COUNTIFS('Seguimiento Agosto 2025'!$C$12:$C$262,'estado terrenos '!A7,'Seguimiento Agosto 2025'!$H$12:$H$262,'estado terrenos '!$AB$4,'Seguimiento Agosto 2025'!$I$12:$I$262,'estado terrenos '!$AF$5) -> 0 | K7: =R7 -> 0 | L7: =S7 -> 0 | M7: =T7 -> 0 | N7: =U7 -> 0 | O7: ='Resumen Servicio operando PI'!B6 -> #REF! | P7: ='Resumen Servicio operando PI'!C6 -> #REF! | R7: =+COUNTIFS('Seguimiento Agosto 2025'!$C$12:$C$256,'estado terrenos '!$A7,'Seguimiento Agosto 2025'!$Q$12:$Q$256,'estado terrenos '!$R$5,'Seguimiento Agosto 2025'!$Q$12:$Q$256,$R$4,'Seguimiento Agosto 2025'!$H$12:$H$256,'estado terrenos '!$Q$5) -> 0 | S7: =+COUNTIFS('Seguimiento Agosto 2025'!$C$12:$C$262,'estado terrenos '!$A7,'Seguimiento Agosto 2025'!$Q$12:$Q$262,'estado terrenos '!S$5,'Seguimiento Agosto 2025'!$Q$12:$Q$262,S$4,'Seguimiento Agosto 2025'!$H$12:$H$262,'estado terrenos '!$Q$5) -> 0 | T7: =+COUNTIFS('Seguimiento Agosto 2025'!$C$12:$C$262,'estado terrenos '!$A7,'Seguimiento Agosto 2025'!$Q$12:$Q$262,'estado terrenos '!T$5,'Seguimiento Agosto 2025'!$Q$12:$Q$262,T$4,'Seguimiento Agosto 2025'!$H$12:$H$262,'estado terrenos '!$Q$5) -> 0 | U7: =+COUNTIFS('Seguimiento Agosto 2025'!$C$12:$C$262,'estado terrenos '!$A7,'Seguimiento Agosto 2025'!$Q$12:$Q$262,'estado terrenos '!U$5,'Seguimiento Agosto 2025'!$Q$12:$Q$262,U$4,'Seguimiento Agosto 2025'!$H$12:$H$262,'estado terrenos '!$Q$5) -> 0
A8: BARAHONA | B8: =+COUNTIF('Seguimiento Agosto 2025'!$C$12:$C$262,'estado terrenos '!A8) -> 5 | C8: =+COUNTIFS('Seguimiento Agosto 2025'!$C$12:$C$256,'estado terrenos '!A8,'Seguimiento Agosto 2025'!$H$12:$H$256,$Z$4,'Seguimiento Agosto 2025'!$Q$12:$Q$256,$AA$6) -> 2 | D8: =+COUNTIFS('Seguimiento Agosto 2025'!$C$12:$C$262,'estado terrenos '!A8,'Seguimiento Agosto 2025'!$H$12:$H$262,$Z$5)+COUNTIFS('Seguimiento Agosto 2025'!$C$12:$C$262,'estado terrenos '!A8,'Seguimiento Agosto 2025'!$H$12:$H$262,$AA$5)+COUNTIFS('Seguimiento Agosto 2025'!$C$12:$C$262,'estado terrenos '!A8,'Seguimiento Agosto 2025'!$H$12:$H$262,$AB$5)+COUNTIFS('Seguimiento Agosto 2025'!$C$12:$C$262,'estado terrenos '!A8,'Seguimiento Agosto 2025'!$H$12:$H$262,$Z$6)+COUNTIFS('Seguimiento Agosto 2025'!$C$12:$C$262,'estado terrenos '!A8,'Seguimiento Agosto 2025'!$H$12:$H$262,$AA$4)+COUNTIFS('Seguimiento Agosto 2025'!$C$12:$C$262,'estado terrenos '!A8,'Seguimiento Agosto 2025'!$H$12:$H$262,$Y$4) -> 2 | E8: =+COUNTIFS('Seguimiento Agosto 2025'!$C$12:$C$262,'estado terrenos '!A8,'Seguimiento Agosto 2025'!$H$12:$H$262,$AA$4)+COUNTIFS('Seguimiento Agosto 2025'!$C$12:$C$262,'estado terrenos '!A8,'Seguimiento Agosto 2025'!$H$12:$H$262,$Y$4) -> 1 | F8: =+COUNTIFS('Seguimiento Agosto 2025'!$C$12:$C$262,'estado terrenos '!A8,'Seguimiento Agosto 2025'!$H$12:$H$262,$Z$5)+COUNTIFS('Seguimiento Agosto 2025'!$C$12:$C$262,'estado terrenos '!A8,'Seguimiento Agosto 2025'!$H$12:$H$262,$AA$5)+COUNTIFS('Seguimiento Agosto 2025'!$C$12:$C$262,'estado terrenos '!A8,'Seguimiento Agosto 2025'!$H$12:$H$262,$AB$5)+COUNTIFS('Seguimiento Agosto 2025'!$C$12:$C$262,'estado terrenos '!A8,'Seguimiento Agosto 2025'!$H$12:$H$262,$Z$6) -> 1 | G8: =+COUNTIFS('Seguimiento Agosto 2025'!$C$12:$C$262,'estado terrenos '!A8,'Seguimiento Agosto 2025'!$H$12:$H$262,$AB$4) -> 1 | H8: =+COUNTIFS('Seguimiento Agosto 2025'!$C$12:$C$262,'estado terrenos '!A8,'Seguimiento Agosto 2025'!$H$12:$H$262,'estado terrenos '!$AB$4,'Seguimiento Agosto 2025'!$I$12:$I$262,$AF$4) -> 0 | I8: =+COUNTIFS('Seguimiento Agosto 2025'!$C$12:$C$262,'estado terrenos '!A8,'Seguimiento Agosto 2025'!$H$12:$H$262,'estado terrenos '!$AB$4,'Seguimiento Agosto 2025'!$I$12:$I$262,$AE$4)+COUNTIFS('Seguimiento Agosto 2025'!$C$12:$C$262,'estado terrenos '!A8,'Seguimiento Agosto 2025'!$H$12:$H$262,'estado terrenos '!$AB$4,'Seguimiento Agosto 2025'!$I$12:$I$262,$AD$5) -> 1 | J8: =+COUNTIFS('Seguimiento Agosto 2025'!$C$12:$C$262,'estado terrenos '!A8,'Seguimiento Agosto 2025'!$H$12:$H$262,'estado terrenos '!$AB$4,'Seguimiento Agosto 2025'!$I$12:$I$262,$AD$4)+COUNTIFS('Seguimiento Agosto 2025'!$C$12:$C$262,'estado terrenos '!A8,'Seguimiento Agosto 2025'!$H$12:$H$262,'estado terrenos '!$AB$4,'Seguimiento Agosto 2025'!$I$12:$I$262,'estado terrenos '!$AE$5)+COUNTIFS('Seguimiento Agosto 2025'!$C$12:$C$262,'estado terrenos '!A8,'Seguimiento Agosto 2025'!$H$12:$H$262,'estado terrenos '!$AB$4,'Seguimiento Agosto 2025'!$I$12:$I$262,'estado terrenos '!$AF$5) -> 0 | K8: =R8 -> 0 | L8: =S8 -> 0 | M8: =T8 -> 0 | N8: =U8 -> 0 | O8: ='Resumen Servicio operando PI'!B7 -> #REF! | P8: ='Resumen Servicio operando PI'!C7 -> #REF! | R8: =+COUNTIFS('Seguimiento Agosto 2025'!$C$12:$C$256,'estado terrenos '!$A8,'Seguimiento Agosto 2025'!$Q$12:$Q$256,'estado terrenos '!$R$5,'Seguimiento Agosto 2025'!$Q$12:$Q$256,$R$4,'Seguimiento Agosto 2025'!$H$12:$H$256,'estado terrenos '!$Q$5) -> 0 | S8: =+COUNTIFS('Seguimiento Agosto 2025'!$C$12:$C$262,'estado terrenos '!$A8,'Seguimiento Agosto 2025'!$Q$12:$Q$262,'estado terrenos '!S$5,'Seguimiento Agosto 2025'!$Q$12:$Q$262,S$4,'Seguimiento Agosto 2025'!$H$12:$H$262,'estado terrenos '!$Q$5) -> 0 | T8: =+COUNTIFS('Seguimiento Agosto 2025'!$C$12:$C$262,'estado terrenos '!$A8,'Seguimiento Agosto 2025'!$Q$12:$Q$262,'estado terrenos '!T$5,'Seguimiento Agosto 2025'!$Q$12:$Q$262,T$4,'Seguimiento Agosto 2025'!$H$12:$H$262,'estado terrenos '!$Q$5) -> 0 | U8: =+COUNTIFS('Seguimiento Agosto 2025'!$C$12:$C$262,'estado terrenos '!$A8,'Seguimiento Agosto 2025'!$Q$12:$Q$262,'estado terrenos '!U$5,'Seguimiento Agosto 2025'!$Q$12:$Q$262,U$4,'Seguimiento Agosto 2025'!$H$12:$H$262,'estado terrenos '!$Q$5) -> 0
A9: DAJABÓN | B9: =+COUNTIF('Seguimiento Agosto 2025'!$C$12:$C$262,'estado terrenos '!A9) -> 3 | C9: =+COUNTIFS('Seguimiento Agosto 2025'!$C$12:$C$256,'estado terrenos '!A9,'Seguimiento Agosto 2025'!$H$12:$H$256,$Z$4,'Seguimiento Agosto 2025'!$Q$12:$Q$256,$AA$6) -> 0 | D9: =+COUNTIFS('Seguimiento Agosto 2025'!$C$12:$C$262,'estado terrenos '!A9,'Seguimiento Agosto 2025'!$H$12:$H$262,$Z$5)+COUNTIFS('Seguimiento Agosto 2025'!$C$12:$C$262,'estado terrenos '!A9,'Seguimiento Agosto 2025'!$H$12:$H$262,$AA$5)+COUNTIFS('Seguimiento Agosto 2025'!$C$12:$C$262,'estado terrenos '!A9,'Seguimiento Agosto 2025'!$H$12:$H$262,$AB$5)+COUNTIFS('Seguimiento Agosto 2025'!$C$12:$C$262,'estado terrenos '!A9,'Seguimiento Agosto 2025'!$H$12:$H$262,$Z$6)+COUNTIFS('Seguimiento Agosto 2025'!$C$12:$C$262,'estado terrenos '!A9,'Seguimiento Agosto 2025'!$H$12:$H$262,$AA$4)+COUNTIFS('Seguimiento Agosto 2025'!$C$12:$C$262,'estado terrenos '!A9,'Seguimiento Agosto 2025'!$H$12:$H$262,$Y$4) -> 2 | E9: =+COUNTIFS('Seguimiento Agosto 2025'!$C$12:$C$262,'estado terrenos '!A9,'Seguimiento Agosto 2025'!$H$12:$H$262,$AA$4)+COUNTIFS('Seguimiento Agosto 2025'!$C$12:$C$262,'estado terrenos '!A9,'Seguimiento Agosto 2025'!$H$12:$H$262,$Y$4) -> 0 | F9: =+COUNTIFS('Seguimiento Agosto 2025'!$C$12:$C$262,'estado terrenos '!A9,'Seguimiento Agosto 2025'!$H$12:$H$262,$Z$5)+COUNTIFS('Seguimiento Agosto 2025'!$C$12:$C$262,'estado terrenos '!A9,'Seguimiento Agosto 2025'!$H$12:$H$262,$AA$5)+COUNTIFS('Seguimiento Agosto 2025'!$C$12:$C$262,'estado terrenos '!A9,'Seguimiento Agosto 2025'!$H$12:$H$262,$AB$5)+COUNTIFS('Seguimiento Agosto 2025'!$C$12:$C$262,'estado terrenos '!A9,'Seguimiento Agosto 2025'!$H$12:$H$262,$Z$6) -> 2 | G9: =+COUNTIFS('Seguimiento Agosto 2025'!$C$12:$C$262,'estado terrenos '!A9,'Seguimiento Agosto 2025'!$H$12:$H$262,$AB$4) -> 1 | H9: =+COUNTIFS('Seguimiento Agosto 2025'!$C$12:$C$262,'estado terrenos '!A9,'Seguimiento Agosto 2025'!$H$12:$H$262,'estado terrenos '!$AB$4,'Seguimiento Agosto 2025'!$I$12:$I$262,$AF$4) -> 1 | I9: =+COUNTIFS('Seguimiento Agosto 2025'!$C$12:$C$262,'estado terrenos '!A9,'Seguimiento Agosto 2025'!$H$12:$H$262,'estado terrenos '!$AB$4,'Seguimiento Agosto 2025'!$I$12:$I$262,$AE$4)+COUNTIFS('Seguimiento Agosto 2025'!$C$12:$C$262,'estado terrenos '!A9,'Seguimiento Agosto 2025'!$H$12:$H$262,'estado terrenos '!$AB$4,'Seguimiento Agosto 2025'!$I$12:$I$262,$AD$5) -> 0 | J9: =+COUNTIFS('Seguimiento Agosto 2025'!$C$12:$C$262,'estado terrenos '!A9,'Seguimiento Agosto 2025'!$H$12:$H$262,'estado terrenos '!$AB$4,'Seguimiento Agosto 2025'!$I$12:$I$262,$AD$4)+COUNTIFS('Seguimiento Agosto 2025'!$C$12:$C$262,'estado terrenos '!A9,'Seguimiento Agosto 2025'!$H$12:$H$262,'estado terrenos '!$AB$4,'Seguimiento Agosto 2025'!$I$12:$I$262,'estado terrenos '!$AE$5)+COUNTIFS('Seguimiento Agosto 2025'!$C$12:$C$262,'estado terrenos '!A9,'Seguimiento Agosto 2025'!$H$12:$H$262,'estado terrenos '!$AB$4,'Seguimiento Agosto 2025'!$I$12:$I$262,'estado terrenos '!$AF$5) -> 0 | K9: =R9 -> 0 | L9: =S9 -> 0 | M9: =T9 -> 0 | N9: =U9 -> 0 | O9: ='Resumen Servicio operando PI'!B8 -> #REF! | P9: ='Resumen Servicio operando PI'!C8 -> #REF! | R9: =+COUNTIFS('Seguimiento Agosto 2025'!$C$12:$C$256,'estado terrenos '!$A9,'Seguimiento Agosto 2025'!$Q$12:$Q$256,'estado terrenos '!$R$5,'Seguimiento Agosto 2025'!$Q$12:$Q$256,$R$4,'Seguimiento Agosto 2025'!$H$12:$H$256,'estado terrenos '!$Q$5) -> 0 | S9: =+COUNTIFS('Seguimiento Agosto 2025'!$C$12:$C$262,'estado terrenos '!$A9,'Seguimiento Agosto 2025'!$Q$12:$Q$262,'estado terrenos '!S$5,'Seguimiento Agosto 2025'!$Q$12:$Q$262,S$4,'Seguimiento Agosto 2025'!$H$12:$H$262,'estado terrenos '!$Q$5) -> 0 | T9: =+COUNTIFS('Seguimiento Agosto 2025'!$C$12:$C$262,'estado terrenos '!$A9,'Seguimiento Agosto 2025'!$Q$12:$Q$262,'estado terrenos '!T$5,'Seguimiento Agosto 2025'!$Q$12:$Q$262,T$4,'Seguimiento Agosto 2025'!$H$12:$H$262,'estado terrenos '!$Q$5) -> 0 | U9: =+COUNTIFS('Seguimiento Agosto 2025'!$C$12:$C$262,'estado terrenos '!$A9,'Seguimiento Agosto 2025'!$Q$12:$Q$262,'estado terrenos '!U$5,'Seguimiento Agosto 2025'!$Q$12:$Q$262,U$4,'Seguimiento Agosto 2025'!$H$12:$H$262,'estado terrenos '!$Q$5) -> 0
A10: DISTRITO NACIONAL | B10: =+COUNTIF('Seguimiento Agosto 2025'!$C$12:$C$262,'estado terrenos '!A10) -> 14 | C10: =+COUNTIFS('Seguimiento Agosto 2025'!$C$12:$C$256,'estado terrenos '!A10,'Seguimiento Agosto 2025'!$H$12:$H$256,$Z$4,'Seguimiento Agosto 2025'!$Q$12:$Q$256,$AA$6) -> 3 | D10: =+COUNTIFS('Seguimiento Agosto 2025'!$C$12:$C$262,'estado terrenos '!A10,'Seguimiento Agosto 2025'!$H$12:$H$262,$Z$5)+COUNTIFS('Seguimiento Agosto 2025'!$C$12:$C$262,'estado terrenos '!A10,'Seguimiento Agosto 2025'!$H$12:$H$262,$AA$5)+COUNTIFS('Seguimiento Agosto 2025'!$C$12:$C$262,'estado terrenos '!A10,'Seguimiento Agosto 2025'!$H$12:$H$262,$AB$5)+COUNTIFS('Seguimiento Agosto 2025'!$C$12:$C$262,'estado terrenos '!A10,'Seguimiento Agosto 2025'!$H$12:$H$262,$Z$6)+COUNTIFS('Seguimiento Agosto 2025'!$C$12:$C$262,'estado terrenos '!A10,'Seguimiento Agosto 2025'!$H$12:$H$262,$AA$4)+COUNTIFS('Seguimiento Agosto 2025'!$C$12:$C$262,'estado terrenos '!A10,'Seguimiento Agosto 2025'!$H$12:$H$262,$Y$4) -> 6 | E10: =+COUNTIFS('Seguimiento Agosto 2025'!$C$12:$C$262,'estado terrenos '!A10,'Seguimiento Agosto 2025'!$H$12:$H$262,$AA$4)+COUNTIFS('Seguimiento Agosto 2025'!$C$12:$C$262,'estado terrenos '!A10,'Seguimiento Agosto 2025'!$H$12:$H$262,$Y$4) -> 0 | F10: =+COUNTIFS('Seguimiento Agosto 2025'!$C$12:$C$262,'estado terrenos '!A10,'Seguimiento Agosto 2025'!$H$12:$H$262,$Z$5)+COUNTIFS('Seguimiento Agosto 2025'!$C$12:$C$262,'estado terrenos '!A10,'Seguimiento Agosto 2025'!$H$12:$H$262,$AA$5)+COUNTIFS('Seguimiento Agosto 2025'!$C$12:$C$262,'estado terrenos '!A10,'Seguimiento Agosto 2025'!$H$12:$H$262,$AB$5)+COUNTIFS('Seguimiento Agosto 2025'!$C$12:$C$262,'estado terrenos '!A10,'Seguimiento Agosto 2025'!$H$12:$H$262,$Z$6) -> 6 | G10: =+COUNTIFS('Seguimiento Agosto 2025'!$C$12:$C$262,'estado terrenos '!A10,'Seguimiento Agosto 2025'!$H$12:$H$262,$AB$4) -> 5 | H10: =+COUNTIFS('Seguimiento Agosto 2025'!$C$12:$C$262,'estado terrenos '!A10,'Seguimiento Agosto 2025'!$H$12:$H$262,'estado terrenos '!$AB$4,'Seguimiento Agosto 2025'!$I$12:$I$262,$AF$4) -> 4 | I10: =+COUNTIFS('Seguimiento Agosto 2025'!$C$12:$C$262,'estado terrenos '!A10,'Seguimiento Agosto 2025'!$H$12:$H$262,'estado terrenos '!$AB$4,'Seguimiento Agosto 2025'!$I$12:$I$262,$AE$4)+COUNTIFS('Seguimiento Agosto 2025'!$C$12:$C$262,'estado terrenos '!A10,'Seguimiento Agosto 2025'!$H$12:$H$262,'estado terrenos '!$AB$4,'Seguimiento Agosto 2025'!$I$12:$I$262,$AD$5) -> 1 | J10: =+COUNTIFS('Seguimiento Agosto 2025'!$C$12:$C$262,'estado terrenos '!A10,'Seguimiento Agosto 2025'!$H$12:$H$262,'estado terrenos '!$AB$4,'Seguimiento Agosto 2025'!$I$12:$I$262,$AD$4)+COUNTIFS('Seguimiento Agosto 2025'!$C$12:$C$262,'estado terrenos '!A10,'Seguimiento Agosto 2025'!$H$12:$H$262,'estado terrenos '!$AB$4,'Seguimiento Agosto 2025'!$I$12:$I$262,'estado terrenos '!$AE$5)+COUNTIFS('Seguimiento Agosto 2025'!$C$12:$C$262,'estado terrenos '!A10,'Seguimiento Agosto 2025'!$H$12:$H$262,'estado terrenos '!$AB$4,'Seguimiento Agosto 2025'!$I$12:$I$262,'estado terrenos '!$AF$5) -> 0 | K10: =R10 -> 0 | L10: =S10 -> 0 | M10: =T10 -> 0 | N10: =U10 -> 0 | O10: ='Resumen Servicio operando PI'!B9 -> #REF! | P10: ='Resumen Servicio operando PI'!C9 -> #REF! | R10: =+COUNTIFS('Seguimiento Agosto 2025'!$C$12:$C$256,'estado terrenos '!$A10,'Seguimiento Agosto 2025'!$Q$12:$Q$256,'estado terrenos '!$R$5,'Seguimiento Agosto 2025'!$Q$12:$Q$256,$R$4,'Seguimiento Agosto 2025'!$H$12:$H$256,'estado terrenos '!$Q$5) -> 0 | S10: =+COUNTIFS('Seguimiento Agosto 2025'!$C$12:$C$262,'estado terrenos '!$A10,'Seguimiento Agosto 2025'!$Q$12:$Q$262,'estado terrenos '!S$5,'Seguimiento Agosto 2025'!$Q$12:$Q$262,S$4,'Seguimiento Agosto 2025'!$H$12:$H$262,'estado terrenos '!$Q$5) -> 0 | T10: =+COUNTIFS('Seguimiento Agosto 2025'!$C$12:$C$262,'estado terrenos '!$A10,'Seguimiento Agosto 2025'!$Q$12:$Q$262,'estado terrenos '!T$5,'Seguimiento Agosto 2025'!$Q$12:$Q$262,T$4,'Seguimiento Agosto 2025'!$H$12:$H$262,'estado terrenos '!$Q$5) -> 0 | U10: =+COUNTIFS('Seguimiento Agosto 2025'!$C$12:$C$262,'estado terrenos '!$A10,'Seguimiento Agosto 2025'!$Q$12:$Q$262,'estado terrenos '!U$5,'Seguimiento Agosto 2025'!$Q$12:$Q$262,U$4,'Seguimiento Agosto 2025'!$H$12:$H$262,'estado terrenos '!$Q$5) -> 0
A11: DUARTE | B11: =+COUNTIF('Seguimiento Agosto 2025'!$C$12:$C$262,'estado terrenos '!A11) -> 6 | C11: =+COUNTIFS('Seguimiento Agosto 2025'!$C$12:$C$262,'estado terrenos '!A11,'Seguimiento Agosto 2025'!$H$12:$H$262,$Z$4,'Seguimiento Agosto 2025'!$Q$12:$Q$262,$AA$6) -> 4 | D11: =+COUNTIFS('Seguimiento Agosto 2025'!$C$12:$C$262,'estado terrenos '!A11,'Seguimiento Agosto 2025'!$H$12:$H$262,$Z$5)+COUNTIFS('Seguimiento Agosto 2025'!$C$12:$C$262,'estado terrenos '!A11,'Seguimiento Agosto 2025'!$H$12:$H$262,$AA$5)+COUNTIFS('Seguimiento Agosto 2025'!$C$12:$C$262,'estado terrenos '!A11,'Seguimiento Agosto 2025'!$H$12:$H$262,$AB$5)+COUNTIFS('Seguimiento Agosto 2025'!$C$12:$C$262,'estado terrenos '!A11,'Seguimiento Agosto 2025'!$H$12:$H$262,$Z$6)+COUNTIFS('Seguimiento Agosto 2025'!$C$12:$C$262,'estado terrenos '!A11,'Seguimiento Agosto 2025'!$H$12:$H$262,$AA$4)+COUNTIFS('Seguimiento Agosto 2025'!$C$12:$C$262,'estado terrenos '!A11,'Seguimiento Agosto 2025'!$H$12:$H$262,$Y$4) -> 2 | E11: =+COUNTIFS('Seguimiento Agosto 2025'!$C$12:$C$262,'estado terrenos '!A11,'Seguimiento Agosto 2025'!$H$12:$H$262,$AA$4)+COUNTIFS('Seguimiento Agosto 2025'!$C$12:$C$262,'estado terrenos '!A11,'Seguimiento Agosto 2025'!$H$12:$H$262,$Y$4) -> 0 | F11: =+COUNTIFS('Seguimiento Agosto 2025'!$C$12:$C$262,'estado terrenos '!A11,'Seguimiento Agosto 2025'!$H$12:$H$262,$Z$5)+COUNTIFS('Seguimiento Agosto 2025'!$C$12:$C$262,'estado terrenos '!A11,'Seguimiento Agosto 2025'!$H$12:$H$262,$AA$5)+COUNTIFS('Seguimiento Agosto 2025'!$C$12:$C$262,'estado terrenos '!A11,'Seguimiento Agosto 2025'!$H$12:$H$262,$AB$5)+COUNTIFS('Seguimiento Agosto 2025'!$C$12:$C$262,'estado terrenos '!A11,'Seguimiento Agosto 2025'!$H$12:$H$262,$Z$6) -> 2 | G11: =+COUNTIFS('Seguimiento Agosto 2025'!$C$12:$C$262,'estado terrenos '!A11,'Seguimiento Agosto 2025'!$H$12:$H$262,$AB$4) -> 0 | H11: =+COUNTIFS('Seguimiento Agosto 2025'!$C$12:$C$262,'estado terrenos '!A11,'Seguimiento Agosto 2025'!$H$12:$H$262,'estado terrenos '!$AB$4,'Seguimiento Agosto 2025'!$I$12:$I$262,$AF$4) -> 0 | I11: =+COUNTIFS('Seguimiento Agosto 2025'!$C$12:$C$262,'estado terrenos '!A11,'Seguimiento Agosto 2025'!$H$12:$H$262,'estado terrenos '!$AB$4,'Seguimiento Agosto 2025'!$I$12:$I$262,$AE$4)+COUNTIFS('Seguimiento Agosto 2025'!$C$12:$C$262,'estado terrenos '!A11,'Seguimiento Agosto 2025'!$H$12:$H$262,'estado terrenos '!$AB$4,'Seguimiento Agosto 2025'!$I$12:$I$262,$AD$5) -> 0 | J11: =+COUNTIFS('Seguimiento Agosto 2025'!$C$12:$C$262,'estado terrenos '!A11,'Seguimiento Agosto 2025'!$H$12:$H$262,'estado terrenos '!$AB$4,'Seguimiento Agosto 2025'!$I$12:$I$262,$AD$4)+COUNTIFS('Seguimiento Agosto 2025'!$C$12:$C$262,'estado terrenos '!A11,'Seguimiento Agosto 2025'!$H$12:$H$262,'estado terrenos '!$AB$4,'Seguimiento Agosto 2025'!$I$12:$I$262,'estado terrenos '!$AE$5)+COUNTIFS('Seguimiento Agosto 2025'!$C$12:$C$262,'estado terrenos '!A11,'Seguimiento Agosto 2025'!$H$12:$H$262,'estado terrenos '!$AB$4,'Seguimiento Agosto 2025'!$I$12:$I$262,'estado terrenos '!$AF$5) -> 0 | K11: =R11 -> 0 | L11: =S11 -> 0 | M11: =T11 -> 0 | N11: =U11 -> 0 | O11: ='Resumen Servicio operando PI'!B10 -> #REF! | P11: ='Resumen Servicio operando PI'!C10 -> #REF! | R11: =+COUNTIFS('Seguimiento Agosto 2025'!$C$12:$C$256,'estado terrenos '!$A11,'Seguimiento Agosto 2025'!$Q$12:$Q$256,'estado terrenos '!$R$5,'Seguimiento Agosto 2025'!$Q$12:$Q$256,$R$4,'Seguimiento Agosto 2025'!$H$12:$H$256,'estado terrenos '!$Q$5) -> 0 | S11: =+COUNTIFS('Seguimiento Agosto 2025'!$C$12:$C$262,'estado terrenos '!$A11,'Seguimiento Agosto 2025'!$Q$12:$Q$262,'estado terrenos '!S$5,'Seguimiento Agosto 2025'!$Q$12:$Q$262,S$4,'Seguimiento Agosto 2025'!$H$12:$H$262,'estado terrenos '!$Q$5) -> 0 | T11: =+COUNTIFS('Seguimiento Agosto 2025'!$C$12:$C$262,'estado terrenos '!$A11,'Seguimiento Agosto 2025'!$Q$12:$Q$262,'estado terrenos '!T$5,'Seguimiento Agosto 2025'!$Q$12:$Q$262,T$4,'Seguimiento Agosto 2025'!$H$12:$H$262,'estado terrenos '!$Q$5) -> 0 | U11: =+COUNTIFS('Seguimiento Agosto 2025'!$C$12:$C$262,'estado terrenos '!$A11,'Seguimiento Agosto 2025'!$Q$12:$Q$262,'estado terrenos '!U$5,'Seguimiento Agosto 2025'!$Q$12:$Q$262,U$4,'Seguimiento Agosto 2025'!$H$12:$H$262,'estado terrenos '!$Q$5) -> 0
A12: EL SEIBO | B12: =+COUNTIF('Seguimiento Agosto 2025'!$C$12:$C$262,'estado terrenos '!A12) -> 2 | C12: =+COUNTIFS('Seguimiento Agosto 2025'!$C$12:$C$262,'estado terrenos '!A12,'Seguimiento Agosto 2025'!$H$12:$H$262,$Z$4,'Seguimiento Agosto 2025'!$Q$12:$Q$262,$AA$6) -> 1 | D12: =+COUNTIFS('Seguimiento Agosto 2025'!$C$12:$C$262,'estado terrenos '!A12,'Seguimiento Agosto 2025'!$H$12:$H$262,$Z$5)+COUNTIFS('Seguimiento Agosto 2025'!$C$12:$C$262,'estado terrenos '!A12,'Seguimiento Agosto 2025'!$H$12:$H$262,$AA$5)+COUNTIFS('Seguimiento Agosto 2025'!$C$12:$C$262,'estado terrenos '!A12,'Seguimiento Agosto 2025'!$H$12:$H$262,$AB$5)+COUNTIFS('Seguimiento Agosto 2025'!$C$12:$C$262,'estado terrenos '!A12,'Seguimiento Agosto 2025'!$H$12:$H$262,$Z$6)+COUNTIFS('Seguimiento Agosto 2025'!$C$12:$C$262,'estado terrenos '!A12,'Seguimiento Agosto 2025'!$H$12:$H$262,$AA$4)+COUNTIFS('Seguimiento Agosto 2025'!$C$12:$C$262,'estado terrenos '!A12,'Seguimiento Agosto 2025'!$H$12:$H$262,$Y$4) -> 0 | E12: =+COUNTIFS('Seguimiento Agosto 2025'!$C$12:$C$262,'estado terrenos '!A12,'Seguimiento Agosto 2025'!$H$12:$H$262,$AA$4)+COUNTIFS('Seguimiento Agosto 2025'!$C$12:$C$262,'estado terrenos '!A12,'Seguimiento Agosto 2025'!$H$12:$H$262,$Y$4) -> 0 | F12: =+COUNTIFS('Seguimiento Agosto 2025'!$C$12:$C$262,'estado terrenos '!A12,'Seguimiento Agosto 2025'!$H$12:$H$262,$Z$5)+COUNTIFS('Seguimiento Agosto 2025'!$C$12:$C$262,'estado terrenos '!A12,'Seguimiento Agosto 2025'!$H$12:$H$262,$AA$5)+COUNTIFS('Seguimiento Agosto 2025'!$C$12:$C$262,'estado terrenos '!A12,'Seguimiento Agosto 2025'!$H$12:$H$262,$AB$5)+COUNTIFS('Seguimiento Agosto 2025'!$C$12:$C$262,'estado terrenos '!A12,'Seguimiento Agosto 2025'!$H$12:$H$262,$Z$6) -> 0 | G12: =+COUNTIFS('Seguimiento Agosto 2025'!$C$12:$C$262,'estado terrenos '!A12,'Seguimiento Agosto 2025'!$H$12:$H$262,$AB$4) -> 1 | H12: =+COUNTIFS('Seguimiento Agosto 2025'!$C$12:$C$262,'estado terrenos '!A12,'Seguimiento Agosto 2025'!$H$12:$H$262,'estado terrenos '!$AB$4,'Seguimiento Agosto 2025'!$I$12:$I$262,$AF$4) -> 0 | I12: =+COUNTIFS('Seguimiento Agosto 2025'!$C$12:$C$262,'estado terrenos '!A12,'Seguimiento Agosto 2025'!$H$12:$H$262,'estado terrenos '!$AB$4,'Seguimiento Agosto 2025'!$I$12:$I$262,$AE$4)+COUNTIFS('Seguimiento Agosto 2025'!$C$12:$C$262,'estado terrenos '!A12,'Seguimiento Agosto 2025'!$H$12:$H$262,'estado terrenos '!$AB$4,'Seguimiento Agosto 2025'!$I$12:$I$262,$AD$5) -> 1 | J12: =+COUNTIFS('Seguimiento Agosto 2025'!$C$12:$C$262,'estado terrenos '!A12,'Seguimiento Agosto 2025'!$H$12:$H$262,'estado terrenos '!$AB$4,'Seguimiento Agosto 2025'!$I$12:$I$262,$AD$4)+COUNTIFS('Seguimiento Agosto 2025'!$C$12:$C$262,'estado terrenos '!A12,'Seguimiento Agosto 2025'!$H$12:$H$262,'estado terrenos '!$AB$4,'Seguimiento Agosto 2025'!$I$12:$I$262,'estado terrenos '!$AE$5)+COUNTIFS('Seguimiento Agosto 2025'!$C$12:$C$262,'estado terrenos '!A12,'Seguimiento Agosto 2025'!$H$12:$H$262,'estado terrenos '!$AB$4,'Seguimiento Agosto 2025'!$I$12:$I$262,'estado terrenos '!$AF$5) -> 0 | K12: =R12 -> 0 | L12: =S12 -> 0 | M12: =T12 -> 0 | N12: =U12 -> 0 | O12: ='Resumen Servicio operando PI'!B11 -> #REF! | P12: ='Resumen Servicio operando PI'!C11 -> #REF! | R12: =+COUNTIFS('Seguimiento Agosto 2025'!$C$12:$C$256,'estado terrenos '!$A12,'Seguimiento Agosto 2025'!$Q$12:$Q$256,'estado terrenos '!$R$5,'Seguimiento Agosto 2025'!$Q$12:$Q$256,$R$4,'Seguimiento Agosto 2025'!$H$12:$H$256,'estado terrenos '!$Q$5) -> 0 | S12: =+COUNTIFS('Seguimiento Agosto 2025'!$C$12:$C$262,'estado terrenos '!$A12,'Seguimiento Agosto 2025'!$Q$12:$Q$262,'estado terrenos '!S$5,'Seguimiento Agosto 2025'!$Q$12:$Q$262,S$4,'Seguimiento Agosto 2025'!$H$12:$H$262,'estado terrenos '!$Q$5) -> 0 | T12: =+COUNTIFS('Seguimiento Agosto 2025'!$C$12:$C$262,'estado terrenos '!$A12,'Seguimiento Agosto 2025'!$Q$12:$Q$262,'estado terrenos '!T$5,'Seguimiento Agosto 2025'!$Q$12:$Q$262,T$4,'Seguimiento Agosto 2025'!$H$12:$H$262,'estado terrenos '!$Q$5) -> 0 | U12: =+COUNTIFS('Seguimiento Agosto 2025'!$C$12:$C$262,'estado terrenos '!$A12,'Seguimiento Agosto 2025'!$Q$12:$Q$262,'estado terrenos '!U$5,'Seguimiento Agosto 2025'!$Q$12:$Q$262,U$4,'Seguimiento Agosto 2025'!$H$12:$H$262,'estado terrenos '!$Q$5) -> 0
A13: ELÍAS PIÑA | B13: =+COUNTIF('Seguimiento Agosto 2025'!$C$12:$C$262,'estado terrenos '!A13) -> 2 | C13: =+COUNTIFS('Seguimiento Agosto 2025'!$C$12:$C$262,'estado terrenos '!A13,'Seguimiento Agosto 2025'!$H$12:$H$262,$Z$4,'Seguimiento Agosto 2025'!$Q$12:$Q$262,$AA$6) -> 1 | D13: =+COUNTIFS('Seguimiento Agosto 2025'!$C$12:$C$262,'estado terrenos '!A13,'Seguimiento Agosto 2025'!$H$12:$H$262,$Z$5)+COUNTIFS('Seguimiento Agosto 2025'!$C$12:$C$262,'estado terrenos '!A13,'Seguimiento Agosto 2025'!$H$12:$H$262,$AA$5)+COUNTIFS('Seguimiento Agosto 2025'!$C$12:$C$262,'estado terrenos '!A13,'Seguimiento Agosto 2025'!$H$12:$H$262,$AB$5)+COUNTIFS('Seguimiento Agosto 2025'!$C$12:$C$262,'estado terrenos '!A13,'Seguimiento Agosto 2025'!$H$12:$H$262,$Z$6)+COUNTIFS('Seguimiento Agosto 2025'!$C$12:$C$262,'estado terrenos '!A13,'Seguimiento Agosto 2025'!$H$12:$H$262,$AA$4)+COUNTIFS('Seguimiento Agosto 2025'!$C$12:$C$262,'estado terrenos '!A13,'Seguimiento Agosto 2025'!$H$12:$H$262,$Y$4) -> 1 | E13: =+COUNTIFS('Seguimiento Agosto 2025'!$C$12:$C$262,'estado terrenos '!A13,'Seguimiento Agosto 2025'!$H$12:$H$262,$AA$4)+COUNTIFS('Seguimiento Agosto 2025'!$C$12:$C$262,'estado terrenos '!A13,'Seguimiento Agosto 2025'!$H$12:$H$262,$Y$4) -> 0 | F13: =+COUNTIFS('Seguimiento Agosto 2025'!$C$12:$C$262,'estado terrenos '!A13,'Seguimiento Agosto 2025'!$H$12:$H$262,$Z$5)+COUNTIFS('Seguimiento Agosto 2025'!$C$12:$C$262,'estado terrenos '!A13,'Seguimiento Agosto 2025'!$H$12:$H$262,$AA$5)+COUNTIFS('Seguimiento Agosto 2025'!$C$12:$C$262,'estado terrenos '!A13,'Seguimiento Agosto 2025'!$H$12:$H$262,$AB$5)+COUNTIFS('Seguimiento Agosto 2025'!$C$12:$C$262,'estado terrenos '!A13,'Seguimiento Agosto 2025'!$H$12:$H$262,$Z$6) -> 1 | G13: =+COUNTIFS('Seguimiento Agosto 2025'!$C$12:$C$262,'estado terrenos '!A13,'Seguimiento Agosto 2025'!$H$12:$H$262,$AB$4) -> 0 | H13: =+COUNTIFS('Seguimiento Agosto 2025'!$C$12:$C$262,'estado terrenos '!A13,'Seguimiento Agosto 2025'!$H$12:$H$262,'estado terrenos '!$AB$4,'Seguimiento Agosto 2025'!$I$12:$I$262,$AF$4) -> 0 | I13: =+COUNTIFS('Seguimiento Agosto 2025'!$C$12:$C$262,'estado terrenos '!A13,'Seguimiento Agosto 2025'!$H$12:$H$262,'estado terrenos '!$AB$4,'Seguimiento Agosto 2025'!$I$12:$I$262,$AE$4)+COUNTIFS('Seguimiento Agosto 2025'!$C$12:$C$262,'estado terrenos '!A13,'Seguimiento Agosto 2025'!$H$12:$H$262,'estado terrenos '!$AB$4,'Seguimiento Agosto 2025'!$I$12:$I$262,$AD$5) -> 0 | J13: =+COUNTIFS('Seguimiento Agosto 2025'!$C$12:$C$262,'estado terrenos '!A13,'Seguimiento Agosto 2025'!$H$12:$H$262,'estado terrenos '!$AB$4,'Seguimiento Agosto 2025'!$I$12:$I$262,$AD$4)+COUNTIFS('Seguimiento Agosto 2025'!$C$12:$C$262,'estado terrenos '!A13,'Seguimiento Agosto 2025'!$H$12:$H$262,'estado terrenos '!$AB$4,'Seguimiento Agosto 2025'!$I$12:$I$262,'estado terrenos '!$AE$5)+COUNTIFS('Seguimiento Agosto 2025'!$C$12:$C$262,'estado terrenos '!A13,'Seguimiento Agosto 2025'!$H$12:$H$262,'estado terrenos '!$AB$4,'Seguimiento Agosto 2025'!$I$12:$I$262,'estado terrenos '!$AF$5) -> 0 | K13: =R13 -> 0 | L13: =S13 -> 0 | M13: =T13 -> 0 | N13: =U13 -> 0 | O13: ='Resumen Servicio operando PI'!B12 -> #REF! | P13: ='Resumen Servicio operando PI'!C12 -> #REF! | R13: =+COUNTIFS('Seguimiento Agosto 2025'!$C$12:$C$256,'estado terrenos '!$A13,'Seguimiento Agosto 2025'!$Q$12:$Q$256,'estado terrenos '!$R$5,'Seguimiento Agosto 2025'!$Q$12:$Q$256,$R$4,'Seguimiento Agosto 2025'!$H$12:$H$256,'estado terrenos '!$Q$5) -> 0 | S13: =+COUNTIFS('Seguimiento Agosto 2025'!$C$12:$C$262,'estado terrenos '!$A13,'Seguimiento Agosto 2025'!$Q$12:$Q$262,'estado terrenos '!S$5,'Seguimiento Agosto 2025'!$Q$12:$Q$262,S$4,'Seguimiento Agosto 2025'!$H$12:$H$262,'estado terrenos '!$Q$5) -> 0 | T13: =+COUNTIFS('Seguimiento Agosto 2025'!$C$12:$C$262,'estado terrenos '!$A13,'Seguimiento Agosto 2025'!$Q$12:$Q$262,'estado terrenos '!T$5,'Seguimiento Agosto 2025'!$Q$12:$Q$262,T$4,'Seguimiento Agosto 2025'!$H$12:$H$262,'estado terrenos '!$Q$5) -> 0 | U13: =+COUNTIFS('Seguimiento Agosto 2025'!$C$12:$C$262,'estado terrenos '!$A13,'Seguimiento Agosto 2025'!$Q$12:$Q$262,'estado terrenos '!U$5,'Seguimiento Agosto 2025'!$Q$12:$Q$262,U$4,'Seguimiento Agosto 2025'!$H$12:$H$262,'estado terrenos '!$Q$5) -> 0
A14: ESPAILLAT | B14: =+COUNTIF('Seguimiento Agosto 2025'!$C$12:$C$262,'estado terrenos '!A14) -> 6 | C14: =+COUNTIFS('Seguimiento Agosto 2025'!$C$12:$C$262,'estado terrenos '!A14,'Seguimiento Agosto 2025'!$H$12:$H$262,$Z$4,'Seguimiento Agosto 2025'!$Q$12:$Q$262,$AA$6) -> 3 | D14: =+COUNTIFS('Seguimiento Agosto 2025'!$C$12:$C$262,'estado terrenos '!A14,'Seguimiento Agosto 2025'!$H$12:$H$262,$Z$5)+COUNTIFS('Seguimiento Agosto 2025'!$C$12:$C$262,'estado terrenos '!A14,'Seguimiento Agosto 2025'!$H$12:$H$262,$AA$5)+COUNTIFS('Seguimiento Agosto 2025'!$C$12:$C$262,'estado terrenos '!A14,'Seguimiento Agosto 2025'!$H$12:$H$262,$AB$5)+COUNTIFS('Seguimiento Agosto 2025'!$C$12:$C$262,'estado terrenos '!A14,'Seguimiento Agosto 2025'!$H$12:$H$262,$Z$6)+COUNTIFS('Seguimiento Agosto 2025'!$C$12:$C$262,'estado terrenos '!A14,'Seguimiento Agosto 2025'!$H$12:$H$262,$AA$4)+COUNTIFS('Seguimiento Agosto 2025'!$C$12:$C$262,'estado terrenos '!A14,'Seguimiento Agosto 2025'!$H$12:$H$262,$Y$4) -> 2 | E14: =+COUNTIFS('Seguimiento Agosto 2025'!$C$12:$C$262,'estado terrenos '!A14,'Seguimiento Agosto 2025'!$H$12:$H$262,$AA$4)+COUNTIFS('Seguimiento Agosto 2025'!$C$12:$C$262,'estado terrenos '!A14,'Seguimiento Agosto 2025'!$H$12:$H$262,$Y$4) -> 1 | F14: =+COUNTIFS('Seguimiento Agosto 2025'!$C$12:$C$262,'estado terrenos '!A14,'Seguimiento Agosto 2025'!$H$12:$H$262,$Z$5)+COUNTIFS('Seguimiento Agosto 2025'!$C$12:$C$262,'estado terrenos '!A14,'Seguimiento Agosto 2025'!$H$12:$H$262,$AA$5)+COUNTIFS('Seguimiento Agosto 2025'!$C$12:$C$262,'estado terrenos '!A14,'Seguimiento Agosto 2025'!$H$12:$H$262,$AB$5)+COUNTIFS('Seguimiento Agosto 2025'!$C$12:$C$262,'estado terrenos '!A14,'Seguimiento Agosto 2025'!$H$12:$H$262,$Z$6) -> 1 | G14: =+COUNTIFS('Seguimiento Agosto 2025'!$C$12:$C$262,'estado terrenos '!A14,'Seguimiento Agosto 2025'!$H$12:$H$262,$AB$4) -> 1 | H14: =+COUNTIFS('Seguimiento Agosto 2025'!$C$12:$C$262,'estado terrenos '!A14,'Seguimiento Agosto 2025'!$H$12:$H$262,'estado terrenos '!$AB$4,'Seguimiento Agosto 2025'!$I$12:$I$262,$AF$4) -> 0 | I14: =+COUNTIFS('Seguimiento Agosto 2025'!$C$12:$C$262,'estado terrenos '!A14,'Seguimiento Agosto 2025'!$H$12:$H$262,'estado terrenos '!$AB$4,'Seguimiento Agosto 2025'!$I$12:$I$262,$AE$4)+COUNTIFS('Seguimiento Agosto 2025'!$C$12:$C$262,'estado terrenos '!A14,'Seguimiento Agosto 2025'!$H$12:$H$262,'estado terrenos '!$AB$4,'Seguimiento Agosto 2025'!$I$12:$I$262,$AD$5) -> 1 | J14: =+COUNTIFS('Seguimiento Agosto 2025'!$C$12:$C$262,'estado terrenos '!A14,'Seguimiento Agosto 2025'!$H$12:$H$262,'estado terrenos '!$AB$4,'Seguimiento Agosto 2025'!$I$12:$I$262,$AD$4)+COUNTIFS('Seguimiento Agosto 2025'!$C$12:$C$262,'estado terrenos '!A14,'Seguimiento Agosto 2025'!$H$12:$H$262,'estado terrenos '!$AB$4,'Seguimiento Agosto 2025'!$I$12:$I$262,'estado terrenos '!$AE$5)+COUNTIFS('Seguimiento Agosto 2025'!$C$12:$C$262,'estado terrenos '!A14,'Seguimiento Agosto 2025'!$H$12:$H$262,'estado terrenos '!$AB$4,'Seguimiento Agosto 2025'!$I$12:$I$262,'estado terrenos '!$AF$5) -> 0 | K14: =R14 -> 0 | L14: =S14 -> 0 | M14: =T14 -> 0 | N14: =U14 -> 0 | O14: ='Resumen Servicio operando PI'!B13 -> #REF! | P14: ='Resumen Servicio operando PI'!C13 -> #REF! | R14: =+COUNTIFS('Seguimiento Agosto 2025'!$C$12:$C$256,'estado terrenos '!$A14,'Seguimiento Agosto 2025'!$Q$12:$Q$256,'estado terrenos '!$R$5,'Seguimiento Agosto 2025'!$Q$12:$Q$256,$R$4,'Seguimiento Agosto 2025'!$H$12:$H$256,'estado terrenos '!$Q$5) -> 0 | S14: =+COUNTIFS('Seguimiento Agosto 2025'!$C$12:$C$262,'estado terrenos '!$A14,'Seguimiento Agosto 2025'!$Q$12:$Q$262,'estado terrenos '!S$5,'Seguimiento Agosto 2025'!$Q$12:$Q$262,S$4,'Seguimiento Agosto 2025'!$H$12:$H$262,'estado terrenos '!$Q$5) -> 0 | T14: =+COUNTIFS('Seguimiento Agosto 2025'!$C$12:$C$262,'estado terrenos '!$A14,'Seguimiento Agosto 2025'!$Q$12:$Q$262,'estado terrenos '!T$5,'Seguimiento Agosto 2025'!$Q$12:$Q$262,T$4,'Seguimiento Agosto 2025'!$H$12:$H$262,'estado terrenos '!$Q$5) -> 0 | U14: =+COUNTIFS('Seguimiento Agosto 2025'!$C$12:$C$262,'estado terrenos '!$A14,'Seguimiento Agosto 2025'!$Q$12:$Q$262,'estado terrenos '!U$5,'Seguimiento Agosto 2025'!$Q$12:$Q$262,U$4,'Seguimiento Agosto 2025'!$H$12:$H$262,'estado terrenos '!$Q$5) -> 0
A15: HATO MAYOR | B15: =+COUNTIF('Seguimiento Agosto 2025'!$C$12:$C$262,'estado terrenos '!A15) -> 3 | C15: =+COUNTIFS('Seguimiento Agosto 2025'!$C$12:$C$262,'estado terrenos '!A15,'Seguimiento Agosto 2025'!$H$12:$H$262,$Z$4,'Seguimiento Agosto 2025'!$Q$12:$Q$262,$AA$6) -> 0 | D15: =+COUNTIFS('Seguimiento Agosto 2025'!$C$12:$C$262,'estado terrenos '!A15,'Seguimiento Agosto 2025'!$H$12:$H$262,$Z$5)+COUNTIFS('Seguimiento Agosto 2025'!$C$12:$C$262,'estado terrenos '!A15,'Seguimiento Agosto 2025'!$H$12:$H$262,$AA$5)+COUNTIFS('Seguimiento Agosto 2025'!$C$12:$C$262,'estado terrenos '!A15,'Seguimiento Agosto 2025'!$H$12:$H$262,$AB$5)+COUNTIFS('Seguimiento Agosto 2025'!$C$12:$C$262,'estado terrenos '!A15,'Seguimiento Agosto 2025'!$H$12:$H$262,$Z$6)+COUNTIFS('Seguimiento Agosto 2025'!$C$12:$C$262,'estado terrenos '!A15,'Seguimiento Agosto 2025'!$H$12:$H$262,$AA$4)+COUNTIFS('Seguimiento Agosto 2025'!$C$12:$C$262,'estado terrenos '!A15,'Seguimiento Agosto 2025'!$H$12:$H$262,$Y$4) -> 3 | E15: =+COUNTIFS('Seguimiento Agosto 2025'!$C$12:$C$262,'estado terrenos '!A15,'Seguimiento Agosto 2025'!$H$12:$H$262,$AA$4)+COUNTIFS('Seguimiento Agosto 2025'!$C$12:$C$262,'estado terrenos '!A15,'Seguimiento Agosto 2025'!$H$12:$H$262,$Y$4) -> 1 | F15: =+COUNTIFS('Seguimiento Agosto 2025'!$C$12:$C$262,'estado terrenos '!A15,'Seguimiento Agosto 2025'!$H$12:$H$262,$Z$5)+COUNTIFS('Seguimiento Agosto 2025'!$C$12:$C$262,'estado terrenos '!A15,'Seguimiento Agosto 2025'!$H$12:$H$262,$AA$5)+COUNTIFS('Seguimiento Agosto 2025'!$C$12:$C$262,'estado terrenos '!A15,'Seguimiento Agosto 2025'!$H$12:$H$262,$AB$5)+COUNTIFS('Seguimiento Agosto 2025'!$C$12:$C$262,'estado terrenos '!A15,'Seguimiento Agosto 2025'!$H$12:$H$262,$Z$6) -> 2 | G15: =+COUNTIFS('Seguimiento Agosto 2025'!$C$12:$C$262,'estado terrenos '!A15,'Seguimiento Agosto 2025'!$H$12:$H$262,$AB$4) -> 0 | H15: =+COUNTIFS('Seguimiento Agosto 2025'!$C$12:$C$262,'estado terrenos '!A15,'Seguimiento Agosto 2025'!$H$12:$H$262,'estado terrenos '!$AB$4,'Seguimiento Agosto 2025'!$I$12:$I$262,$AF$4) -> 0 | I15: =+COUNTIFS('Seguimiento Agosto 2025'!$C$12:$C$262,'estado terrenos '!A15,'Seguimiento Agosto 2025'!$H$12:$H$262,'estado terrenos '!$AB$4,'Seguimiento Agosto 2025'!$I$12:$I$262,$AE$4)+COUNTIFS('Seguimiento Agosto 2025'!$C$12:$C$262,'estado terrenos '!A15,'Seguimiento Agosto 2025'!$H$12:$H$262,'estado terrenos '!$AB$4,'Seguimiento Agosto 2025'!$I$12:$I$262,$AD$5) -> 0 | J15: =+COUNTIFS('Seguimiento Agosto 2025'!$C$12:$C$262,'estado terrenos '!A15,'Seguimiento Agosto 2025'!$H$12:$H$262,'estado terrenos '!$AB$4,'Seguimiento Agosto 2025'!$I$12:$I$262,$AD$4)+COUNTIFS('Seguimiento Agosto 2025'!$C$12:$C$262,'estado terrenos '!A15,'Seguimiento Agosto 2025'!$H$12:$H$262,'estado terrenos '!$AB$4,'Seguimiento Agosto 2025'!$I$12:$I$262,'estado terrenos '!$AE$5)+COUNTIFS('Seguimiento Agosto 2025'!$C$12:$C$262,'estado terrenos '!A15,'Seguimiento Agosto 2025'!$H$12:$H$262,'estado terrenos '!$AB$4,'Seguimiento Agosto 2025'!$I$12:$I$262,'estado terrenos '!$AF$5) -> 0 | K15: =R15 -> 0 | L15: =S15 -> 0 | M15: =T15 -> 0 | N15: =U15 -> 0 | O15: ='Resumen Servicio operando PI'!B14 -> #REF! | P15: ='Resumen Servicio operando PI'!C14 -> #REF! | R15: =+COUNTIFS('Seguimiento Agosto 2025'!$C$12:$C$256,'estado terrenos '!$A15,'Seguimiento Agosto 2025'!$Q$12:$Q$256,'estado terrenos '!$R$5,'Seguimiento Agosto 2025'!$Q$12:$Q$256,$R$4,'Seguimiento Agosto 2025'!$H$12:$H$256,'estado terrenos '!$Q$5) -> 0 | S15: =+COUNTIFS('Seguimiento Agosto 2025'!$C$12:$C$262,'estado terrenos '!$A15,'Seguimiento Agosto 2025'!$Q$12:$Q$262,'estado terrenos '!S$5,'Seguimiento Agosto 2025'!$Q$12:$Q$262,S$4,'Seguimiento Agosto 2025'!$H$12:$H$262,'estado terrenos '!$Q$5) -> 0 | T15: =+COUNTIFS('Seguimiento Agosto 2025'!$C$12:$C$262,'estado terrenos '!$A15,'Seguimiento Agosto 2025'!$Q$12:$Q$262,'estado terrenos '!T$5,'Seguimiento Agosto 2025'!$Q$12:$Q$262,T$4,'Seguimiento Agosto 2025'!$H$12:$H$262,'estado terrenos '!$Q$5) -> 0 | U15: =+COUNTIFS('Seguimiento Agosto 2025'!$C$12:$C$262,'estado terrenos '!$A15,'Seguimiento Agosto 2025'!$Q$12:$Q$262,'estado terrenos '!U$5,'Seguimiento Agosto 2025'!$Q$12:$Q$262,U$4,'Seguimiento Agosto 2025'!$H$12:$H$262,'estado terrenos '!$Q$5) -> 0
A16: HERMANAS MIRABAL | B16: =+COUNTIF('Seguimiento Agosto 2025'!$C$12:$C$262,'estado terrenos '!A16) -> 3 | C16: =+COUNTIFS('Seguimiento Agosto 2025'!$C$12:$C$262,'estado terrenos '!A16,'Seguimiento Agosto 2025'!$H$12:$H$262,$Z$4,'Seguimiento Agosto 2025'!$Q$12:$Q$262,$AA$6) -> 1 | D16: =+COUNTIFS('Seguimiento Agosto 2025'!$C$12:$C$262,'estado terrenos '!A16,'Seguimiento Agosto 2025'!$H$12:$H$262,$Z$5)+COUNTIFS('Seguimiento Agosto 2025'!$C$12:$C$262,'estado terrenos '!A16,'Seguimiento Agosto 2025'!$H$12:$H$262,$AA$5)+COUNTIFS('Seguimiento Agosto 2025'!$C$12:$C$262,'estado terrenos '!A16,'Seguimiento Agosto 2025'!$H$12:$H$262,$AB$5)+COUNTIFS('Seguimiento Agosto 2025'!$C$12:$C$262,'estado terrenos '!A16,'Seguimiento Agosto 2025'!$H$12:$H$262,$Z$6)+COUNTIFS('Seguimiento Agosto 2025'!$C$12:$C$262,'estado terrenos '!A16,'Seguimiento Agosto 2025'!$H$12:$H$262,$AA$4)+COUNTIFS('Seguimiento Agosto 2025'!$C$12:$C$262,'estado terrenos '!A16,'Seguimiento Agosto 2025'!$H$12:$H$262,$Y$4) -> 1 | E16: =+COUNTIFS('Seguimiento Agosto 2025'!$C$12:$C$262,'estado terrenos '!A16,'Seguimiento Agosto 2025'!$H$12:$H$262,$AA$4)+COUNTIFS('Seguimiento Agosto 2025'!$C$12:$C$262,'estado terrenos '!A16,'Seguimiento Agosto 2025'!$H$12:$H$262,$Y$4) -> 0 | F16: =+COUNTIFS('Seguimiento Agosto 2025'!$C$12:$C$262,'estado terrenos '!A16,'Seguimiento Agosto 2025'!$H$12:$H$262,$Z$5)+COUNTIFS('Seguimiento Agosto 2025'!$C$12:$C$262,'estado terrenos '!A16,'Seguimiento Agosto 2025'!$H$12:$H$262,$AA$5)+COUNTIFS('Seguimiento Agosto 2025'!$C$12:$C$262,'estado terrenos '!A16,'Seguimiento Agosto 2025'!$H$12:$H$262,$AB$5)+COUNTIFS('Seguimiento Agosto 2025'!$C$12:$C$262,'estado terrenos '!A16,'Seguimiento Agosto 2025'!$H$12:$H$262,$Z$6) -> 1 | G16: =+COUNTIFS('Seguimiento Agosto 2025'!$C$12:$C$262,'estado terrenos '!A16,'Seguimiento Agosto 2025'!$H$12:$H$262,$AB$4) -> 1 | H16: =+COUNTIFS('Seguimiento Agosto 2025'!$C$12:$C$262,'estado terrenos '!A16,'Seguimiento Agosto 2025'!$H$12:$H$262,'estado terrenos '!$AB$4,'Seguimiento Agosto 2025'!$I$12:$I$262,$AF$4) -> 0 | I16: =+COUNTIFS('Seguimiento Agosto 2025'!$C$12:$C$262,'estado terrenos '!A16,'Seguimiento Agosto 2025'!$H$12:$H$262,'estado terrenos '!$AB$4,'Seguimiento Agosto 2025'!$I$12:$I$262,$AE$4)+COUNTIFS('Seguimiento Agosto 2025'!$C$12:$C$262,'estado terrenos '!A16,'Seguimiento Agosto 2025'!$H$12:$H$262,'estado terrenos '!$AB$4,'Seguimiento Agosto 2025'!$I$12:$I$262,$AD$5) -> 1 | J16: =+COUNTIFS('Seguimiento Agosto 2025'!$C$12:$C$262,'estado terrenos '!A16,'Seguimiento Agosto 2025'!$H$12:$H$262,'estado terrenos '!$AB$4,'Seguimiento Agosto 2025'!$I$12:$I$262,$AD$4)+COUNTIFS('Seguimiento Agosto 2025'!$C$12:$C$262,'estado terrenos '!A16,'Seguimiento Agosto 2025'!$H$12:$H$262,'estado terrenos '!$AB$4,'Seguimiento Agosto 2025'!$I$12:$I$262,'estado terrenos '!$AE$5)+COUNTIFS('Seguimiento Agosto 2025'!$C$12:$C$262,'estado terrenos '!A16,'Seguimiento Agosto 2025'!$H$12:$H$262,'estado terrenos '!$AB$4,'Seguimiento Agosto 2025'!$I$12:$I$262,'estado terrenos '!$AF$5) -> 0 | K16: =R16 -> 0 | L16: =S16 -> 0 | M16: =T16 -> 0 | N16: =U16 -> 0 | O16: ='Resumen Servicio operando PI'!B15 -> #REF! | P16: ='Resumen Servicio operando PI'!C15 -> #REF! | R16: =+COUNTIFS('Seguimiento Agosto 2025'!$C$12:$C$256,'estado terrenos '!$A16,'Seguimiento Agosto 2025'!$Q$12:$Q$256,'estado terrenos '!$R$5,'Seguimiento Agosto 2025'!$Q$12:$Q$256,$R$4,'Seguimiento Agosto 2025'!$H$12:$H$256,'estado terrenos '!$Q$5) -> 0 | S16: =+COUNTIFS('Seguimiento Agosto 2025'!$C$12:$C$262,'estado terrenos '!$A16,'Seguimiento Agosto 2025'!$Q$12:$Q$262,'estado terrenos '!S$5,'Seguimiento Agosto 2025'!$Q$12:$Q$262,S$4,'Seguimiento Agosto 2025'!$H$12:$H$262,'estado terrenos '!$Q$5) -> 0 | T16: =+COUNTIFS('Seguimiento Agosto 2025'!$C$12:$C$262,'estado terrenos '!$A16,'Seguimiento Agosto 2025'!$Q$12:$Q$262,'estado terrenos '!T$5,'Seguimiento Agosto 2025'!$Q$12:$Q$262,T$4,'Seguimiento Agosto 2025'!$H$12:$H$262,'estado terrenos '!$Q$5) -> 0 | U16: =+COUNTIFS('Seguimiento Agosto 2025'!$C$12:$C$262,'estado terrenos '!$A16,'Seguimiento Agosto 2025'!$Q$12:$Q$262,'estado terrenos '!U$5,'Seguimiento Agosto 2025'!$Q$12:$Q$262,U$4,'Seguimiento Agosto 2025'!$H$12:$H$262,'estado terrenos '!$Q$5) -> 0
A17: INDEPENDENCIA | B17: =+COUNTIF('Seguimiento Agosto 2025'!$C$12:$C$262,'estado terrenos '!A17) -> 4 | C17: =+COUNTIFS('Seguimiento Agosto 2025'!$C$12:$C$262,'estado terrenos '!A17,'Seguimiento Agosto 2025'!$H$12:$H$262,$Z$4,'Seguimiento Agosto 2025'!$Q$12:$Q$262,$AA$6) -> 2 | D17: =+COUNTIFS('Seguimiento Agosto 2025'!$C$12:$C$262,'estado terrenos '!A17,'Seguimiento Agosto 2025'!$H$12:$H$262,$Z$5)+COUNTIFS('Seguimiento Agosto 2025'!$C$12:$C$262,'estado terrenos '!A17,'Seguimiento Agosto 2025'!$H$12:$H$262,$AA$5)+COUNTIFS('Seguimiento Agosto 2025'!$C$12:$C$262,'estado terrenos '!A17,'Seguimiento Agosto 2025'!$H$12:$H$262,$AB$5)+COUNTIFS('Seguimiento Agosto 2025'!$C$12:$C$262,'estado terrenos '!A17,'Seguimiento Agosto 2025'!$H$12:$H$262,$Z$6)+COUNTIFS('Seguimiento Agosto 2025'!$C$12:$C$262,'estado terrenos '!A17,'Seguimiento Agosto 2025'!$H$12:$H$262,$AA$4)+COUNTIFS('Seguimiento Agosto 2025'!$C$12:$C$262,'estado terrenos '!A17,'Seguimiento Agosto 2025'!$H$12:$H$262,$Y$4) -> 2 | E17: =+COUNTIFS('Seguimiento Agosto 2025'!$C$12:$C$262,'estado terrenos '!A17,'Seguimiento Agosto 2025'!$H$12:$H$262,$AA$4)+COUNTIFS('Seguimiento Agosto 2025'!$C$12:$C$262,'estado terrenos '!A17,'Seguimiento Agosto 2025'!$H$12:$H$262,$Y$4) -> 1 | F17: =+COUNTIFS('Seguimiento Agosto 2025'!$C$12:$C$262,'estado terrenos '!A17,'Seguimiento Agosto 2025'!$H$12:$H$262,$Z$5)+COUNTIFS('Seguimiento Agosto 2025'!$C$12:$C$262,'estado terrenos '!A17,'Seguimiento Agosto 2025'!$H$12:$H$262,$AA$5)+COUNTIFS('Seguimiento Agosto 2025'!$C$12:$C$262,'estado terrenos '!A17,'Seguimiento Agosto 2025'!$H$12:$H$262,$AB$5)+COUNTIFS('Seguimiento Agosto 2025'!$C$12:$C$262,'estado terrenos '!A17,'Seguimiento Agosto 2025'!$H$12:$H$262,$Z$6) -> 1 | G17: =+COUNTIFS('Seguimiento Agosto 2025'!$C$12:$C$262,'estado terrenos '!A17,'Seguimiento Agosto 2025'!$H$12:$H$262,$AB$4) -> 0 | H17: =+COUNTIFS('Seguimiento Agosto 2025'!$C$12:$C$262,'estado terrenos '!A17,'Seguimiento Agosto 2025'!$H$12:$H$262,'estado terrenos '!$AB$4,'Seguimiento Agosto 2025'!$I$12:$I$262,$AF$4) -> 0 | I17: =+COUNTIFS('Seguimiento Agosto 2025'!$C$12:$C$262,'estado terrenos '!A17,'Seguimiento Agosto 2025'!$H$12:$H$262,'estado terrenos '!$AB$4,'Seguimiento Agosto 2025'!$I$12:$I$262,$AE$4)+COUNTIFS('Seguimiento Agosto 2025'!$C$12:$C$262,'estado terrenos '!A17,'Seguimiento Agosto 2025'!$H$12:$H$262,'estado terrenos '!$AB$4,'Seguimiento Agosto 2025'!$I$12:$I$262,$AD$5) -> 0 | J17: =+COUNTIFS('Seguimiento Agosto 2025'!$C$12:$C$262,'estado terrenos '!A17,'Seguimiento Agosto 2025'!$H$12:$H$262,'estado terrenos '!$AB$4,'Seguimiento Agosto 2025'!$I$12:$I$262,$AD$4)+COUNTIFS('Seguimiento Agosto 2025'!$C$12:$C$262,'estado terrenos '!A17,'Seguimiento Agosto 2025'!$H$12:$H$262,'estado terrenos '!$AB$4,'Seguimiento Agosto 2025'!$I$12:$I$262,'estado terrenos '!$AE$5)+COUNTIFS('Seguimiento Agosto 2025'!$C$12:$C$262,'estado terrenos '!A17,'Seguimiento Agosto 2025'!$H$12:$H$262,'estado terrenos '!$AB$4,'Seguimiento Agosto 2025'!$I$12:$I$262,'estado terrenos '!$AF$5) -> 0 | K17: =R17 -> 0 | L17: =S17 -> 0 | M17: =T17 -> 0 | N17: =U17 -> 0 | O17: ='Resumen Servicio operando PI'!B16 -> #REF! | P17: ='Resumen Servicio operando PI'!C16 -> #REF! | R17: =+COUNTIFS('Seguimiento Agosto 2025'!$C$12:$C$256,'estado terrenos '!$A17,'Seguimiento Agosto 2025'!$Q$12:$Q$256,'estado terrenos '!$R$5,'Seguimiento Agosto 2025'!$Q$12:$Q$256,$R$4,'Seguimiento Agosto 2025'!$H$12:$H$256,'estado terrenos '!$Q$5) -> 0 | S17: =+COUNTIFS('Seguimiento Agosto 2025'!$C$12:$C$262,'estado terrenos '!$A17,'Seguimiento Agosto 2025'!$Q$12:$Q$262,'estado terrenos '!S$5,'Seguimiento Agosto 2025'!$Q$12:$Q$262,S$4,'Seguimiento Agosto 2025'!$H$12:$H$262,'estado terrenos '!$Q$5) -> 0 | T17: =+COUNTIFS('Seguimiento Agosto 2025'!$C$12:$C$262,'estado terrenos '!$A17,'Seguimiento Agosto 2025'!$Q$12:$Q$262,'estado terrenos '!T$5,'Seguimiento Agosto 2025'!$Q$12:$Q$262,T$4,'Seguimiento Agosto 2025'!$H$12:$H$262,'estado terrenos '!$Q$5) -> 0 | U17: =+COUNTIFS('Seguimiento Agosto 2025'!$C$12:$C$262,'estado terrenos '!$A17,'Seguimiento Agosto 2025'!$Q$12:$Q$262,'estado terrenos '!U$5,'Seguimiento Agosto 2025'!$Q$12:$Q$262,U$4,'Seguimiento Agosto 2025'!$H$12:$H$262,'estado terrenos '!$Q$5) -> 0
A18: LA ALTAGRACIA | B18: =+COUNTIF('Seguimiento Agosto 2025'!$C$12:$C$262,'estado terrenos '!A18) -> 8 | C18: =+COUNTIFS('Seguimiento Agosto 2025'!$C$12:$C$262,'estado terrenos '!A18,'Seguimiento Agosto 2025'!$H$12:$H$262,$Z$4,'Seguimiento Agosto 2025'!$Q$12:$Q$262,$AA$6) -> 5 | D18: =+COUNTIFS('Seguimiento Agosto 2025'!$C$12:$C$262,'estado terrenos '!A18,'Seguimiento Agosto 2025'!$H$12:$H$262,$Z$5)+COUNTIFS('Seguimiento Agosto 2025'!$C$12:$C$262,'estado terrenos '!A18,'Seguimiento Agosto 2025'!$H$12:$H$262,$AA$5)+COUNTIFS('Seguimiento Agosto 2025'!$C$12:$C$262,'estado terrenos '!A18,'Seguimiento Agosto 2025'!$H$12:$H$262,$AB$5)+COUNTIFS('Seguimiento Agosto 2025'!$C$12:$C$262,'estado terrenos '!A18,'Seguimiento Agosto 2025'!$H$12:$H$262,$Z$6)+COUNTIFS('Seguimiento Agosto 2025'!$C$12:$C$262,'estado terrenos '!A18,'Seguimiento Agosto 2025'!$H$12:$H$262,$AA$4)+COUNTIFS('Seguimiento Agosto 2025'!$C$12:$C$262,'estado terrenos '!A18,'Seguimiento Agosto 2025'!$H$12:$H$262,$Y$4) -> 3 | E18: =+COUNTIFS('Seguimiento Agosto 2025'!$C$12:$C$262,'estado terrenos '!A18,'Seguimiento Agosto 2025'!$H$12:$H$262,$AA$4)+COUNTIFS('Seguimiento Agosto 2025'!$C$12:$C$262,'estado terrenos '!A18,'Seguimiento Agosto 2025'!$H$12:$H$262,$Y$4) -> 0 | F18: =+COUNTIFS('Seguimiento Agosto 2025'!$C$12:$C$262,'estado terrenos '!A18,'Seguimiento Agosto 2025'!$H$12:$H$262,$Z$5)+COUNTIFS('Seguimiento Agosto 2025'!$C$12:$C$262,'estado terrenos '!A18,'Seguimiento Agosto 2025'!$H$12:$H$262,$AA$5)+COUNTIFS('Seguimiento Agosto 2025'!$C$12:$C$262,'estado terrenos '!A18,'Seguimiento Agosto 2025'!$H$12:$H$262,$AB$5)+COUNTIFS('Seguimiento Agosto 2025'!$C$12:$C$262,'estado terrenos '!A18,'Seguimiento Agosto 2025'!$H$12:$H$262,$Z$6) -> 3 | G18: =+COUNTIFS('Seguimiento Agosto 2025'!$C$12:$C$262,'estado terrenos '!A18,'Seguimiento Agosto 2025'!$H$12:$H$262,$AB$4) -> 0 | H18: =+COUNTIFS('Seguimiento Agosto 2025'!$C$12:$C$262,'estado terrenos '!A18,'Seguimiento Agosto 2025'!$H$12:$H$262,'estado terrenos '!$AB$4,'Seguimiento Agosto 2025'!$I$12:$I$262,$AF$4) -> 0 | I18: =+COUNTIFS('Seguimiento Agosto 2025'!$C$12:$C$262,'estado terrenos '!A18,'Seguimiento Agosto 2025'!$H$12:$H$262,'estado terrenos '!$AB$4,'Seguimiento Agosto 2025'!$I$12:$I$262,$AE$4)+COUNTIFS('Seguimiento Agosto 2025'!$C$12:$C$262,'estado terrenos '!A18,'Seguimiento Agosto 2025'!$H$12:$H$262,'estado terrenos '!$AB$4,'Seguimiento Agosto 2025'!$I$12:$I$262,$AD$5) -> 0 | J18: =+COUNTIFS('Seguimiento Agosto 2025'!$C$12:$C$262,'estado terrenos '!A18,'Seguimiento Agosto 2025'!$H$12:$H$262,'estado terrenos '!$AB$4,'Seguimiento Agosto 2025'!$I$12:$I$262,$AD$4)+COUNTIFS('Seguimiento Agosto 2025'!$C$12:$C$262,'estado terrenos '!A18,'Seguimiento Agosto 2025'!$H$12:$H$262,'estado terrenos '!$AB$4,'Seguimiento Agosto 2025'!$I$12:$I$262,'estado terrenos '!$AE$5)+COUNTIFS('Seguimiento Agosto 2025'!$C$12:$C$262,'estado terrenos '!A18,'Seguimiento Agosto 2025'!$H$12:$H$262,'estado terrenos '!$AB$4,'Seguimiento Agosto 2025'!$I$12:$I$262,'estado terrenos '!$AF$5) -> 0 | K18: =R18 -> 0 | L18: =S18 -> 0 | M18: =T18 -> 0 | N18: =U18 -> 0 | O18: ='Resumen Servicio operando PI'!B17 -> #REF! | P18: ='Resumen Servicio operando PI'!C17 -> #REF! | R18: =+COUNTIFS('Seguimiento Agosto 2025'!$C$12:$C$256,'estado terrenos '!$A18,'Seguimiento Agosto 2025'!$Q$12:$Q$256,'estado terrenos '!$R$5,'Seguimiento Agosto 2025'!$Q$12:$Q$256,$R$4,'Seguimiento Agosto 2025'!$H$12:$H$256,'estado terrenos '!$Q$5) -> 0 | S18: =+COUNTIFS('Seguimiento Agosto 2025'!$C$12:$C$262,'estado terrenos '!$A18,'Seguimiento Agosto 2025'!$Q$12:$Q$262,'estado terrenos '!S$5,'Seguimiento Agosto 2025'!$Q$12:$Q$262,S$4,'Seguimiento Agosto 2025'!$H$12:$H$262,'estado terrenos '!$Q$5) -> 0 | T18: =+COUNTIFS('Seguimiento Agosto 2025'!$C$12:$C$262,'estado terrenos '!$A18,'Seguimiento Agosto 2025'!$Q$12:$Q$262,'estado terrenos '!T$5,'Seguimiento Agosto 2025'!$Q$12:$Q$262,T$4,'Seguimiento Agosto 2025'!$H$12:$H$262,'estado terrenos '!$Q$5) -> 0 | U18: =+COUNTIFS('Seguimiento Agosto 2025'!$C$12:$C$262,'estado terrenos '!$A18,'Seguimiento Agosto 2025'!$Q$12:$Q$262,'estado terrenos '!U$5,'Seguimiento Agosto 2025'!$Q$12:$Q$262,U$4,'Seguimiento Agosto 2025'!$H$12:$H$262,'estado terrenos '!$Q$5) -> 0
A19: LA ROMANA | B19: =+COUNTIF('Seguimiento Agosto 2025'!$C$12:$C$262,'estado terrenos '!A19) -> 7 | C19: =+COUNTIFS('Seguimiento Agosto 2025'!$C$12:$C$262,'estado terrenos '!A19,'Seguimiento Agosto 2025'!$H$12:$H$262,$Z$4,'Seguimiento Agosto 2025'!$Q$12:$Q$262,$AA$6) -> 4 | D19: =+COUNTIFS('Seguimiento Agosto 2025'!$C$12:$C$262,'estado terrenos '!A19,'Seguimiento Agosto 2025'!$H$12:$H$262,$Z$5)+COUNTIFS('Seguimiento Agosto 2025'!$C$12:$C$262,'estado terrenos '!A19,'Seguimiento Agosto 2025'!$H$12:$H$262,$AA$5)+COUNTIFS('Seguimiento Agosto 2025'!$C$12:$C$262,'estado terrenos '!A19,'Seguimiento Agosto 2025'!$H$12:$H$262,$AB$5)+COUNTIFS('Seguimiento Agosto 2025'!$C$12:$C$262,'estado terrenos '!A19,'Seguimiento Agosto 2025'!$H$12:$H$262,$Z$6)+COUNTIFS('Seguimiento Agosto 2025'!$C$12:$C$262,'estado terrenos '!A19,'Seguimiento Agosto 2025'!$H$12:$H$262,$AA$4)+COUNTIFS('Seguimiento Agosto 2025'!$C$12:$C$262,'estado terrenos '!A19,'Seguimiento Agosto 2025'!$H$12:$H$262,$Y$4) -> 3 | E19: =+COUNTIFS('Seguimiento Agosto 2025'!$C$12:$C$262,'estado terrenos '!A19,'Seguimiento Agosto 2025'!$H$12:$H$262,$AA$4)+COUNTIFS('Seguimiento Agosto 2025'!$C$12:$C$262,'estado terrenos '!A19,'Seguimiento Agosto 2025'!$H$12:$H$262,$Y$4) -> 0 | F19: =+COUNTIFS('Seguimiento Agosto 2025'!$C$12:$C$262,'estado terrenos '!A19,'Seguimiento Agosto 2025'!$H$12:$H$262,$Z$5)+COUNTIFS('Seguimiento Agosto 2025'!$C$12:$C$262,'estado terrenos '!A19,'Seguimiento Agosto 2025'!$H$12:$H$262,$AA$5)+COUNTIFS('Seguimiento Agosto 2025'!$C$12:$C$262,'estado terrenos '!A19,'Seguimiento Agosto 2025'!$H$12:$H$262,$AB$5)+COUNTIFS('Seguimiento Agosto 2025'!$C$12:$C$262,'estado terrenos '!A19,'Seguimiento Agosto 2025'!$H$12:$H$262,$Z$6) -> 3 | G19: =+COUNTIFS('Seguimiento Agosto 2025'!$C$12:$C$262,'estado terrenos '!A19,'Seguimiento Agosto 2025'!$H$12:$H$262,$AB$4) -> 0 | H19: =+COUNTIFS('Seguimiento Agosto 2025'!$C$12:$C$262,'estado terrenos '!A19,'Seguimiento Agosto 2025'!$H$12:$H$262,'estado terrenos '!$AB$4,'Seguimiento Agosto 2025'!$I$12:$I$262,$AF$4) -> 0 | I19: =+COUNTIFS('Seguimiento Agosto 2025'!$C$12:$C$262,'estado terrenos '!A19,'Seguimiento Agosto 2025'!$H$12:$H$262,'estado terrenos '!$AB$4,'Seguimiento Agosto 2025'!$I$12:$I$262,$AE$4)+COUNTIFS('Seguimiento Agosto 2025'!$C$12:$C$262,'estado terrenos '!A19,'Seguimiento Agosto 2025'!$H$12:$H$262,'estado terrenos '!$AB$4,'Seguimiento Agosto 2025'!$I$12:$I$262,$AD$5) -> 0 | J19: =+COUNTIFS('Seguimiento Agosto 2025'!$C$12:$C$262,'estado terrenos '!A19,'Seguimiento Agosto 2025'!$H$12:$H$262,'estado terrenos '!$AB$4,'Seguimiento Agosto 2025'!$I$12:$I$262,$AD$4)+COUNTIFS('Seguimiento Agosto 2025'!$C$12:$C$262,'estado terrenos '!A19,'Seguimiento Agosto 2025'!$H$12:$H$262,'estado terrenos '!$AB$4,'Seguimiento Agosto 2025'!$I$12:$I$262,'estado terrenos '!$AE$5)+COUNTIFS('Seguimiento Agosto 2025'!$C$12:$C$262,'estado terrenos '!A19,'Seguimiento Agosto 2025'!$H$12:$H$262,'estado terrenos '!$AB$4,'Seguimiento Agosto 2025'!$I$12:$I$262,'estado terrenos '!$AF$5) -> 0 | K19: =R19 -> 0 | L19: =S19 -> 0 | M19: =T19 -> 0 | N19: =U19 -> 0 | O19: ='Resumen Servicio operando PI'!B18 -> #REF! | P19: ='Resumen Servicio operando PI'!C18 -> #REF! | R19: =+COUNTIFS('Seguimiento Agosto 2025'!$C$12:$C$256,'estado terrenos '!$A19,'Seguimiento Agosto 2025'!$Q$12:$Q$256,'estado terrenos '!$R$5,'Seguimiento Agosto 2025'!$Q$12:$Q$256,$R$4,'Seguimiento Agosto 2025'!$H$12:$H$256,'estado terrenos '!$Q$5) -> 0 | S19: =+COUNTIFS('Seguimiento Agosto 2025'!$C$12:$C$262,'estado terrenos '!$A19,'Seguimiento Agosto 2025'!$Q$12:$Q$262,'estado terrenos '!S$5,'Seguimiento Agosto 2025'!$Q$12:$Q$262,S$4,'Seguimiento Agosto 2025'!$H$12:$H$262,'estado terrenos '!$Q$5) -> 0 | T19: =+COUNTIFS('Seguimiento Agosto 2025'!$C$12:$C$262,'estado terrenos '!$A19,'Seguimiento Agosto 2025'!$Q$12:$Q$262,'estado terrenos '!T$5,'Seguimiento Agosto 2025'!$Q$12:$Q$262,T$4,'Seguimiento Agosto 2025'!$H$12:$H$262,'estado terrenos '!$Q$5) -> 0 | U19: =+COUNTIFS('Seguimiento Agosto 2025'!$C$12:$C$262,'estado terrenos '!$A19,'Seguimiento Agosto 2025'!$Q$12:$Q$262,'estado terrenos '!U$5,'Seguimiento Agosto 2025'!$Q$12:$Q$262,U$4,'Seguimiento Agosto 2025'!$H$12:$H$262,'estado terrenos '!$Q$5) -> 0
A20: LA VEGA | B20: =+COUNTIF('Seguimiento Agosto 2025'!$C$12:$C$262,'estado terrenos '!A20) -> 9 | C20: =+COUNTIFS('Seguimiento Agosto 2025'!$C$12:$C$262,'estado terrenos '!A20,'Seguimiento Agosto 2025'!$H$12:$H$262,$Z$4,'Seguimiento Agosto 2025'!$Q$12:$Q$262,$AA$6) -> 3 | D20: =+COUNTIFS('Seguimiento Agosto 2025'!$C$12:$C$262,'estado terrenos '!A20,'Seguimiento Agosto 2025'!$H$12:$H$262,$Z$5)+COUNTIFS('Seguimiento Agosto 2025'!$C$12:$C$262,'estado terrenos '!A20,'Seguimiento Agosto 2025'!$H$12:$H$262,$AA$5)+COUNTIFS('Seguimiento Agosto 2025'!$C$12:$C$262,'estado terrenos '!A20,'Seguimiento Agosto 2025'!$H$12:$H$262,$AB$5)+COUNTIFS('Seguimiento Agosto 2025'!$C$12:$C$262,'estado terrenos '!A20,'Seguimiento Agosto 2025'!$H$12:$H$262,$Z$6)+COUNTIFS('Seguimiento Agosto 2025'!$C$12:$C$262,'estado terrenos '!A20,'Seguimiento Agosto 2025'!$H$12:$H$262,$AA$4)+COUNTIFS('Seguimiento Agosto 2025'!$C$12:$C$262,'estado terrenos '!A20,'Seguimiento Agosto 2025'!$H$12:$H$262,$Y$4) -> 4 | E20: =+COUNTIFS('Seguimiento Agosto 2025'!$C$12:$C$262,'estado terrenos '!A20,'Seguimiento Agosto 2025'!$H$12:$H$262,$AA$4)+COUNTIFS('Seguimiento Agosto 2025'!$C$12:$C$262,'estado terrenos '!A20,'Seguimiento Agosto 2025'!$H$12:$H$262,$Y$4) -> 0 | F20: =+COUNTIFS('Seguimiento Agosto 2025'!$C$12:$C$262,'estado terrenos '!A20,'Seguimiento Agosto 2025'!$H$12:$H$262,$Z$5)+COUNTIFS('Seguimiento Agosto 2025'!$C$12:$C$262,'estado terrenos '!A20,'Seguimiento Agosto 2025'!$H$12:$H$262,$AA$5)+COUNTIFS('Seguimiento Agosto 2025'!$C$12:$C$262,'estado terrenos '!A20,'Seguimiento Agosto 2025'!$H$12:$H$262,$AB$5)+COUNTIFS('Seguimiento Agosto 2025'!$C$12:$C$262,'estado terrenos '!A20,'Seguimiento Agosto 2025'!$H$12:$H$262,$Z$6) -> 4 | G20: =+COUNTIFS('Seguimiento Agosto 2025'!$C$12:$C$262,'estado terrenos '!A20,'Seguimiento Agosto 2025'!$H$12:$H$262,$AB$4) -> 2 | H20: =+COUNTIFS('Seguimiento Agosto 2025'!$C$12:$C$262,'estado terrenos '!A20,'Seguimiento Agosto 2025'!$H$12:$H$262,'estado terrenos '!$AB$4,'Seguimiento Agosto 2025'!$I$12:$I$262,$AF$4) -> 0 | I20: =+COUNTIFS('Seguimiento Agosto 2025'!$C$12:$C$262,'estado terrenos '!A20,'Seguimiento Agosto 2025'!$H$12:$H$262,'estado terrenos '!$AB$4,'Seguimiento Agosto 2025'!$I$12:$I$262,$AE$4)+COUNTIFS('Seguimiento Agosto 2025'!$C$12:$C$262,'estado terrenos '!A20,'Seguimiento Agosto 2025'!$H$12:$H$262,'estado terrenos '!$AB$4,'Seguimiento Agosto 2025'!$I$12:$I$262,$AD$5) -> 2 | J20: =+COUNTIFS('Seguimiento Agosto 2025'!$C$12:$C$262,'estado terrenos '!A20,'Seguimiento Agosto 2025'!$H$12:$H$262,'estado terrenos '!$AB$4,'Seguimiento Agosto 2025'!$I$12:$I$262,$AD$4)+COUNTIFS('Seguimiento Agosto 2025'!$C$12:$C$262,'estado terrenos '!A20,'Seguimiento Agosto 2025'!$H$12:$H$262,'estado terrenos '!$AB$4,'Seguimiento Agosto 2025'!$I$12:$I$262,'estado terrenos '!$AE$5)+COUNTIFS('Seguimiento Agosto 2025'!$C$12:$C$262,'estado terrenos '!A20,'Seguimiento Agosto 2025'!$H$12:$H$262,'estado terrenos '!$AB$4,'Seguimiento Agosto 2025'!$I$12:$I$262,'estado terrenos '!$AF$5) -> 0 | K20: =R20 -> 0 | L20: =S20 -> 0 | M20: =T20 -> 0 | N20: =U20 -> 0 | O20: ='Resumen Servicio operando PI'!B19 -> #REF! | P20: ='Resumen Servicio operando PI'!C19 -> #REF! | R20: =+COUNTIFS('Seguimiento Agosto 2025'!$C$12:$C$256,'estado terrenos '!$A20,'Seguimiento Agosto 2025'!$Q$12:$Q$256,'estado terrenos '!$R$5,'Seguimiento Agosto 2025'!$Q$12:$Q$256,$R$4,'Seguimiento Agosto 2025'!$H$12:$H$256,'estado terrenos '!$Q$5) -> 0 | S20: =+COUNTIFS('Seguimiento Agosto 2025'!$C$12:$C$262,'estado terrenos '!$A20,'Seguimiento Agosto 2025'!$Q$12:$Q$262,'estado terrenos '!S$5,'Seguimiento Agosto 2025'!$Q$12:$Q$262,S$4,'Seguimiento Agosto 2025'!$H$12:$H$262,'estado terrenos '!$Q$5) -> 0 | T20: =+COUNTIFS('Seguimiento Agosto 2025'!$C$12:$C$262,'estado terrenos '!$A20,'Seguimiento Agosto 2025'!$Q$12:$Q$262,'estado terrenos '!T$5,'Seguimiento Agosto 2025'!$Q$12:$Q$262,T$4,'Seguimiento Agosto 2025'!$H$12:$H$262,'estado terrenos '!$Q$5) -> 0 | U20: =+COUNTIFS('Seguimiento Agosto 2025'!$C$12:$C$262,'estado terrenos '!$A20,'Seguimiento Agosto 2025'!$Q$12:$Q$262,'estado terrenos '!U$5,'Seguimiento Agosto 2025'!$Q$12:$Q$262,U$4,'Seguimiento Agosto 2025'!$H$12:$H$262,'estado terrenos '!$Q$5) -> 0
A21: MARÍA TRINIDAD SÁNCHEZ | B21: =+COUNTIF('Seguimiento Agosto 2025'!$C$12:$C$262,'estado terrenos '!A21) -> 3 | C21: =+COUNTIFS('Seguimiento Agosto 2025'!$C$12:$C$262,'estado terrenos '!A21,'Seguimiento Agosto 2025'!$H$12:$H$262,$Z$4,'Seguimiento Agosto 2025'!$Q$12:$Q$262,$AA$6) -> 2 | D21: =+COUNTIFS('Seguimiento Agosto 2025'!$C$12:$C$262,'estado terrenos '!A21,'Seguimiento Agosto 2025'!$H$12:$H$262,$Z$5)+COUNTIFS('Seguimiento Agosto 2025'!$C$12:$C$262,'estado terrenos '!A21,'Seguimiento Agosto 2025'!$H$12:$H$262,$AA$5)+COUNTIFS('Seguimiento Agosto 2025'!$C$12:$C$262,'estado terrenos '!A21,'Seguimiento Agosto 2025'!$H$12:$H$262,$AB$5)+COUNTIFS('Seguimiento Agosto 2025'!$C$12:$C$262,'estado terrenos '!A21,'Seguimiento Agosto 2025'!$H$12:$H$262,$Z$6)+COUNTIFS('Seguimiento Agosto 2025'!$C$12:$C$262,'estado terrenos '!A21,'Seguimiento Agosto 2025'!$H$12:$H$262,$AA$4)+COUNTIFS('Seguimiento Agosto 2025'!$C$12:$C$262,'estado terrenos '!A21,'Seguimiento Agosto 2025'!$H$12:$H$262,$Y$4) -> 1 | E21: =+COUNTIFS('Seguimiento Agosto 2025'!$C$12:$C$262,'estado terrenos '!A21,'Seguimiento Agosto 2025'!$H$12:$H$262,$AA$4)+COUNTIFS('Seguimiento Agosto 2025'!$C$12:$C$262,'estado terrenos '!A21,'Seguimiento Agosto 2025'!$H$12:$H$262,$Y$4) -> 1 | F21: =+COUNTIFS('Seguimiento Agosto 2025'!$C$12:$C$262,'estado terrenos '!A21,'Seguimiento Agosto 2025'!$H$12:$H$262,$Z$5)+COUNTIFS('Seguimiento Agosto 2025'!$C$12:$C$262,'estado terrenos '!A21,'Seguimiento Agosto 2025'!$H$12:$H$262,$AA$5)+COUNTIFS('Seguimiento Agosto 2025'!$C$12:$C$262,'estado terrenos '!A21,'Seguimiento Agosto 2025'!$H$12:$H$262,$AB$5)+COUNTIFS('Seguimiento Agosto 2025'!$C$12:$C$262,'estado terrenos '!A21,'Seguimiento Agosto 2025'!$H$12:$H$262,$Z$6) -> 0 | G21: =+COUNTIFS('Seguimiento Agosto 2025'!$C$12:$C$262,'estado terrenos '!A21,'Seguimiento Agosto 2025'!$H$12:$H$262,$AB$4) -> 0 | H21: =+COUNTIFS('Seguimiento Agosto 2025'!$C$12:$C$262,'estado terrenos '!A21,'Seguimiento Agosto 2025'!$H$12:$H$262,'estado terrenos '!$AB$4,'Seguimiento Agosto 2025'!$I$12:$I$262,$AF$4) -> 0 | I21: =+COUNTIFS('Seguimiento Agosto 2025'!$C$12:$C$262,'estado terrenos '!A21,'Seguimiento Agosto 2025'!$H$12:$H$262,'estado terrenos '!$AB$4,'Seguimiento Agosto 2025'!$I$12:$I$262,$AE$4)+COUNTIFS('Seguimiento Agosto 2025'!$C$12:$C$262,'estado terrenos '!A21,'Seguimiento Agosto 2025'!$H$12:$H$262,'estado terrenos '!$AB$4,'Seguimiento Agosto 2025'!$I$12:$I$262,$AD$5) -> 0 | J21: =+COUNTIFS('Seguimiento Agosto 2025'!$C$12:$C$262,'estado terrenos '!A21,'Seguimiento Agosto 2025'!$H$12:$H$262,'estado terrenos '!$AB$4,'Seguimiento Agosto 2025'!$I$12:$I$262,$AD$4)+COUNTIFS('Seguimiento Agosto 2025'!$C$12:$C$262,'estado terrenos '!A21,'Seguimiento Agosto 2025'!$H$12:$H$262,'estado terrenos '!$AB$4,'Seguimiento Agosto 2025'!$I$12:$I$262,'estado terrenos '!$AE$5)+COUNTIFS('Seguimiento Agosto 2025'!$C$12:$C$262,'estado terrenos '!A21,'Seguimiento Agosto 2025'!$H$12:$H$262,'estado terrenos '!$AB$4,'Seguimiento Agosto 2025'!$I$12:$I$262,'estado terrenos '!$AF$5) -> 0 | K21: =R21 -> 0 | L21: =S21 -> 0 | M21: =T21 -> 0 | N21: =U21 -> 0 | O21: ='Resumen Servicio operando PI'!B20 -> #REF! | P21: ='Resumen Servicio operando PI'!C20 -> #REF! | R21: =+COUNTIFS('Seguimiento Agosto 2025'!$C$12:$C$256,'estado terrenos '!$A21,'Seguimiento Agosto 2025'!$Q$12:$Q$256,'estado terrenos '!$R$5,'Seguimiento Agosto 2025'!$Q$12:$Q$256,$R$4,'Seguimiento Agosto 2025'!$H$12:$H$256,'estado terrenos '!$Q$5) -> 0 | S21: =+COUNTIFS('Seguimiento Agosto 2025'!$C$12:$C$262,'estado terrenos '!$A21,'Seguimiento Agosto 2025'!$Q$12:$Q$262,'estado terrenos '!S$5,'Seguimiento Agosto 2025'!$Q$12:$Q$262,S$4,'Seguimiento Agosto 2025'!$H$12:$H$262,'estado terrenos '!$Q$5) -> 0 | T21: =+COUNTIFS('Seguimiento Agosto 2025'!$C$12:$C$262,'estado terrenos '!$A21,'Seguimiento Agosto 2025'!$Q$12:$Q$262,'estado terrenos '!T$5,'Seguimiento Agosto 2025'!$Q$12:$Q$262,T$4,'Seguimiento Agosto 2025'!$H$12:$H$262,'estado terrenos '!$Q$5) -> 0 | U21: =+COUNTIFS('Seguimiento Agosto 2025'!$C$12:$C$262,'estado terrenos '!$A21,'Seguimiento Agosto 2025'!$Q$12:$Q$262,'estado terrenos '!U$5,'Seguimiento Agosto 2025'!$Q$12:$Q$262,U$4,'Seguimiento Agosto 2025'!$H$12:$H$262,'estado terrenos '!$Q$5) -> 0
A22: MONSEÑOR NOUEL | B22: =+COUNTIF('Seguimiento Agosto 2025'!$C$12:$C$262,'estado terrenos '!A22) -> 3 | C22: =+COUNTIFS('Seguimiento Agosto 2025'!$C$12:$C$262,'estado terrenos '!A22,'Seguimiento Agosto 2025'!$H$12:$H$262,$Z$4,'Seguimiento Agosto 2025'!$Q$12:$Q$262,$AA$6) -> 1 | D22: =+COUNTIFS('Seguimiento Agosto 2025'!$C$12:$C$262,'estado terrenos '!A22,'Seguimiento Agosto 2025'!$H$12:$H$262,$Z$5)+COUNTIFS('Seguimiento Agosto 2025'!$C$12:$C$262,'estado terrenos '!A22,'Seguimiento Agosto 2025'!$H$12:$H$262,$AA$5)+COUNTIFS('Seguimiento Agosto 2025'!$C$12:$C$262,'estado terrenos '!A22,'Seguimiento Agosto 2025'!$H$12:$H$262,$AB$5)+COUNTIFS('Seguimiento Agosto 2025'!$C$12:$C$262,'estado terrenos '!A22,'Seguimiento Agosto 2025'!$H$12:$H$262,$Z$6)+COUNTIFS('Seguimiento Agosto 2025'!$C$12:$C$262,'estado terrenos '!A22,'Seguimiento Agosto 2025'!$H$12:$H$262,$AA$4)+COUNTIFS('Seguimiento Agosto 2025'!$C$12:$C$262,'estado terrenos '!A22,'Seguimiento Agosto 2025'!$H$12:$H$262,$Y$4) -> 1 | E22: =+COUNTIFS('Seguimiento Agosto 2025'!$C$12:$C$262,'estado terrenos '!A22,'Seguimiento Agosto 2025'!$H$12:$H$262,$AA$4)+COUNTIFS('Seguimiento Agosto 2025'!$C$12:$C$262,'estado terrenos '!A22,'Seguimiento Agosto 2025'!$H$12:$H$262,$Y$4) -> 0 | F22: =+COUNTIFS('Seguimiento Agosto 2025'!$C$12:$C$262,'estado terrenos '!A22,'Seguimiento Agosto 2025'!$H$12:$H$262,$Z$5)+COUNTIFS('Seguimiento Agosto 2025'!$C$12:$C$262,'estado terrenos '!A22,'Seguimiento Agosto 2025'!$H$12:$H$262,$AA$5)+COUNTIFS('Seguimiento Agosto 2025'!$C$12:$C$262,'estado terrenos '!A22,'Seguimiento Agosto 2025'!$H$12:$H$262,$AB$5)+COUNTIFS('Seguimiento Agosto 2025'!$C$12:$C$262,'estado terrenos '!A22,'Seguimiento Agosto 2025'!$H$12:$H$262,$Z$6) -> 1 | G22: =+COUNTIFS('Seguimiento Agosto 2025'!$C$12:$C$262,'estado terrenos '!A22,'Seguimiento Agosto 2025'!$H$12:$H$262,$AB$4) -> 1 | H22: =+COUNTIFS('Seguimiento Agosto 2025'!$C$12:$C$262,'estado terrenos '!A22,'Seguimiento Agosto 2025'!$H$12:$H$262,'estado terrenos '!$AB$4,'Seguimiento Agosto 2025'!$I$12:$I$262,$AF$4) -> 0 | I22: =+COUNTIFS('Seguimiento Agosto 2025'!$C$12:$C$262,'estado terrenos '!A22,'Seguimiento Agosto 2025'!$H$12:$H$262,'estado terrenos '!$AB$4,'Seguimiento Agosto 2025'!$I$12:$I$262,$AE$4)+COUNTIFS('Seguimiento Agosto 2025'!$C$12:$C$262,'estado terrenos '!A22,'Seguimiento Agosto 2025'!$H$12:$H$262,'estado terrenos '!$AB$4,'Seguimiento Agosto 2025'!$I$12:$I$262,$AD$5) -> 0 | J22: =+COUNTIFS('Seguimiento Agosto 2025'!$C$12:$C$262,'estado terrenos '!A22,'Seguimiento Agosto 2025'!$H$12:$H$262,'estado terrenos '!$AB$4,'Seguimiento Agosto 2025'!$I$12:$I$262,$AD$4)+COUNTIFS('Seguimiento Agosto 2025'!$C$12:$C$262,'estado terrenos '!A22,'Seguimiento Agosto 2025'!$H$12:$H$262,'estado terrenos '!$AB$4,'Seguimiento Agosto 2025'!$I$12:$I$262,'estado terrenos '!$AE$5)+COUNTIFS('Seguimiento Agosto 2025'!$C$12:$C$262,'estado terrenos '!A22,'Seguimiento Agosto 2025'!$H$12:$H$262,'estado terrenos '!$AB$4,'Seguimiento Agosto 2025'!$I$12:$I$262,'estado terrenos '!$AF$5) -> 1 | K22: =R22 -> 0 | L22: =S22 -> 0 | M22: =T22 -> 0 | N22: =U22 -> 0 | O22: ='Resumen Servicio operando PI'!B21 -> #REF! | P22: ='Resumen Servicio operando PI'!C21 -> #REF! | R22: =+COUNTIFS('Seguimiento Agosto 2025'!$C$12:$C$256,'estado terrenos '!$A22,'Seguimiento Agosto 2025'!$Q$12:$Q$256,'estado terrenos '!$R$5,'Seguimiento Agosto 2025'!$Q$12:$Q$256,$R$4,'Seguimiento Agosto 2025'!$H$12:$H$256,'estado terrenos '!$Q$5) -> 0 | S22: =+COUNTIFS('Seguimiento Agosto 2025'!$C$12:$C$262,'estado terrenos '!$A22,'Seguimiento Agosto 2025'!$Q$12:$Q$262,'estado terrenos '!S$5,'Seguimiento Agosto 2025'!$Q$12:$Q$262,S$4,'Seguimiento Agosto 2025'!$H$12:$H$262,'estado terrenos '!$Q$5) -> 0 | T22: =+COUNTIFS('Seguimiento Agosto 2025'!$C$12:$C$262,'estado terrenos '!$A22,'Seguimiento Agosto 2025'!$Q$12:$Q$262,'estado terrenos '!T$5,'Seguimiento Agosto 2025'!$Q$12:$Q$262,T$4,'Seguimiento Agosto 2025'!$H$12:$H$262,'estado terrenos '!$Q$5) -> 0 | U22: =+COUNTIFS('Seguimiento Agosto 2025'!$C$12:$C$262,'estado terrenos '!$A22,'Seguimiento Agosto 2025'!$Q$12:$Q$262,'estado terrenos '!U$5,'Seguimiento Agosto 2025'!$Q$12:$Q$262,U$4,'Seguimiento Agosto 2025'!$H$12:$H$262,'estado terrenos '!$Q$5) -> 0
A23: MONTE CRISTI | B23: =+COUNTIF('Seguimiento Agosto 2025'!$C$12:$C$262,'estado terrenos '!A23) -> 4 | C23: =+COUNTIFS('Seguimiento Agosto 2025'!$C$12:$C$262,'estado terrenos '!A23,'Seguimiento Agosto 2025'!$H$12:$H$262,$Z$4,'Seguimiento Agosto 2025'!$Q$12:$Q$262,$AA$6) -> 0 | D23: =+COUNTIFS('Seguimiento Agosto 2025'!$C$12:$C$262,'estado terrenos '!A23,'Seguimiento Agosto 2025'!$H$12:$H$262,$Z$5)+COUNTIFS('Seguimiento Agosto 2025'!$C$12:$C$262,'estado terrenos '!A23,'Seguimiento Agosto 2025'!$H$12:$H$262,$AA$5)+COUNTIFS('Seguimiento Agosto 2025'!$C$12:$C$262,'estado terrenos '!A23,'Seguimiento Agosto 2025'!$H$12:$H$262,$AB$5)+COUNTIFS('Seguimiento Agosto 2025'!$C$12:$C$262,'estado terrenos '!A23,'Seguimiento Agosto 2025'!$H$12:$H$262,$Z$6)+COUNTIFS('Seguimiento Agosto 2025'!$C$12:$C$262,'estado terrenos '!A23,'Seguimiento Agosto 2025'!$H$12:$H$262,$AA$4)+COUNTIFS('Seguimiento Agosto 2025'!$C$12:$C$262,'estado terrenos '!A23,'Seguimiento Agosto 2025'!$H$12:$H$262,$Y$4) -> 3 | E23: =+COUNTIFS('Seguimiento Agosto 2025'!$C$12:$C$262,'estado terrenos '!A23,'Seguimiento Agosto 2025'!$H$12:$H$262,$AA$4)+COUNTIFS('Seguimiento Agosto 2025'!$C$12:$C$262,'estado terrenos '!A23,'Seguimiento Agosto 2025'!$H$12:$H$262,$Y$4) -> 0 | F23: =+COUNTIFS('Seguimiento Agosto 2025'!$C$12:$C$262,'estado terrenos '!A23,'Seguimiento Agosto 2025'!$H$12:$H$262,$Z$5)+COUNTIFS('Seguimiento Agosto 2025'!$C$12:$C$262,'estado terrenos '!A23,'Seguimiento Agosto 2025'!$H$12:$H$262,$AA$5)+COUNTIFS('Seguimiento Agosto 2025'!$C$12:$C$262,'estado terrenos '!A23,'Seguimiento Agosto 2025'!$H$12:$H$262,$AB$5)+COUNTIFS('Seguimiento Agosto 2025'!$C$12:$C$262,'estado terrenos '!A23,'Seguimiento Agosto 2025'!$H$12:$H$262,$Z$6) -> 3 | G23: =+COUNTIFS('Seguimiento Agosto 2025'!$C$12:$C$262,'estado terrenos '!A23,'Seguimiento Agosto 2025'!$H$12:$H$262,$AB$4) -> 1 | H23: =+COUNTIFS('Seguimiento Agosto 2025'!$C$12:$C$262,'estado terrenos '!A23,'Seguimiento Agosto 2025'!$H$12:$H$262,'estado terrenos '!$AB$4,'Seguimiento Agosto 2025'!$I$12:$I$262,$AF$4) -> 1 | I23: =+COUNTIFS('Seguimiento Agosto 2025'!$C$12:$C$262,'estado terrenos '!A23,'Seguimiento Agosto 2025'!$H$12:$H$262,'estado terrenos '!$AB$4,'Seguimiento Agosto 2025'!$I$12:$I$262,$AE$4)+COUNTIFS('Seguimiento Agosto 2025'!$C$12:$C$262,'estado terrenos '!A23,'Seguimiento Agosto 2025'!$H$12:$H$262,'estado terrenos '!$AB$4,'Seguimiento Agosto 2025'!$I$12:$I$262,$AD$5) -> 0 | J23: =+COUNTIFS('Seguimiento Agosto 2025'!$C$12:$C$262,'estado terrenos '!A23,'Seguimiento Agosto 2025'!$H$12:$H$262,'estado terrenos '!$AB$4,'Seguimiento Agosto 2025'!$I$12:$I$262,$AD$4)+COUNTIFS('Seguimiento Agosto 2025'!$C$12:$C$262,'estado terrenos '!A23,'Seguimiento Agosto 2025'!$H$12:$H$262,'estado terrenos '!$AB$4,'Seguimiento Agosto 2025'!$I$12:$I$262,'estado terrenos '!$AE$5)+COUNTIFS('Seguimiento Agosto 2025'!$C$12:$C$262,'estado terrenos '!A23,'Seguimiento Agosto 2025'!$H$12:$H$262,'estado terrenos '!$AB$4,'Seguimiento Agosto 2025'!$I$12:$I$262,'estado terrenos '!$AF$5) -> 0 | K23: =R23 -> 0 | L23: =S23 -> 0 | M23: =T23 -> 0 | N23: =U23 -> 0 | O23: ='Resumen Servicio operando PI'!B22 -> #REF! | P23: ='Resumen Servicio operando PI'!C22 -> #REF! | R23: =+COUNTIFS('Seguimiento Agosto 2025'!$C$12:$C$256,'estado terrenos '!$A23,'Seguimiento Agosto 2025'!$Q$12:$Q$256,'estado terrenos '!$R$5,'Seguimiento Agosto 2025'!$Q$12:$Q$256,$R$4,'Seguimiento Agosto 2025'!$H$12:$H$256,'estado terrenos '!$Q$5) -> 0 | S23: =+COUNTIFS('Seguimiento Agosto 2025'!$C$12:$C$262,'estado terrenos '!$A23,'Seguimiento Agosto 2025'!$Q$12:$Q$262,'estado terrenos '!S$5,'Seguimiento Agosto 2025'!$Q$12:$Q$262,S$4,'Seguimiento Agosto 2025'!$H$12:$H$262,'estado terrenos '!$Q$5) -> 0 | T23: =+COUNTIFS('Seguimiento Agosto 2025'!$C$12:$C$262,'estado terrenos '!$A23,'Seguimiento Agosto 2025'!$Q$12:$Q$262,'estado terrenos '!T$5,'Seguimiento Agosto 2025'!$Q$12:$Q$262,T$4,'Seguimiento Agosto 2025'!$H$12:$H$262,'estado terrenos '!$Q$5) -> 0 | U23: =+COUNTIFS('Seguimiento Agosto 2025'!$C$12:$C$262,'estado terrenos '!$A23,'Seguimiento Agosto 2025'!$Q$12:$Q$262,'estado terrenos '!U$5,'Seguimiento Agosto 2025'!$Q$12:$Q$262,U$4,'Seguimiento Agosto 2025'!$H$12:$H$262,'estado terrenos '!$Q$5) -> 0
A24: MONTE PLATA | B24: =+COUNTIF('Seguimiento Agosto 2025'!$C$12:$C$262,'estado terrenos '!A24) -> 5 | C24: =+COUNTIFS('Seguimiento Agosto 2025'!$C$12:$C$262,'estado terrenos '!A24,'Seguimiento Agosto 2025'!$H$12:$H$262,$Z$4,'Seguimiento Agosto 2025'!$Q$12:$Q$262,$AA$6) -> 1 | D24: =+COUNTIFS('Seguimiento Agosto 2025'!$C$12:$C$262,'estado terrenos '!A24,'Seguimiento Agosto 2025'!$H$12:$H$262,$Z$5)+COUNTIFS('Seguimiento Agosto 2025'!$C$12:$C$262,'estado terrenos '!A24,'Seguimiento Agosto 2025'!$H$12:$H$262,$AA$5)+COUNTIFS('Seguimiento Agosto 2025'!$C$12:$C$262,'estado terrenos '!A24,'Seguimiento Agosto 2025'!$H$12:$H$262,$AB$5)+COUNTIFS('Seguimiento Agosto 2025'!$C$12:$C$262,'estado terrenos '!A24,'Seguimiento Agosto 2025'!$H$12:$H$262,$Z$6)+COUNTIFS('Seguimiento Agosto 2025'!$C$12:$C$262,'estado terrenos '!A24,'Seguimiento Agosto 2025'!$H$12:$H$262,$AA$4)+COUNTIFS('Seguimiento Agosto 2025'!$C$12:$C$262,'estado terrenos '!A24,'Seguimiento Agosto 2025'!$H$12:$H$262,$Y$4) -> 3 | E24: =+COUNTIFS('Seguimiento Agosto 2025'!$C$12:$C$262,'estado terrenos '!A24,'Seguimiento Agosto 2025'!$H$12:$H$262,$AA$4)+COUNTIFS('Seguimiento Agosto 2025'!$C$12:$C$262,'estado terrenos '!A24,'Seguimiento Agosto 2025'!$H$12:$H$262,$Y$4) -> 0 | F24: =+COUNTIFS('Seguimiento Agosto 2025'!$C$12:$C$262,'estado terrenos '!A24,'Seguimiento Agosto 2025'!$H$12:$H$262,$Z$5)+COUNTIFS('Seguimiento Agosto 2025'!$C$12:$C$262,'estado terrenos '!A24,'Seguimiento Agosto 2025'!$H$12:$H$262,$AA$5)+COUNTIFS('Seguimiento Agosto 2025'!$C$12:$C$262,'estado terrenos '!A24,'Seguimiento Agosto 2025'!$H$12:$H$262,$AB$5)+COUNTIFS('Seguimiento Agosto 2025'!$C$12:$C$262,'estado terrenos '!A24,'Seguimiento Agosto 2025'!$H$12:$H$262,$Z$6) -> 3 | G24: =+COUNTIFS('Seguimiento Agosto 2025'!$C$12:$C$262,'estado terrenos '!A24,'Seguimiento Agosto 2025'!$H$12:$H$262,$AB$4) -> 1 | H24: =+COUNTIFS('Seguimiento Agosto 2025'!$C$12:$C$262,'estado terrenos '!A24,'Seguimiento Agosto 2025'!$H$12:$H$262,'estado terrenos '!$AB$4,'Seguimiento Agosto 2025'!$I$12:$I$262,$AF$4) -> 0 | I24: =+COUNTIFS('Seguimiento Agosto 2025'!$C$12:$C$262,'estado terrenos '!A24,'Seguimiento Agosto 2025'!$H$12:$H$262,'estado terrenos '!$AB$4,'Seguimiento Agosto 2025'!$I$12:$I$262,$AE$4)+COUNTIFS('Seguimiento Agosto 2025'!$C$12:$C$262,'estado terrenos '!A24,'Seguimiento Agosto 2025'!$H$12:$H$262,'estado terrenos '!$AB$4,'Seguimiento Agosto 2025'!$I$12:$I$262,$AD$5) -> 1 | J24: =+COUNTIFS('Seguimiento Agosto 2025'!$C$12:$C$262,'estado terrenos '!A24,'Seguimiento Agosto 2025'!$H$12:$H$262,'estado terrenos '!$AB$4,'Seguimiento Agosto 2025'!$I$12:$I$262,$AD$4)+COUNTIFS('Seguimiento Agosto 2025'!$C$12:$C$262,'estado terrenos '!A24,'Seguimiento Agosto 2025'!$H$12:$H$262,'estado terrenos '!$AB$4,'Seguimiento Agosto 2025'!$I$12:$I$262,'estado terrenos '!$AE$5)+COUNTIFS('Seguimiento Agosto 2025'!$C$12:$C$262,'estado terrenos '!A24,'Seguimiento Agosto 2025'!$H$12:$H$262,'estado terrenos '!$AB$4,'Seguimiento Agosto 2025'!$I$12:$I$262,'estado terrenos '!$AF$5) -> 0 | K24: =R24 -> 0 | L24: =S24 -> 0 | M24: =T24 -> 0 | N24: =U24 -> 0 | O24: ='Resumen Servicio operando PI'!B23 -> #REF! | P24: ='Resumen Servicio operando PI'!C23 -> #REF! | R24: =+COUNTIFS('Seguimiento Agosto 2025'!$C$12:$C$262,'estado terrenos '!$A24,'Seguimiento Agosto 2025'!$Q$12:$Q$262,'estado terrenos '!$R$5,'Seguimiento Agosto 2025'!$Q$12:$Q$262,$R$4,'Seguimiento Agosto 2025'!$H$12:$H$262,'estado terrenos '!$Q$5) -> 0 | S24: =+COUNTIFS('Seguimiento Agosto 2025'!$C$12:$C$262,'estado terrenos '!$A24,'Seguimiento Agosto 2025'!$Q$12:$Q$262,'estado terrenos '!S$5,'Seguimiento Agosto 2025'!$Q$12:$Q$262,S$4,'Seguimiento Agosto 2025'!$H$12:$H$262,'estado terrenos '!$Q$5) -> 0 | T24: =+COUNTIFS('Seguimiento Agosto 2025'!$C$12:$C$262,'estado terrenos '!$A24,'Seguimiento Agosto 2025'!$Q$12:$Q$262,'estado terrenos '!T$5,'Seguimiento Agosto 2025'!$Q$12:$Q$262,T$4,'Seguimiento Agosto 2025'!$H$12:$H$262,'estado terrenos '!$Q$5) -> 0 | U24: =+COUNTIFS('Seguimiento Agosto 2025'!$C$12:$C$262,'estado terrenos '!$A24,'Seguimiento Agosto 2025'!$Q$12:$Q$262,'estado terrenos '!U$5,'Seguimiento Agosto 2025'!$Q$12:$Q$262,U$4,'Seguimiento Agosto 2025'!$H$12:$H$262,'estado terrenos '!$Q$5) -> 0
A25: PEDERNALES | B25: =+COUNTIF('Seguimiento Agosto 2025'!$C$12:$C$262,'estado terrenos '!A25) -> 1 | C25: =+COUNTIFS('Seguimiento Agosto 2025'!$C$12:$C$262,'estado terrenos '!A25,'Seguimiento Agosto 2025'!$H$12:$H$262,$Z$4,'Seguimiento Agosto 2025'!$Q$12:$Q$262,$AA$6) -> 1 | D25: =+COUNTIFS('Seguimiento Agosto 2025'!$C$12:$C$262,'estado terrenos '!A25,'Seguimiento Agosto 2025'!$H$12:$H$262,$Z$5)+COUNTIFS('Seguimiento Agosto 2025'!$C$12:$C$262,'estado terrenos '!A25,'Seguimiento Agosto 2025'!$H$12:$H$262,$AA$5)+COUNTIFS('Seguimiento Agosto 2025'!$C$12:$C$262,'estado terrenos '!A25,'Seguimiento Agosto 2025'!$H$12:$H$262,$AB$5)+COUNTIFS('Seguimiento Agosto 2025'!$C$12:$C$262,'estado terrenos '!A25,'Seguimiento Agosto 2025'!$H$12:$H$262,$Z$6)+COUNTIFS('Seguimiento Agosto 2025'!$C$12:$C$262,'estado terrenos '!A25,'Seguimiento Agosto 2025'!$H$12:$H$262,$AA$4)+COUNTIFS('Seguimiento Agosto 2025'!$C$12:$C$262,'estado terrenos '!A25,'Seguimiento Agosto 2025'!$H$12:$H$262,$Y$4) -> 0 | E25: =+COUNTIFS('Seguimiento Agosto 2025'!$C$12:$C$262,'estado terrenos '!A25,'Seguimiento Agosto 2025'!$H$12:$H$262,$AA$4)+COUNTIFS('Seguimiento Agosto 2025'!$C$12:$C$262,'estado terrenos '!A25,'Seguimiento Agosto 2025'!$H$12:$H$262,$Y$4) -> 0 | F25: =+COUNTIFS('Seguimiento Agosto 2025'!$C$12:$C$262,'estado terrenos '!A25,'Seguimiento Agosto 2025'!$H$12:$H$262,$Z$5)+COUNTIFS('Seguimiento Agosto 2025'!$C$12:$C$262,'estado terrenos '!A25,'Seguimiento Agosto 2025'!$H$12:$H$262,$AA$5)+COUNTIFS('Seguimiento Agosto 2025'!$C$12:$C$262,'estado terrenos '!A25,'Seguimiento Agosto 2025'!$H$12:$H$262,$AB$5)+COUNTIFS('Seguimiento Agosto 2025'!$C$12:$C$262,'estado terrenos '!A25,'Seguimiento Agosto 2025'!$H$12:$H$262,$Z$6) -> 0 | G25: =+COUNTIFS('Seguimiento Agosto 2025'!$C$12:$C$262,'estado terrenos '!A25,'Seguimiento Agosto 2025'!$H$12:$H$262,$AB$4) -> 0 | H25: =+COUNTIFS('Seguimiento Agosto 2025'!$C$12:$C$262,'estado terrenos '!A25,'Seguimiento Agosto 2025'!$H$12:$H$262,'estado terrenos '!$AB$4,'Seguimiento Agosto 2025'!$I$12:$I$262,$AF$4) -> 0 | I25: =+COUNTIFS('Seguimiento Agosto 2025'!$C$12:$C$262,'estado terrenos '!A25,'Seguimiento Agosto 2025'!$H$12:$H$262,'estado terrenos '!$AB$4,'Seguimiento Agosto 2025'!$I$12:$I$262,$AE$4)+COUNTIFS('Seguimiento Agosto 2025'!$C$12:$C$262,'estado terrenos '!A25,'Seguimiento Agosto 2025'!$H$12:$H$262,'estado terrenos '!$AB$4,'Seguimiento Agosto 2025'!$I$12:$I$262,$AD$5) -> 0 | J25: =+COUNTIFS('Seguimiento Agosto 2025'!$C$12:$C$262,'estado terrenos '!A25,'Seguimiento Agosto 2025'!$H$12:$H$262,'estado terrenos '!$AB$4,'Seguimiento Agosto 2025'!$I$12:$I$262,$AD$4)+COUNTIFS('Seguimiento Agosto 2025'!$C$12:$C$262,'estado terrenos '!A25,'Seguimiento Agosto 2025'!$H$12:$H$262,'estado terrenos '!$AB$4,'Seguimiento Agosto 2025'!$I$12:$I$262,'estado terrenos '!$AE$5)+COUNTIFS('Seguimiento Agosto 2025'!$C$12:$C$262,'estado terrenos '!A25,'Seguimiento Agosto 2025'!$H$12:$H$262,'estado terrenos '!$AB$4,'Seguimiento Agosto 2025'!$I$12:$I$262,'estado terrenos '!$AF$5) -> 0 | K25: =R25 -> 0 | L25: =S25 -> 0 | M25: =T25 -> 0 | N25: =U25 -> 0 | O25: ='Resumen Servicio operando PI'!B24 -> #REF! | P25: ='Resumen Servicio operando PI'!C24 -> #REF! | R25: =+COUNTIFS('Seguimiento Agosto 2025'!$C$12:$C$262,'estado terrenos '!$A25,'Seguimiento Agosto 2025'!$Q$12:$Q$262,'estado terrenos '!$R$5,'Seguimiento Agosto 2025'!$Q$12:$Q$262,$R$4,'Seguimiento Agosto 2025'!$H$12:$H$262,'estado terrenos '!$Q$5) -> 0 | S25: =+COUNTIFS('Seguimiento Agosto 2025'!$C$12:$C$262,'estado terrenos '!$A25,'Seguimiento Agosto 2025'!$Q$12:$Q$262,'estado terrenos '!S$5,'Seguimiento Agosto 2025'!$Q$12:$Q$262,S$4,'Seguimiento Agosto 2025'!$H$12:$H$262,'estado terrenos '!$Q$5) -> 0 | T25: =+COUNTIFS('Seguimiento Agosto 2025'!$C$12:$C$262,'estado terrenos '!$A25,'Seguimiento Agosto 2025'!$Q$12:$Q$262,'estado terrenos '!T$5,'Seguimiento Agosto 2025'!$Q$12:$Q$262,T$4,'Seguimiento Agosto 2025'!$H$12:$H$262,'estado terrenos '!$Q$5) -> 0 | U25: =+COUNTIFS('Seguimiento Agosto 2025'!$C$12:$C$262,'estado terrenos '!$A25,'Seguimiento Agosto 2025'!$Q$12:$Q$262,'estado terrenos '!U$5,'Seguimiento Agosto 2025'!$Q$12:$Q$262,U$4,'Seguimiento Agosto 2025'!$H$12:$H$262,'estado terrenos '!$Q$5) -> 0
A26: PERAVIA | B26: =+COUNTIF('Seguimiento Agosto 2025'!$C$12:$C$262,'estado terrenos '!A26) -> 4 | C26: =+COUNTIFS('Seguimiento Agosto 2025'!$C$12:$C$262,'estado terrenos '!A26,'Seguimiento Agosto 2025'!$H$12:$H$262,$Z$4,'Seguimiento Agosto 2025'!$Q$12:$Q$262,$AA$6) -> 1 | D26: =+COUNTIFS('Seguimiento Agosto 2025'!$C$12:$C$262,'estado terrenos '!A26,'Seguimiento Agosto 2025'!$H$12:$H$262,$Z$5)+COUNTIFS('Seguimiento Agosto 2025'!$C$12:$C$262,'estado terrenos '!A26,'Seguimiento Agosto 2025'!$H$12:$H$262,$AA$5)+COUNTIFS('Seguimiento Agosto 2025'!$C$12:$C$262,'estado terrenos '!A26,'Seguimiento Agosto 2025'!$H$12:$H$262,$AB$5)+COUNTIFS('Seguimiento Agosto 2025'!$C$12:$C$262,'estado terrenos '!A26,'Seguimiento Agosto 2025'!$H$12:$H$262,$Z$6)+COUNTIFS('Seguimiento Agosto 2025'!$C$12:$C$262,'estado terrenos '!A26,'Seguimiento Agosto 2025'!$H$12:$H$262,$AA$4)+COUNTIFS('Seguimiento Agosto 2025'!$C$12:$C$262,'estado terrenos '!A26,'Seguimiento Agosto 2025'!$H$12:$H$262,$Y$4) -> 3 | E26: =+COUNTIFS('Seguimiento Agosto 2025'!$C$12:$C$262,'estado terrenos '!A26,'Seguimiento Agosto 2025'!$H$12:$H$262,$AA$4)+COUNTIFS('Seguimiento Agosto 2025'!$C$12:$C$262,'estado terrenos '!A26,'Seguimiento Agosto 2025'!$H$12:$H$262,$Y$4) -> 0 | F26: =+COUNTIFS('Seguimiento Agosto 2025'!$C$12:$C$262,'estado terrenos '!A26,'Seguimiento Agosto 2025'!$H$12:$H$262,$Z$5)+COUNTIFS('Seguimiento Agosto 2025'!$C$12:$C$262,'estado terrenos '!A26,'Seguimiento Agosto 2025'!$H$12:$H$262,$AA$5)+COUNTIFS('Seguimiento Agosto 2025'!$C$12:$C$262,'estado terrenos '!A26,'Seguimiento Agosto 2025'!$H$12:$H$262,$AB$5)+COUNTIFS('Seguimiento Agosto 2025'!$C$12:$C$262,'estado terrenos '!A26,'Seguimiento Agosto 2025'!$H$12:$H$262,$Z$6) -> 3 | G26: =+COUNTIFS('Seguimiento Agosto 2025'!$C$12:$C$262,'estado terrenos '!A26,'Seguimiento Agosto 2025'!$H$12:$H$262,$AB$4) -> 0 | H26: =+COUNTIFS('Seguimiento Agosto 2025'!$C$12:$C$262,'estado terrenos '!A26,'Seguimiento Agosto 2025'!$H$12:$H$262,'estado terrenos '!$AB$4,'Seguimiento Agosto 2025'!$I$12:$I$262,$AF$4) -> 0 | I26: =+COUNTIFS('Seguimiento Agosto 2025'!$C$12:$C$262,'estado terrenos '!A26,'Seguimiento Agosto 2025'!$H$12:$H$262,'estado terrenos '!$AB$4,'Seguimiento Agosto 2025'!$I$12:$I$262,$AE$4)+COUNTIFS('Seguimiento Agosto 2025'!$C$12:$C$262,'estado terrenos '!A26,'Seguimiento Agosto 2025'!$H$12:$H$262,'estado terrenos '!$AB$4,'Seguimiento Agosto 2025'!$I$12:$I$262,$AD$5) -> 0 | J26: =+COUNTIFS('Seguimiento Agosto 2025'!$C$12:$C$262,'estado terrenos '!A26,'Seguimiento Agosto 2025'!$H$12:$H$262,'estado terrenos '!$AB$4,'Seguimiento Agosto 2025'!$I$12:$I$262,$AD$4)+COUNTIFS('Seguimiento Agosto 2025'!$C$12:$C$262,'estado terrenos '!A26,'Seguimiento Agosto 2025'!$H$12:$H$262,'estado terrenos '!$AB$4,'Seguimiento Agosto 2025'!$I$12:$I$262,'estado terrenos '!$AE$5)+COUNTIFS('Seguimiento Agosto 2025'!$C$12:$C$262,'estado terrenos '!A26,'Seguimiento Agosto 2025'!$H$12:$H$262,'estado terrenos '!$AB$4,'Seguimiento Agosto 2025'!$I$12:$I$262,'estado terrenos '!$AF$5) -> 0 | K26: =R26 -> 0 | L26: =S26 -> 0 | M26: =T26 -> 0 | N26: =U26 -> 0 | O26: ='Resumen Servicio operando PI'!B25 -> #REF! | P26: ='Resumen Servicio operando PI'!C25 -> #REF! | R26: =+COUNTIFS('Seguimiento Agosto 2025'!$C$12:$C$262,'estado terrenos '!$A26,'Seguimiento Agosto 2025'!$Q$12:$Q$262,'estado terrenos '!$R$5,'Seguimiento Agosto 2025'!$Q$12:$Q$262,$R$4,'Seguimiento Agosto 2025'!$H$12:$H$262,'estado terrenos '!$Q$5) -> 0 | S26: =+COUNTIFS('Seguimiento Agosto 2025'!$C$12:$C$262,'estado terrenos '!$A26,'Seguimiento Agosto 2025'!$Q$12:$Q$262,'estado terrenos '!S$5,'Seguimiento Agosto 2025'!$Q$12:$Q$262,S$4,'Seguimiento Agosto 2025'!$H$12:$H$262,'estado terrenos '!$Q$5) -> 0 | T26: =+COUNTIFS('Seguimiento Agosto 2025'!$C$12:$C$262,'estado terrenos '!$A26,'Seguimiento Agosto 2025'!$Q$12:$Q$262,'estado terrenos '!T$5,'Seguimiento Agosto 2025'!$Q$12:$Q$262,T$4,'Seguimiento Agosto 2025'!$H$12:$H$262,'estado terrenos '!$Q$5) -> 0 | U26: =+COUNTIFS('Seguimiento Agosto 2025'!$C$12:$C$262,'estado terrenos '!$A26,'Seguimiento Agosto 2025'!$Q$12:$Q$262,'estado terrenos '!U$5,'Seguimiento Agosto 2025'!$Q$12:$Q$262,U$4,'Seguimiento Agosto 2025'!$H$12:$H$262,'estado terrenos '!$Q$5) -> 0
A27: PUERTO PLATA | B27: =+COUNTIF('Seguimiento Agosto 2025'!$C$12:$C$262,'estado terrenos '!A27) -> 7 | C27: =+COUNTIFS('Seguimiento Agosto 2025'!$C$12:$C$262,'estado terrenos '!A27,'Seguimiento Agosto 2025'!$H$12:$H$262,$Z$4,'Seguimiento Agosto 2025'!$Q$12:$Q$262,$AA$6) -> 2 | D27: =+COUNTIFS('Seguimiento Agosto 2025'!$C$12:$C$262,'estado terrenos '!A27,'Seguimiento Agosto 2025'!$H$12:$H$262,$Z$5)+COUNTIFS('Seguimiento Agosto 2025'!$C$12:$C$262,'estado terrenos '!A27,'Seguimiento Agosto 2025'!$H$12:$H$262,$AA$5)+COUNTIFS('Seguimiento Agosto 2025'!$C$12:$C$262,'estado terrenos '!A27,'Seguimiento Agosto 2025'!$H$12:$H$262,$AB$5)+COUNTIFS('Seguimiento Agosto 2025'!$C$12:$C$262,'estado terrenos '!A27,'Seguimiento Agosto 2025'!$H$12:$H$262,$Z$6)+COUNTIFS('Seguimiento Agosto 2025'!$C$12:$C$262,'estado terrenos '!A27,'Seguimiento Agosto 2025'!$H$12:$H$262,$AA$4)+COUNTIFS('Seguimiento Agosto 2025'!$C$12:$C$262,'estado terrenos '!A27,'Seguimiento Agosto 2025'!$H$12:$H$262,$Y$4) -> 2 | E27: =+COUNTIFS('Seguimiento Agosto 2025'!$C$12:$C$262,'estado terrenos '!A27,'Seguimiento Agosto 2025'!$H$12:$H$262,$AA$4)+COUNTIFS('Seguimiento Agosto 2025'!$C$12:$C$262,'estado terrenos '!A27,'Seguimiento Agosto 2025'!$H$12:$H$262,$Y$4) -> 0 | F27: =+COUNTIFS('Seguimiento Agosto 2025'!$C$12:$C$262,'estado terrenos '!A27,'Seguimiento Agosto 2025'!$H$12:$H$262,$Z$5)+COUNTIFS('Seguimiento Agosto 2025'!$C$12:$C$262,'estado terrenos '!A27,'Seguimiento Agosto 2025'!$H$12:$H$262,$AA$5)+COUNTIFS('Seguimiento Agosto 2025'!$C$12:$C$262,'estado terrenos '!A27,'Seguimiento Agosto 2025'!$H$12:$H$262,$AB$5)+COUNTIFS('Seguimiento Agosto 2025'!$C$12:$C$262,'estado terrenos '!A27,'Seguimiento Agosto 2025'!$H$12:$H$262,$Z$6) -> 2 | G27: =+COUNTIFS('Seguimiento Agosto 2025'!$C$12:$C$262,'estado terrenos '!A27,'Seguimiento Agosto 2025'!$H$12:$H$262,$AB$4) -> 3 | H27: =+COUNTIFS('Seguimiento Agosto 2025'!$C$12:$C$262,'estado terrenos '!A27,'Seguimiento Agosto 2025'!$H$12:$H$262,'estado terrenos '!$AB$4,'Seguimiento Agosto 2025'!$I$12:$I$262,$AF$4) -> 2 | I27: =+COUNTIFS('Seguimiento Agosto 2025'!$C$12:$C$262,'estado terrenos '!A27,'Seguimiento Agosto 2025'!$H$12:$H$262,'estado terrenos '!$AB$4,'Seguimiento Agosto 2025'!$I$12:$I$262,$AE$4)+COUNTIFS('Seguimiento Agosto 2025'!$C$12:$C$262,'estado terrenos '!A27,'Seguimiento Agosto 2025'!$H$12:$H$262,'estado terrenos '!$AB$4,'Seguimiento Agosto 2025'!$I$12:$I$262,$AD$5) -> 1 | J27: =+COUNTIFS('Seguimiento Agosto 2025'!$C$12:$C$262,'estado terrenos '!A27,'Seguimiento Agosto 2025'!$H$12:$H$262,'estado terrenos '!$AB$4,'Seguimiento Agosto 2025'!$I$12:$I$262,$AD$4)+COUNTIFS('Seguimiento Agosto 2025'!$C$12:$C$262,'estado terrenos '!A27,'Seguimiento Agosto 2025'!$H$12:$H$262,'estado terrenos '!$AB$4,'Seguimiento Agosto 2025'!$I$12:$I$262,'estado terrenos '!$AE$5)+COUNTIFS('Seguimiento Agosto 2025'!$C$12:$C$262,'estado terrenos '!A27,'Seguimiento Agosto 2025'!$H$12:$H$262,'estado terrenos '!$AB$4,'Seguimiento Agosto 2025'!$I$12:$I$262,'estado terrenos '!$AF$5) -> 0 | K27: =R27 -> 0 | L27: =S27 -> 0 | M27: =T27 -> 0 | N27: =U27 -> 0 | O27: ='Resumen Servicio operando PI'!B26 -> #REF! | P27: ='Resumen Servicio operando PI'!C26 -> #REF! | R27: =+COUNTIFS('Seguimiento Agosto 2025'!$C$12:$C$262,'estado terrenos '!$A27,'Seguimiento Agosto 2025'!$Q$12:$Q$262,'estado terrenos '!$R$5,'Seguimiento Agosto 2025'!$Q$12:$Q$262,$R$4,'Seguimiento Agosto 2025'!$H$12:$H$262,'estado terrenos '!$Q$5) -> 0 | S27: =+COUNTIFS('Seguimiento Agosto 2025'!$C$12:$C$262,'estado terrenos '!$A27,'Seguimiento Agosto 2025'!$Q$12:$Q$262,'estado terrenos '!S$5,'Seguimiento Agosto 2025'!$Q$12:$Q$262,S$4,'Seguimiento Agosto 2025'!$H$12:$H$262,'estado terrenos '!$Q$5) -> 0 | T27: =+COUNTIFS('Seguimiento Agosto 2025'!$C$12:$C$262,'estado terrenos '!$A27,'Seguimiento Agosto 2025'!$Q$12:$Q$262,'estado terrenos '!T$5,'Seguimiento Agosto 2025'!$Q$12:$Q$262,T$4,'Seguimiento Agosto 2025'!$H$12:$H$262,'estado terrenos '!$Q$5) -> 0 | U27: =+COUNTIFS('Seguimiento Agosto 2025'!$C$12:$C$262,'estado terrenos '!$A27,'Seguimiento Agosto 2025'!$Q$12:$Q$262,'estado terrenos '!U$5,'Seguimiento Agosto 2025'!$Q$12:$Q$262,U$4,'Seguimiento Agosto 2025'!$H$12:$H$262,'estado terrenos '!$Q$5) -> 0
A28: SAMANÁ | B28: =+COUNTIF('Seguimiento Agosto 2025'!$C$12:$C$262,'estado terrenos '!A28) -> 3 | C28: =+COUNTIFS('Seguimiento Agosto 2025'!$C$12:$C$262,'estado terrenos '!A28,'Seguimiento Agosto 2025'!$H$12:$H$262,$Z$4,'Seguimiento Agosto 2025'!$Q$12:$Q$262,$AA$6) -> 1 | D28: =+COUNTIFS('Seguimiento Agosto 2025'!$C$12:$C$262,'estado terrenos '!A28,'Seguimiento Agosto 2025'!$H$12:$H$262,$Z$5)+COUNTIFS('Seguimiento Agosto 2025'!$C$12:$C$262,'estado terrenos '!A28,'Seguimiento Agosto 2025'!$H$12:$H$262,$AA$5)+COUNTIFS('Seguimiento Agosto 2025'!$C$12:$C$262,'estado terrenos '!A28,'Seguimiento Agosto 2025'!$H$12:$H$262,$AB$5)+COUNTIFS('Seguimiento Agosto 2025'!$C$12:$C$262,'estado terrenos '!A28,'Seguimiento Agosto 2025'!$H$12:$H$262,$Z$6)+COUNTIFS('Seguimiento Agosto 2025'!$C$12:$C$262,'estado terrenos '!A28,'Seguimiento Agosto 2025'!$H$12:$H$262,$AA$4)+COUNTIFS('Seguimiento Agosto 2025'!$C$12:$C$262,'estado terrenos '!A28,'Seguimiento Agosto 2025'!$H$12:$H$262,$Y$4) -> 2 | E28: =+COUNTIFS('Seguimiento Agosto 2025'!$C$12:$C$262,'estado terrenos '!A28,'Seguimiento Agosto 2025'!$H$12:$H$262,$AA$4)+COUNTIFS('Seguimiento Agosto 2025'!$C$12:$C$262,'estado terrenos '!A28,'Seguimiento Agosto 2025'!$H$12:$H$262,$Y$4) -> 1 | F28: =+COUNTIFS('Seguimiento Agosto 2025'!$C$12:$C$262,'estado terrenos '!A28,'Seguimiento Agosto 2025'!$H$12:$H$262,$Z$5)+COUNTIFS('Seguimiento Agosto 2025'!$C$12:$C$262,'estado terrenos '!A28,'Seguimiento Agosto 2025'!$H$12:$H$262,$AA$5)+COUNTIFS('Seguimiento Agosto 2025'!$C$12:$C$262,'estado terrenos '!A28,'Seguimiento Agosto 2025'!$H$12:$H$262,$AB$5)+COUNTIFS('Seguimiento Agosto 2025'!$C$12:$C$262,'estado terrenos '!A28,'Seguimiento Agosto 2025'!$H$12:$H$262,$Z$6) -> 1 | G28: =+COUNTIFS('Seguimiento Agosto 2025'!$C$12:$C$262,'estado terrenos '!A28,'Seguimiento Agosto 2025'!$H$12:$H$262,$AB$4) -> 0 | H28: =+COUNTIFS('Seguimiento Agosto 2025'!$C$12:$C$262,'estado terrenos '!A28,'Seguimiento Agosto 2025'!$H$12:$H$262,'estado terrenos '!$AB$4,'Seguimiento Agosto 2025'!$I$12:$I$262,$AF$4) -> 0 | I28: =+COUNTIFS('Seguimiento Agosto 2025'!$C$12:$C$262,'estado terrenos '!A28,'Seguimiento Agosto 2025'!$H$12:$H$262,'estado terrenos '!$AB$4,'Seguimiento Agosto 2025'!$I$12:$I$262,$AE$4)+COUNTIFS('Seguimiento Agosto 2025'!$C$12:$C$262,'estado terrenos '!A28,'Seguimiento Agosto 2025'!$H$12:$H$262,'estado terrenos '!$AB$4,'Seguimiento Agosto 2025'!$I$12:$I$262,$AD$5) -> 0 | J28: =+COUNTIFS('Seguimiento Agosto 2025'!$C$12:$C$262,'estado terrenos '!A28,'Seguimiento Agosto 2025'!$H$12:$H$262,'estado terrenos '!$AB$4,'Seguimiento Agosto 2025'!$I$12:$I$262,$AD$4)+COUNTIFS('Seguimiento Agosto 2025'!$C$12:$C$262,'estado terrenos '!A28,'Seguimiento Agosto 2025'!$H$12:$H$262,'estado terrenos '!$AB$4,'Seguimiento Agosto 2025'!$I$12:$I$262,'estado terrenos '!$AE$5)+COUNTIFS('Seguimiento Agosto 2025'!$C$12:$C$262,'estado terrenos '!A28,'Seguimiento Agosto 2025'!$H$12:$H$262,'estado terrenos '!$AB$4,'Seguimiento Agosto 2025'!$I$12:$I$262,'estado terrenos '!$AF$5) -> 0 | K28: =R28 -> 0 | L28: =S28 -> 0 | M28: =T28 -> 0 | N28: =U28 -> 0 | O28: ='Resumen Servicio operando PI'!B27 -> #REF! | P28: ='Resumen Servicio operando PI'!C27 -> #REF! | R28: =+COUNTIFS('Seguimiento Agosto 2025'!$C$12:$C$262,'estado terrenos '!$A28,'Seguimiento Agosto 2025'!$Q$12:$Q$262,'estado terrenos '!$R$5,'Seguimiento Agosto 2025'!$Q$12:$Q$262,$R$4,'Seguimiento Agosto 2025'!$H$12:$H$262,'estado terrenos '!$Q$5) -> 0 | S28: =+COUNTIFS('Seguimiento Agosto 2025'!$C$12:$C$262,'estado terrenos '!$A28,'Seguimiento Agosto 2025'!$Q$12:$Q$262,'estado terrenos '!S$5,'Seguimiento Agosto 2025'!$Q$12:$Q$262,S$4,'Seguimiento Agosto 2025'!$H$12:$H$262,'estado terrenos '!$Q$5) -> 0 | T28: =+COUNTIFS('Seguimiento Agosto 2025'!$C$12:$C$262,'estado terrenos '!$A28,'Seguimiento Agosto 2025'!$Q$12:$Q$262,'estado terrenos '!T$5,'Seguimiento Agosto 2025'!$Q$12:$Q$262,T$4,'Seguimiento Agosto 2025'!$H$12:$H$262,'estado terrenos '!$Q$5) -> 0 | U28: =+COUNTIFS('Seguimiento Agosto 2025'!$C$12:$C$262,'estado terrenos '!$A28,'Seguimiento Agosto 2025'!$Q$12:$Q$262,'estado terrenos '!U$5,'Seguimiento Agosto 2025'!$Q$12:$Q$262,U$4,'Seguimiento Agosto 2025'!$H$12:$H$262,'estado terrenos '!$Q$5) -> 0
A29: SAN CRISTÓBAL | B29: =+COUNTIF('Seguimiento Agosto 2025'!$C$12:$C$262,'estado terrenos '!A29) -> 13 | C29: =+COUNTIFS('Seguimiento Agosto 2025'!$C$12:$C$262,'estado terrenos '!A29,'Seguimiento Agosto 2025'!$H$12:$H$262,$Z$4,'Seguimiento Agosto 2025'!$Q$12:$Q$262,$AA$6) -> 3 | D29: =+COUNTIFS('Seguimiento Agosto 2025'!$C$12:$C$262,'estado terrenos '!A29,'Seguimiento Agosto 2025'!$H$12:$H$262,$Z$5)+COUNTIFS('Seguimiento Agosto 2025'!$C$12:$C$262,'estado terrenos '!A29,'Seguimiento Agosto 2025'!$H$12:$H$262,$AA$5)+COUNTIFS('Seguimiento Agosto 2025'!$C$12:$C$262,'estado terrenos '!A29,'Seguimiento Agosto 2025'!$H$12:$H$262,$AB$5)+COUNTIFS('Seguimiento Agosto 2025'!$C$12:$C$262,'estado terrenos '!A29,'Seguimiento Agosto 2025'!$H$12:$H$262,$Z$6)+COUNTIFS('Seguimiento Agosto 2025'!$C$12:$C$262,'estado terrenos '!A29,'Seguimiento Agosto 2025'!$H$12:$H$262,$AA$4)+COUNTIFS('Seguimiento Agosto 2025'!$C$12:$C$262,'estado terrenos '!A29,'Seguimiento Agosto 2025'!$H$12:$H$262,$Y$4) -> 6 | E29: =+COUNTIFS('Seguimiento Agosto 2025'!$C$12:$C$262,'estado terrenos '!A29,'Seguimiento Agosto 2025'!$H$12:$H$262,$AA$4)+COUNTIFS('Seguimiento Agosto 2025'!$C$12:$C$262,'estado terrenos '!A29,'Seguimiento Agosto 2025'!$H$12:$H$262,$Y$4) -> 1 | F29: =+COUNTIFS('Seguimiento Agosto 2025'!$C$12:$C$262,'estado terrenos '!A29,'Seguimiento Agosto 2025'!$H$12:$H$262,$Z$5)+COUNTIFS('Seguimiento Agosto 2025'!$C$12:$C$262,'estado terrenos '!A29,'Seguimiento Agosto 2025'!$H$12:$H$262,$AA$5)+COUNTIFS('Seguimiento Agosto 2025'!$C$12:$C$262,'estado terrenos '!A29,'Seguimiento Agosto 2025'!$H$12:$H$262,$AB$5)+COUNTIFS('Seguimiento Agosto 2025'!$C$12:$C$262,'estado terrenos '!A29,'Seguimiento Agosto 2025'!$H$12:$H$262,$Z$6) -> 5 | G29: =+COUNTIFS('Seguimiento Agosto 2025'!$C$12:$C$262,'estado terrenos '!A29,'Seguimiento Agosto 2025'!$H$12:$H$262,$AB$4) -> 4 | H29: =+COUNTIFS('Seguimiento Agosto 2025'!$C$12:$C$262,'estado terrenos '!A29,'Seguimiento Agosto 2025'!$H$12:$H$262,'estado terrenos '!$AB$4,'Seguimiento Agosto 2025'!$I$12:$I$262,$AF$4) -> 3 | I29: =+COUNTIFS('Seguimiento Agosto 2025'!$C$12:$C$262,'estado terrenos '!A29,'Seguimiento Agosto 2025'!$H$12:$H$262,'estado terrenos '!$AB$4,'Seguimiento Agosto 2025'!$I$12:$I$262,$AE$4)+COUNTIFS('Seguimiento Agosto 2025'!$C$12:$C$262,'estado terrenos '!A29,'Seguimiento Agosto 2025'!$H$12:$H$262,'estado terrenos '!$AB$4,'Seguimiento Agosto 2025'!$I$12:$I$262,$AD$5) -> 0 | J29: =+COUNTIFS('Seguimiento Agosto 2025'!$C$12:$C$262,'estado terrenos '!A29,'Seguimiento Agosto 2025'!$H$12:$H$262,'estado terrenos '!$AB$4,'Seguimiento Agosto 2025'!$I$12:$I$262,$AD$4)+COUNTIFS('Seguimiento Agosto 2025'!$C$12:$C$262,'estado terrenos '!A29,'Seguimiento Agosto 2025'!$H$12:$H$262,'estado terrenos '!$AB$4,'Seguimiento Agosto 2025'!$I$12:$I$262,'estado terrenos '!$AE$5)+COUNTIFS('Seguimiento Agosto 2025'!$C$12:$C$262,'estado terrenos '!A29,'Seguimiento Agosto 2025'!$H$12:$H$262,'estado terrenos '!$AB$4,'Seguimiento Agosto 2025'!$I$12:$I$262,'estado terrenos '!$AF$5) -> 1 | K29: =R29 -> 0 | L29: =S29 -> 0 | M29: =T29 -> 0 | N29: =U29 -> 0 | O29: ='Resumen Servicio operando PI'!B28 -> #REF! | P29: ='Resumen Servicio operando PI'!C28 -> #REF! | R29: =+COUNTIFS('Seguimiento Agosto 2025'!$C$12:$C$262,'estado terrenos '!$A29,'Seguimiento Agosto 2025'!$Q$12:$Q$262,'estado terrenos '!$R$5,'Seguimiento Agosto 2025'!$Q$12:$Q$262,$R$4,'Seguimiento Agosto 2025'!$H$12:$H$262,'estado terrenos '!$Q$5) -> 0 | S29: =+COUNTIFS('Seguimiento Agosto 2025'!$C$12:$C$262,'estado terrenos '!$A29,'Seguimiento Agosto 2025'!$Q$12:$Q$262,'estado terrenos '!S$5,'Seguimiento Agosto 2025'!$Q$12:$Q$262,S$4,'Seguimiento Agosto 2025'!$H$12:$H$262,'estado terrenos '!$Q$5) -> 0 | T29: =+COUNTIFS('Seguimiento Agosto 2025'!$C$12:$C$262,'estado terrenos '!$A29,'Seguimiento Agosto 2025'!$Q$12:$Q$262,'estado terrenos '!T$5,'Seguimiento Agosto 2025'!$Q$12:$Q$262,T$4,'Seguimiento Agosto 2025'!$H$12:$H$262,'estado terrenos '!$Q$5) -> 0 | U29: =+COUNTIFS('Seguimiento Agosto 2025'!$C$12:$C$262,'estado terrenos '!$A29,'Seguimiento Agosto 2025'!$Q$12:$Q$262,'estado terrenos '!U$5,'Seguimiento Agosto 2025'!$Q$12:$Q$262,U$4,'Seguimiento Agosto 2025'!$H$12:$H$262,'estado terrenos '!$Q$5) -> 0
A30: SAN JOSÉ DE OCOA | B30: =+COUNTIF('Seguimiento Agosto 2025'!$C$12:$C$262,'estado terrenos '!A30) -> 2 | C30: =+COUNTIFS('Seguimiento Agosto 2025'!$C$12:$C$262,'estado terrenos '!A30,'Seguimiento Agosto 2025'!$H$12:$H$262,$Z$4,'Seguimiento Agosto 2025'!$Q$12:$Q$262,$AA$6) -> 2 | D30: =+COUNTIFS('Seguimiento Agosto 2025'!$C$12:$C$262,'estado terrenos '!A30,'Seguimiento Agosto 2025'!$H$12:$H$262,$Z$5)+COUNTIFS('Seguimiento Agosto 2025'!$C$12:$C$262,'estado terrenos '!A30,'Seguimiento Agosto 2025'!$H$12:$H$262,$AA$5)+COUNTIFS('Seguimiento Agosto 2025'!$C$12:$C$262,'estado terrenos '!A30,'Seguimiento Agosto 2025'!$H$12:$H$262,$AB$5)+COUNTIFS('Seguimiento Agosto 2025'!$C$12:$C$262,'estado terrenos '!A30,'Seguimiento Agosto 2025'!$H$12:$H$262,$Z$6)+COUNTIFS('Seguimiento Agosto 2025'!$C$12:$C$262,'estado terrenos '!A30,'Seguimiento Agosto 2025'!$H$12:$H$262,$AA$4)+COUNTIFS('Seguimiento Agosto 2025'!$C$12:$C$262,'estado terrenos '!A30,'Seguimiento Agosto 2025'!$H$12:$H$262,$Y$4) -> 0 | E30: =+COUNTIFS('Seguimiento Agosto 2025'!$C$12:$C$262,'estado terrenos '!A30,'Seguimiento Agosto 2025'!$H$12:$H$262,$AA$4)+COUNTIFS('Seguimiento Agosto 2025'!$C$12:$C$262,'estado terrenos '!A30,'Seguimiento Agosto 2025'!$H$12:$H$262,$Y$4) -> 0 | F30: =+COUNTIFS('Seguimiento Agosto 2025'!$C$12:$C$262,'estado terrenos '!A30,'Seguimiento Agosto 2025'!$H$12:$H$262,$Z$5)+COUNTIFS('Seguimiento Agosto 2025'!$C$12:$C$262,'estado terrenos '!A30,'Seguimiento Agosto 2025'!$H$12:$H$262,$AA$5)+COUNTIFS('Seguimiento Agosto 2025'!$C$12:$C$262,'estado terrenos '!A30,'Seguimiento Agosto 2025'!$H$12:$H$262,$AB$5)+COUNTIFS('Seguimiento Agosto 2025'!$C$12:$C$262,'estado terrenos '!A30,'Seguimiento Agosto 2025'!$H$12:$H$262,$Z$6) -> 0 | G30: =+COUNTIFS('Seguimiento Agosto 2025'!$C$12:$C$262,'estado terrenos '!A30,'Seguimiento Agosto 2025'!$H$12:$H$262,$AB$4) -> 0 | H30: =+COUNTIFS('Seguimiento Agosto 2025'!$C$12:$C$262,'estado terrenos '!A30,'Seguimiento Agosto 2025'!$H$12:$H$262,'estado terrenos '!$AB$4,'Seguimiento Agosto 2025'!$I$12:$I$262,$AF$4) -> 0 | I30: =+COUNTIFS('Seguimiento Agosto 2025'!$C$12:$C$262,'estado terrenos '!A30,'Seguimiento Agosto 2025'!$H$12:$H$262,'estado terrenos '!$AB$4,'Seguimiento Agosto 2025'!$I$12:$I$262,$AE$4)+COUNTIFS('Seguimiento Agosto 2025'!$C$12:$C$262,'estado terrenos '!A30,'Seguimiento Agosto 2025'!$H$12:$H$262,'estado terrenos '!$AB$4,'Seguimiento Agosto 2025'!$I$12:$I$262,$AD$5) -> 0 | J30: =+COUNTIFS('Seguimiento Agosto 2025'!$C$12:$C$262,'estado terrenos '!A30,'Seguimiento Agosto 2025'!$H$12:$H$262,'estado terrenos '!$AB$4,'Seguimiento Agosto 2025'!$I$12:$I$262,$AD$4)+COUNTIFS('Seguimiento Agosto 2025'!$C$12:$C$262,'estado terrenos '!A30,'Seguimiento Agosto 2025'!$H$12:$H$262,'estado terrenos '!$AB$4,'Seguimiento Agosto 2025'!$I$12:$I$262,'estado terrenos '!$AE$5)+COUNTIFS('Seguimiento Agosto 2025'!$C$12:$C$262,'estado terrenos '!A30,'Seguimiento Agosto 2025'!$H$12:$H$262,'estado terrenos '!$AB$4,'Seguimiento Agosto 2025'!$I$12:$I$262,'estado terrenos '!$AF$5) -> 0 | K30: =R30 -> 0 | L30: =S30 -> 0 | M30: =T30 -> 0 | N30: =U30 -> 0 | O30: ='Resumen Servicio operando PI'!B29 -> #REF! | P30: ='Resumen Servicio operando PI'!C29 -> #REF! | R30: =+COUNTIFS('Seguimiento Agosto 2025'!$C$12:$C$262,'estado terrenos '!$A30,'Seguimiento Agosto 2025'!$Q$12:$Q$262,'estado terrenos '!$R$5,'Seguimiento Agosto 2025'!$Q$12:$Q$262,$R$4,'Seguimiento Agosto 2025'!$H$12:$H$262,'estado terrenos '!$Q$5) -> 0 | S30: =+COUNTIFS('Seguimiento Agosto 2025'!$C$12:$C$262,'estado terrenos '!$A30,'Seguimiento Agosto 2025'!$Q$12:$Q$262,'estado terrenos '!S$5,'Seguimiento Agosto 2025'!$Q$12:$Q$262,S$4,'Seguimiento Agosto 2025'!$H$12:$H$262,'estado terrenos '!$Q$5) -> 0 | T30: =+COUNTIFS('Seguimiento Agosto 2025'!$C$12:$C$262,'estado terrenos '!$A30,'Seguimiento Agosto 2025'!$Q$12:$Q$262,'estado terrenos '!T$5,'Seguimiento Agosto 2025'!$Q$12:$Q$262,T$4,'Seguimiento Agosto 2025'!$H$12:$H$262,'estado terrenos '!$Q$5) -> 0 | U30: =+COUNTIFS('Seguimiento Agosto 2025'!$C$12:$C$262,'estado terrenos '!$A30,'Seguimiento Agosto 2025'!$Q$12:$Q$262,'estado terrenos '!U$5,'Seguimiento Agosto 2025'!$Q$12:$Q$262,U$4,'Seguimiento Agosto 2025'!$H$12:$H$262,'estado terrenos '!$Q$5) -> 0
A31: SAN JUAN | B31: =+COUNTIF('Seguimiento Agosto 2025'!$C$12:$C$262,'estado terrenos '!A31) -> 6 | C31: =+COUNTIFS('Seguimiento Agosto 2025'!$C$12:$C$262,'estado terrenos '!A31,'Seguimiento Agosto 2025'!$H$12:$H$262,$Z$4,'Seguimiento Agosto 2025'!$Q$12:$Q$262,$AA$6) -> 4 | D31: =+COUNTIFS('Seguimiento Agosto 2025'!$C$12:$C$262,'estado terrenos '!A31,'Seguimiento Agosto 2025'!$H$12:$H$262,$Z$5)+COUNTIFS('Seguimiento Agosto 2025'!$C$12:$C$262,'estado terrenos '!A31,'Seguimiento Agosto 2025'!$H$12:$H$262,$AA$5)+COUNTIFS('Seguimiento Agosto 2025'!$C$12:$C$262,'estado terrenos '!A31,'Seguimiento Agosto 2025'!$H$12:$H$262,$AB$5)+COUNTIFS('Seguimiento Agosto 2025'!$C$12:$C$262,'estado terrenos '!A31,'Seguimiento Agosto 2025'!$H$12:$H$262,$Z$6)+COUNTIFS('Seguimiento Agosto 2025'!$C$12:$C$262,'estado terrenos '!A31,'Seguimiento Agosto 2025'!$H$12:$H$262,$AA$4)+COUNTIFS('Seguimiento Agosto 2025'!$C$12:$C$262,'estado terrenos '!A31,'Seguimiento Agosto 2025'!$H$12:$H$262,$Y$4) -> 2 | E31: =+COUNTIFS('Seguimiento Agosto 2025'!$C$12:$C$262,'estado terrenos '!A31,'Seguimiento Agosto 2025'!$H$12:$H$262,$AA$4)+COUNTIFS('Seguimiento Agosto 2025'!$C$12:$C$262,'estado terrenos '!A31,'Seguimiento Agosto 2025'!$H$12:$H$262,$Y$4) -> 0 | F31: =+COUNTIFS('Seguimiento Agosto 2025'!$C$12:$C$262,'estado terrenos '!A31,'Seguimiento Agosto 2025'!$H$12:$H$262,$Z$5)+COUNTIFS('Seguimiento Agosto 2025'!$C$12:$C$262,'estado terrenos '!A31,'Seguimiento Agosto 2025'!$H$12:$H$262,$AA$5)+COUNTIFS('Seguimiento Agosto 2025'!$C$12:$C$262,'estado terrenos '!A31,'Seguimiento Agosto 2025'!$H$12:$H$262,$AB$5)+COUNTIFS('Seguimiento Agosto 2025'!$C$12:$C$262,'estado terrenos '!A31,'Seguimiento Agosto 2025'!$H$12:$H$262,$Z$6) -> 2 | G31: =+COUNTIFS('Seguimiento Agosto 2025'!$C$12:$C$262,'estado terrenos '!A31,'Seguimiento Agosto 2025'!$H$12:$H$262,$AB$4) -> 0 | H31: =+COUNTIFS('Seguimiento Agosto 2025'!$C$12:$C$262,'estado terrenos '!A31,'Seguimiento Agosto 2025'!$H$12:$H$262,'estado terrenos '!$AB$4,'Seguimiento Agosto 2025'!$I$12:$I$262,$AF$4) -> 0 | I31: =+COUNTIFS('Seguimiento Agosto 2025'!$C$12:$C$262,'estado terrenos '!A31,'Seguimiento Agosto 2025'!$H$12:$H$262,'estado terrenos '!$AB$4,'Seguimiento Agosto 2025'!$I$12:$I$262,$AE$4)+COUNTIFS('Seguimiento Agosto 2025'!$C$12:$C$262,'estado terrenos '!A31,'Seguimiento Agosto 2025'!$H$12:$H$262,'estado terrenos '!$AB$4,'Seguimiento Agosto 2025'!$I$12:$I$262,$AD$5) -> 0 | J31: =+COUNTIFS('Seguimiento Agosto 2025'!$C$12:$C$262,'estado terrenos '!A31,'Seguimiento Agosto 2025'!$H$12:$H$262,'estado terrenos '!$AB$4,'Seguimiento Agosto 2025'!$I$12:$I$262,$AD$4)+COUNTIFS('Seguimiento Agosto 2025'!$C$12:$C$262,'estado terrenos '!A31,'Seguimiento Agosto 2025'!$H$12:$H$262,'estado terrenos '!$AB$4,'Seguimiento Agosto 2025'!$I$12:$I$262,'estado terrenos '!$AE$5)+COUNTIFS('Seguimiento Agosto 2025'!$C$12:$C$262,'estado terrenos '!A31,'Seguimiento Agosto 2025'!$H$12:$H$262,'estado terrenos '!$AB$4,'Seguimiento Agosto 2025'!$I$12:$I$262,'estado terrenos '!$AF$5) -> 0 | K31: =R31 -> 0 | L31: =S31 -> 0 | M31: =T31 -> 0 | N31: =U31 -> 0 | O31: ='Resumen Servicio operando PI'!B30 -> #REF! | P31: ='Resumen Servicio operando PI'!C30 -> #REF! | R31: =+COUNTIFS('Seguimiento Agosto 2025'!$C$12:$C$262,'estado terrenos '!$A31,'Seguimiento Agosto 2025'!$Q$12:$Q$262,'estado terrenos '!$R$5,'Seguimiento Agosto 2025'!$Q$12:$Q$262,$R$4,'Seguimiento Agosto 2025'!$H$12:$H$262,'estado terrenos '!$Q$5) -> 0 | S31: =+COUNTIFS('Seguimiento Agosto 2025'!$C$12:$C$262,'estado terrenos '!$A31,'Seguimiento Agosto 2025'!$Q$12:$Q$262,'estado terrenos '!S$5,'Seguimiento Agosto 2025'!$Q$12:$Q$262,S$4,'Seguimiento Agosto 2025'!$H$12:$H$262,'estado terrenos '!$Q$5) -> 0 | T31: =+COUNTIFS('Seguimiento Agosto 2025'!$C$12:$C$262,'estado terrenos '!$A31,'Seguimiento Agosto 2025'!$Q$12:$Q$262,'estado terrenos '!T$5,'Seguimiento Agosto 2025'!$Q$12:$Q$262,T$4,'Seguimiento Agosto 2025'!$H$12:$H$262,'estado terrenos '!$Q$5) -> 0 | U31: =+COUNTIFS('Seguimiento Agosto 2025'!$C$12:$C$262,'estado terrenos '!$A31,'Seguimiento Agosto 2025'!$Q$12:$Q$262,'estado terrenos '!U$5,'Seguimiento Agosto 2025'!$Q$12:$Q$262,U$4,'Seguimiento Agosto 2025'!$H$12:$H$262,'estado terrenos '!$Q$5) -> 0
A32: SAN PEDRO DE MACORÍS | B32: =+COUNTIF('Seguimiento Agosto 2025'!$C$12:$C$262,'estado terrenos '!A32) -> 8 | C32: =+COUNTIFS('Seguimiento Agosto 2025'!$C$12:$C$262,'estado terrenos '!A32,'Seguimiento Agosto 2025'!$H$12:$H$262,$Z$4,'Seguimiento Agosto 2025'!$Q$12:$Q$262,$AA$6) -> 2 | D32: =+COUNTIFS('Seguimiento Agosto 2025'!$C$12:$C$262,'estado terrenos '!A32,'Seguimiento Agosto 2025'!$H$12:$H$262,$Z$5)+COUNTIFS('Seguimiento Agosto 2025'!$C$12:$C$262,'estado terrenos '!A32,'Seguimiento Agosto 2025'!$H$12:$H$262,$AA$5)+COUNTIFS('Seguimiento Agosto 2025'!$C$12:$C$262,'estado terrenos '!A32,'Seguimiento Agosto 2025'!$H$12:$H$262,$AB$5)+COUNTIFS('Seguimiento Agosto 2025'!$C$12:$C$262,'estado terrenos '!A32,'Seguimiento Agosto 2025'!$H$12:$H$262,$Z$6)+COUNTIFS('Seguimiento Agosto 2025'!$C$12:$C$262,'estado terrenos '!A32,'Seguimiento Agosto 2025'!$H$12:$H$262,$AA$4)+COUNTIFS('Seguimiento Agosto 2025'!$C$12:$C$262,'estado terrenos '!A32,'Seguimiento Agosto 2025'!$H$12:$H$262,$Y$4) -> 5 | E32: =+COUNTIFS('Seguimiento Agosto 2025'!$C$12:$C$262,'estado terrenos '!A32,'Seguimiento Agosto 2025'!$H$12:$H$262,$AA$4)+COUNTIFS('Seguimiento Agosto 2025'!$C$12:$C$262,'estado terrenos '!A32,'Seguimiento Agosto 2025'!$H$12:$H$262,$Y$4) -> 0 | F32: =+COUNTIFS('Seguimiento Agosto 2025'!$C$12:$C$262,'estado terrenos '!A32,'Seguimiento Agosto 2025'!$H$12:$H$262,$Z$5)+COUNTIFS('Seguimiento Agosto 2025'!$C$12:$C$262,'estado terrenos '!A32,'Seguimiento Agosto 2025'!$H$12:$H$262,$AA$5)+COUNTIFS('Seguimiento Agosto 2025'!$C$12:$C$262,'estado terrenos '!A32,'Seguimiento Agosto 2025'!$H$12:$H$262,$AB$5)+COUNTIFS('Seguimiento Agosto 2025'!$C$12:$C$262,'estado terrenos '!A32,'Seguimiento Agosto 2025'!$H$12:$H$262,$Z$6) -> 5 | G32: =+COUNTIFS('Seguimiento Agosto 2025'!$C$12:$C$262,'estado terrenos '!A32,'Seguimiento Agosto 2025'!$H$12:$H$262,$AB$4) -> 1 | H32: =+COUNTIFS('Seguimiento Agosto 2025'!$C$12:$C$262,'estado terrenos '!A32,'Seguimiento Agosto 2025'!$H$12:$H$262,'estado terrenos '!$AB$4,'Seguimiento Agosto 2025'!$I$12:$I$262,$AF$4) -> 0 | I32: =+COUNTIFS('Seguimiento Agosto 2025'!$C$12:$C$262,'estado terrenos '!A32,'Seguimiento Agosto 2025'!$H$12:$H$262,'estado terrenos '!$AB$4,'Seguimiento Agosto 2025'!$I$12:$I$262,$AE$4)+COUNTIFS('Seguimiento Agosto 2025'!$C$12:$C$262,'estado terrenos '!A32,'Seguimiento Agosto 2025'!$H$12:$H$262,'estado terrenos '!$AB$4,'Seguimiento Agosto 2025'!$I$12:$I$262,$AD$5) -> 1 | J32: =+COUNTIFS('Seguimiento Agosto 2025'!$C$12:$C$262,'estado terrenos '!A32,'Seguimiento Agosto 2025'!$H$12:$H$262,'estado terrenos '!$AB$4,'Seguimiento Agosto 2025'!$I$12:$I$262,$AD$4)+COUNTIFS('Seguimiento Agosto 2025'!$C$12:$C$262,'estado terrenos '!A32,'Seguimiento Agosto 2025'!$H$12:$H$262,'estado terrenos '!$AB$4,'Seguimiento Agosto 2025'!$I$12:$I$262,'estado terrenos '!$AE$5)+COUNTIFS('Seguimiento Agosto 2025'!$C$12:$C$262,'estado terrenos '!A32,'Seguimiento Agosto 2025'!$H$12:$H$262,'estado terrenos '!$AB$4,'Seguimiento Agosto 2025'!$I$12:$I$262,'estado terrenos '!$AF$5) -> 0 | K32: =R32 -> 0 | L32: =S32 -> 0 | M32: =T32 -> 0 | N32: =U32 -> 0 | O32: ='Resumen Servicio operando PI'!B31 -> #REF! | P32: ='Resumen Servicio operando PI'!C31 -> #REF! | R32: =+COUNTIFS('Seguimiento Agosto 2025'!$C$12:$C$262,'estado terrenos '!$A32,'Seguimiento Agosto 2025'!$Q$12:$Q$262,'estado terrenos '!$R$5,'Seguimiento Agosto 2025'!$Q$12:$Q$262,$R$4,'Seguimiento Agosto 2025'!$H$12:$H$262,'estado terrenos '!$Q$5) -> 0 | S32: =+COUNTIFS('Seguimiento Agosto 2025'!$C$12:$C$262,'estado terrenos '!$A32,'Seguimiento Agosto 2025'!$Q$12:$Q$262,'estado terrenos '!S$5,'Seguimiento Agosto 2025'!$Q$12:$Q$262,S$4,'Seguimiento Agosto 2025'!$H$12:$H$262,'estado terrenos '!$Q$5) -> 0 | T32: =+COUNTIFS('Seguimiento Agosto 2025'!$C$12:$C$262,'estado terrenos '!$A32,'Seguimiento Agosto 2025'!$Q$12:$Q$262,'estado terrenos '!T$5,'Seguimiento Agosto 2025'!$Q$12:$Q$262,T$4,'Seguimiento Agosto 2025'!$H$12:$H$262,'estado terrenos '!$Q$5) -> 0 | U32: =+COUNTIFS('Seguimiento Agosto 2025'!$C$12:$C$262,'estado terrenos '!$A32,'Seguimiento Agosto 2025'!$Q$12:$Q$262,'estado terrenos '!U$5,'Seguimiento Agosto 2025'!$Q$12:$Q$262,U$4,'Seguimiento Agosto 2025'!$H$12:$H$262,'estado terrenos '!$Q$5) -> 0
A33: SÁNCHEZ RAMÍREZ | B33: =+COUNTIF('Seguimiento Agosto 2025'!$C$12:$C$262,'estado terrenos '!A33) -> 3 | C33: =+COUNTIFS('Seguimiento Agosto 2025'!$C$12:$C$262,'estado terrenos '!A33,'Seguimiento Agosto 2025'!$H$12:$H$262,$Z$4,'Seguimiento Agosto 2025'!$Q$12:$Q$262,$AA$6) -> 0 | D33: =+COUNTIFS('Seguimiento Agosto 2025'!$C$12:$C$262,'estado terrenos '!A33,'Seguimiento Agosto 2025'!$H$12:$H$262,$Z$5)+COUNTIFS('Seguimiento Agosto 2025'!$C$12:$C$262,'estado terrenos '!A33,'Seguimiento Agosto 2025'!$H$12:$H$262,$AA$5)+COUNTIFS('Seguimiento Agosto 2025'!$C$12:$C$262,'estado terrenos '!A33,'Seguimiento Agosto 2025'!$H$12:$H$262,$AB$5)+COUNTIFS('Seguimiento Agosto 2025'!$C$12:$C$262,'estado terrenos '!A33,'Seguimiento Agosto 2025'!$H$12:$H$262,$Z$6)+COUNTIFS('Seguimiento Agosto 2025'!$C$12:$C$262,'estado terrenos '!A33,'Seguimiento Agosto 2025'!$H$12:$H$262,$AA$4)+COUNTIFS('Seguimiento Agosto 2025'!$C$12:$C$262,'estado terrenos '!A33,'Seguimiento Agosto 2025'!$H$12:$H$262,$Y$4) -> 2 | E33: =+COUNTIFS('Seguimiento Agosto 2025'!$C$12:$C$262,'estado terrenos '!A33,'Seguimiento Agosto 2025'!$H$12:$H$262,$AA$4)+COUNTIFS('Seguimiento Agosto 2025'!$C$12:$C$262,'estado terrenos '!A33,'Seguimiento Agosto 2025'!$H$12:$H$262,$Y$4) -> 1 | F33: =+COUNTIFS('Seguimiento Agosto 2025'!$C$12:$C$262,'estado terrenos '!A33,'Seguimiento Agosto 2025'!$H$12:$H$262,$Z$5)+COUNTIFS('Seguimiento Agosto 2025'!$C$12:$C$262,'estado terrenos '!A33,'Seguimiento Agosto 2025'!$H$12:$H$262,$AA$5)+COUNTIFS('Seguimiento Agosto 2025'!$C$12:$C$262,'estado terrenos '!A33,'Seguimiento Agosto 2025'!$H$12:$H$262,$AB$5)+COUNTIFS('Seguimiento Agosto 2025'!$C$12:$C$262,'estado terrenos '!A33,'Seguimiento Agosto 2025'!$H$12:$H$262,$Z$6) -> 1 | G33: =+COUNTIFS('Seguimiento Agosto 2025'!$C$12:$C$262,'estado terrenos '!A33,'Seguimiento Agosto 2025'!$H$12:$H$262,$AB$4) -> 1 | H33: =+COUNTIFS('Seguimiento Agosto 2025'!$C$12:$C$262,'estado terrenos '!A33,'Seguimiento Agosto 2025'!$H$12:$H$262,'estado terrenos '!$AB$4,'Seguimiento Agosto 2025'!$I$12:$I$262,$AF$4) -> 0 | I33: =+COUNTIFS('Seguimiento Agosto 2025'!$C$12:$C$262,'estado terrenos '!A33,'Seguimiento Agosto 2025'!$H$12:$H$262,'estado terrenos '!$AB$4,'Seguimiento Agosto 2025'!$I$12:$I$262,$AE$4)+COUNTIFS('Seguimiento Agosto 2025'!$C$12:$C$262,'estado terrenos '!A33,'Seguimiento Agosto 2025'!$H$12:$H$262,'estado terrenos '!$AB$4,'Seguimiento Agosto 2025'!$I$12:$I$262,$AD$5) -> 1 | J33: =+COUNTIFS('Seguimiento Agosto 2025'!$C$12:$C$262,'estado terrenos '!A33,'Seguimiento Agosto 2025'!$H$12:$H$262,'estado terrenos '!$AB$4,'Seguimiento Agosto 2025'!$I$12:$I$262,$AD$4)+COUNTIFS('Seguimiento Agosto 2025'!$C$12:$C$262,'estado terrenos '!A33,'Seguimiento Agosto 2025'!$H$12:$H$262,'estado terrenos '!$AB$4,'Seguimiento Agosto 2025'!$I$12:$I$262,'estado terrenos '!$AE$5)+COUNTIFS('Seguimiento Agosto 2025'!$C$12:$C$262,'estado terrenos '!A33,'Seguimiento Agosto 2025'!$H$12:$H$262,'estado terrenos '!$AB$4,'Seguimiento Agosto 2025'!$I$12:$I$262,'estado terrenos '!$AF$5) -> 0 | K33: =R33 -> 0 | L33: =S33 -> 0 | M33: =T33 -> 0 | N33: =U33 -> 0 | O33: ='Resumen Servicio operando PI'!B32 -> #REF! | P33: ='Resumen Servicio operando PI'!C32 -> #REF! | R33: =+COUNTIFS('Seguimiento Agosto 2025'!$C$12:$C$262,'estado terrenos '!$A33,'Seguimiento Agosto 2025'!$Q$12:$Q$262,'estado terrenos '!$R$5,'Seguimiento Agosto 2025'!$Q$12:$Q$262,$R$4,'Seguimiento Agosto 2025'!$H$12:$H$262,'estado terrenos '!$Q$5) -> 0 | S33: =+COUNTIFS('Seguimiento Agosto 2025'!$C$12:$C$262,'estado terrenos '!$A33,'Seguimiento Agosto 2025'!$Q$12:$Q$262,'estado terrenos '!S$5,'Seguimiento Agosto 2025'!$Q$12:$Q$262,S$4,'Seguimiento Agosto 2025'!$H$12:$H$262,'estado terrenos '!$Q$5) -> 0 | T33: =+COUNTIFS('Seguimiento Agosto 2025'!$C$12:$C$262,'estado terrenos '!$A33,'Seguimiento Agosto 2025'!$Q$12:$Q$262,'estado terrenos '!T$5,'Seguimiento Agosto 2025'!$Q$12:$Q$262,T$4,'Seguimiento Agosto 2025'!$H$12:$H$262,'estado terrenos '!$Q$5) -> 0 | U33: =+COUNTIFS('Seguimiento Agosto 2025'!$C$12:$C$262,'estado terrenos '!$A33,'Seguimiento Agosto 2025'!$Q$12:$Q$262,'estado terrenos '!U$5,'Seguimiento Agosto 2025'!$Q$12:$Q$262,U$4,'Seguimiento Agosto 2025'!$H$12:$H$262,'estado terrenos '!$Q$5) -> 0
A34: SANTIAGO | B34: =+COUNTIF('Seguimiento Agosto 2025'!$C$12:$C$262,'estado terrenos '!A34) -> 22 | C34: =+COUNTIFS('Seguimiento Agosto 2025'!$C$12:$C$262,'estado terrenos '!A34,'Seguimiento Agosto 2025'!$H$12:$H$262,$Z$4,'Seguimiento Agosto 2025'!$Q$12:$Q$262,$AA$6) -> 9 | D34: =+COUNTIFS('Seguimiento Agosto 2025'!$C$12:$C$262,'estado terrenos '!A34,'Seguimiento Agosto 2025'!$H$12:$H$262,$Z$5)+COUNTIFS('Seguimiento Agosto 2025'!$C$12:$C$262,'estado terrenos '!A34,'Seguimiento Agosto 2025'!$H$12:$H$262,$AA$5)+COUNTIFS('Seguimiento Agosto 2025'!$C$12:$C$262,'estado terrenos '!A34,'Seguimiento Agosto 2025'!$H$12:$H$262,$AB$5)+COUNTIFS('Seguimiento Agosto 2025'!$C$12:$C$262,'estado terrenos '!A34,'Seguimiento Agosto 2025'!$H$12:$H$262,$Z$6)+COUNTIFS('Seguimiento Agosto 2025'!$C$12:$C$262,'estado terrenos '!A34,'Seguimiento Agosto 2025'!$H$12:$H$262,$AA$4)+COUNTIFS('Seguimiento Agosto 2025'!$C$12:$C$262,'estado terrenos '!A34,'Seguimiento Agosto 2025'!$H$12:$H$262,$Y$4) -> 11 | E34: =+COUNTIFS('Seguimiento Agosto 2025'!$C$12:$C$262,'estado terrenos '!A34,'Seguimiento Agosto 2025'!$H$12:$H$262,$AA$4)+COUNTIFS('Seguimiento Agosto 2025'!$C$12:$C$262,'estado terrenos '!A34,'Seguimiento Agosto 2025'!$H$12:$H$262,$Y$4) -> 2 | F34: =+COUNTIFS('Seguimiento Agosto 2025'!$C$12:$C$262,'estado terrenos '!A34,'Seguimiento Agosto 2025'!$H$12:$H$262,$Z$5)+COUNTIFS('Seguimiento Agosto 2025'!$C$12:$C$262,'estado terrenos '!A34,'Seguimiento Agosto 2025'!$H$12:$H$262,$AA$5)+COUNTIFS('Seguimiento Agosto 2025'!$C$12:$C$262,'estado terrenos '!A34,'Seguimiento Agosto 2025'!$H$12:$H$262,$AB$5)+COUNTIFS('Seguimiento Agosto 2025'!$C$12:$C$262,'estado terrenos '!A34,'Seguimiento Agosto 2025'!$H$12:$H$262,$Z$6) -> 9 | G34: =+COUNTIFS('Seguimiento Agosto 2025'!$C$12:$C$262,'estado terrenos '!A34,'Seguimiento Agosto 2025'!$H$12:$H$262,$AB$4) -> 2 | H34: =+COUNTIFS('Seguimiento Agosto 2025'!$C$12:$C$262,'estado terrenos '!A34,'Seguimiento Agosto 2025'!$H$12:$H$262,'estado terrenos '!$AB$4,'Seguimiento Agosto 2025'!$I$12:$I$262,$AF$4) -> 1 | I34: =+COUNTIFS('Seguimiento Agosto 2025'!$C$12:$C$262,'estado terrenos '!A34,'Seguimiento Agosto 2025'!$H$12:$H$262,'estado terrenos '!$AB$4,'Seguimiento Agosto 2025'!$I$12:$I$262,$AE$4)+COUNTIFS('Seguimiento Agosto 2025'!$C$12:$C$262,'estado terrenos '!A34,'Seguimiento Agosto 2025'!$H$12:$H$262,'estado terrenos '!$AB$4,'Seguimiento Agosto 2025'!$I$12:$I$262,$AD$5) -> 1 | J34: =+COUNTIFS('Seguimiento Agosto 2025'!$C$12:$C$262,'estado terrenos '!A34,'Seguimiento Agosto 2025'!$H$12:$H$262,'estado terrenos '!$AB$4,'Seguimiento Agosto 2025'!$I$12:$I$262,$AD$4)+COUNTIFS('Seguimiento Agosto 2025'!$C$12:$C$262,'estado terrenos '!A34,'Seguimiento Agosto 2025'!$H$12:$H$262,'estado terrenos '!$AB$4,'Seguimiento Agosto 2025'!$I$12:$I$262,'estado terrenos '!$AE$5)+COUNTIFS('Seguimiento Agosto 2025'!$C$12:$C$262,'estado terrenos '!A34,'Seguimiento Agosto 2025'!$H$12:$H$262,'estado terrenos '!$AB$4,'Seguimiento Agosto 2025'!$I$12:$I$262,'estado terrenos '!$AF$5) -> 0 | K34: =R34 -> 0 | L34: =S34 -> 0 | M34: =T34 -> 0 | N34: =U34 -> 0 | O34: ='Resumen Servicio operando PI'!B33 -> #REF! | P34: ='Resumen Servicio operando PI'!C33 -> #REF! | R34: =+COUNTIFS('Seguimiento Agosto 2025'!$C$12:$C$262,'estado terrenos '!$A34,'Seguimiento Agosto 2025'!$Q$12:$Q$262,'estado terrenos '!$R$5,'Seguimiento Agosto 2025'!$Q$12:$Q$262,$R$4,'Seguimiento Agosto 2025'!$H$12:$H$262,'estado terrenos '!$Q$5) -> 0 | S34: =+COUNTIFS('Seguimiento Agosto 2025'!$C$12:$C$262,'estado terrenos '!$A34,'Seguimiento Agosto 2025'!$Q$12:$Q$262,'estado terrenos '!S$5,'Seguimiento Agosto 2025'!$Q$12:$Q$262,S$4,'Seguimiento Agosto 2025'!$H$12:$H$262,'estado terrenos '!$Q$5) -> 0 | T34: =+COUNTIFS('Seguimiento Agosto 2025'!$C$12:$C$262,'estado terrenos '!$A34,'Seguimiento Agosto 2025'!$Q$12:$Q$262,'estado terrenos '!T$5,'Seguimiento Agosto 2025'!$Q$12:$Q$262,T$4,'Seguimiento Agosto 2025'!$H$12:$H$262,'estado terrenos '!$Q$5) -> 0 | U34: =+COUNTIFS('Seguimiento Agosto 2025'!$C$12:$C$262,'estado terrenos '!$A34,'Seguimiento Agosto 2025'!$Q$12:$Q$262,'estado terrenos '!U$5,'Seguimiento Agosto 2025'!$Q$12:$Q$262,U$4,'Seguimiento Agosto 2025'!$H$12:$H$262,'estado terrenos '!$Q$5) -> 0
A35: SANTIAGO RODRÍGUEZ | B35: =+COUNTIF('Seguimiento Agosto 2025'!$C$12:$C$262,'estado terrenos '!A35) -> 3 | C35: =+COUNTIFS('Seguimiento Agosto 2025'!$C$12:$C$262,'estado terrenos '!A35,'Seguimiento Agosto 2025'!$H$12:$H$262,$Z$4,'Seguimiento Agosto 2025'!$Q$12:$Q$262,$AA$6) -> 1 | D35: =+COUNTIFS('Seguimiento Agosto 2025'!$C$12:$C$262,'estado terrenos '!A35,'Seguimiento Agosto 2025'!$H$12:$H$262,$Z$5)+COUNTIFS('Seguimiento Agosto 2025'!$C$12:$C$262,'estado terrenos '!A35,'Seguimiento Agosto 2025'!$H$12:$H$262,$AA$5)+COUNTIFS('Seguimiento Agosto 2025'!$C$12:$C$262,'estado terrenos '!A35,'Seguimiento Agosto 2025'!$H$12:$H$262,$AB$5)+COUNTIFS('Seguimiento Agosto 2025'!$C$12:$C$262,'estado terrenos '!A35,'Seguimiento Agosto 2025'!$H$12:$H$262,$Z$6)+COUNTIFS('Seguimiento Agosto 2025'!$C$12:$C$262,'estado terrenos '!A35,'Seguimiento Agosto 2025'!$H$12:$H$262,$AA$4)+COUNTIFS('Seguimiento Agosto 2025'!$C$12:$C$262,'estado terrenos '!A35,'Seguimiento Agosto 2025'!$H$12:$H$262,$Y$4) -> 2 | E35: =+COUNTIFS('Seguimiento Agosto 2025'!$C$12:$C$262,'estado terrenos '!A35,'Seguimiento Agosto 2025'!$H$12:$H$262,$AA$4)+COUNTIFS('Seguimiento Agosto 2025'!$C$12:$C$262,'estado terrenos '!A35,'Seguimiento Agosto 2025'!$H$12:$H$262,$Y$4) -> 0 | F35: =+COUNTIFS('Seguimiento Agosto 2025'!$C$12:$C$262,'estado terrenos '!A35,'Seguimiento Agosto 2025'!$H$12:$H$262,$Z$5)+COUNTIFS('Seguimiento Agosto 2025'!$C$12:$C$262,'estado terrenos '!A35,'Seguimiento Agosto 2025'!$H$12:$H$262,$AA$5)+COUNTIFS('Seguimiento Agosto 2025'!$C$12:$C$262,'estado terrenos '!A35,'Seguimiento Agosto 2025'!$H$12:$H$262,$AB$5)+COUNTIFS('Seguimiento Agosto 2025'!$C$12:$C$262,'estado terrenos '!A35,'Seguimiento Agosto 2025'!$H$12:$H$262,$Z$6) -> 2 | G35: =+COUNTIFS('Seguimiento Agosto 2025'!$C$12:$C$262,'estado terrenos '!A35,'Seguimiento Agosto 2025'!$H$12:$H$262,$AB$4) -> 0 | H35: =+COUNTIFS('Seguimiento Agosto 2025'!$C$12:$C$262,'estado terrenos '!A35,'Seguimiento Agosto 2025'!$H$12:$H$262,'estado terrenos '!$AB$4,'Seguimiento Agosto 2025'!$I$12:$I$262,$AF$4) -> 0 | I35: =+COUNTIFS('Seguimiento Agosto 2025'!$C$12:$C$262,'estado terrenos '!A35,'Seguimiento Agosto 2025'!$H$12:$H$262,'estado terrenos '!$AB$4,'Seguimiento Agosto 2025'!$I$12:$I$262,$AE$4)+COUNTIFS('Seguimiento Agosto 2025'!$C$12:$C$262,'estado terrenos '!A35,'Seguimiento Agosto 2025'!$H$12:$H$262,'estado terrenos '!$AB$4,'Seguimiento Agosto 2025'!$I$12:$I$262,$AD$5) -> 0 | J35: =+COUNTIFS('Seguimiento Agosto 2025'!$C$12:$C$262,'estado terrenos '!A35,'Seguimiento Agosto 2025'!$H$12:$H$262,'estado terrenos '!$AB$4,'Seguimiento Agosto 2025'!$I$12:$I$262,$AD$4)+COUNTIFS('Seguimiento Agosto 2025'!$C$12:$C$262,'estado terrenos '!A35,'Seguimiento Agosto 2025'!$H$12:$H$262,'estado terrenos '!$AB$4,'Seguimiento Agosto 2025'!$I$12:$I$262,'estado terrenos '!$AE$5)+COUNTIFS('Seguimiento Agosto 2025'!$C$12:$C$262,'estado terrenos '!A35,'Seguimiento Agosto 2025'!$H$12:$H$262,'estado terrenos '!$AB$4,'Seguimiento Agosto 2025'!$I$12:$I$262,'estado terrenos '!$AF$5) -> 0 | K35: =R35 -> 0 | L35: =S35 -> 0 | M35: =T35 -> 0 | N35: =U35 -> 0 | O35: ='Resumen Servicio operando PI'!B34 -> #REF! | P35: ='Resumen Servicio operando PI'!C34 -> #REF! | R35: =+COUNTIFS('Seguimiento Agosto 2025'!$C$12:$C$262,'estado terrenos '!$A35,'Seguimiento Agosto 2025'!$Q$12:$Q$262,'estado terrenos '!$R$5,'Seguimiento Agosto 2025'!$Q$12:$Q$262,$R$4,'Seguimiento Agosto 2025'!$H$12:$H$262,'estado terrenos '!$Q$5) -> 0 | S35: =+COUNTIFS('Seguimiento Agosto 2025'!$C$12:$C$262,'estado terrenos '!$A35,'Seguimiento Agosto 2025'!$Q$12:$Q$262,'estado terrenos '!S$5,'Seguimiento Agosto 2025'!$Q$12:$Q$262,S$4,'Seguimiento Agosto 2025'!$H$12:$H$262,'estado terrenos '!$Q$5) -> 0 | T35: =+COUNTIFS('Seguimiento Agosto 2025'!$C$12:$C$262,'estado terrenos '!$A35,'Seguimiento Agosto 2025'!$Q$12:$Q$262,'estado terrenos '!T$5,'Seguimiento Agosto 2025'!$Q$12:$Q$262,T$4,'Seguimiento Agosto 2025'!$H$12:$H$262,'estado terrenos '!$Q$5) -> 0 | U35: =+COUNTIFS('Seguimiento Agosto 2025'!$C$12:$C$262,'estado terrenos '!$A35,'Seguimiento Agosto 2025'!$Q$12:$Q$262,'estado terrenos '!U$5,'Seguimiento Agosto 2025'!$Q$12:$Q$262,U$4,'Seguimiento Agosto 2025'!$H$12:$H$262,'estado terrenos '!$Q$5) -> 0
... A37: VALVERDE | B37: =+COUNTIF('Seguimiento Agosto 2025'!$C$12:$C$262,'estado terrenos '!A37) -> 5 | C37: =+COUNTIFS('Seguimiento Agosto 2025'!$C$12:$C$262,'estado terrenos '!A37,'Seguimiento Agosto 2025'!$H$12:$H$262,$Z$4,'Seguimiento Agosto 2025'!$Q$12:$Q$262,$AA$6) -> 2 | D37: =+COUNTIFS('Seguimiento Agosto 2025'!$C$12:$C$262,'estado terrenos '!A37,'Seguimiento Agosto 2025'!$H$12:$H$262,$Z$5)+COUNTIFS('Seguimiento Agosto 2025'!$C$12:$C$262,'estado terrenos '!A37,'Seguimiento Agosto 2025'!$H$12:$H$262,$AA$5)+COUNTIFS('Seguimiento Agosto 2025'!$C$12:$C$262,'estado terrenos '!A37,'Seguimiento Agosto 2025'!$H$12:$H$262,$AB$5)+COUNTIFS('Seguimiento Agosto 2025'!$C$12:$C$262,'estado terrenos '!A37,'Seguimiento Agosto 2025'!$H$12:$H$262,$Z$6)+COUNTIFS('Seguimiento Agosto 2025'!$C$12:$C$262,'estado terrenos '!A37,'Seguimiento Agosto 2025'!$H$12:$H$262,$AA$4)+COUNTIFS('Seguimiento Agosto 2025'!$C$12:$C$262,'estado terrenos '!A37,'Seguimiento Agosto 2025'!$H$12:$H$262,$Y$4) -> 3 | E37: =+COUNTIFS('Seguimiento Agosto 2025'!$C$12:$C$262,'estado terrenos '!A37,'Seguimiento Agosto 2025'!$H$12:$H$262,$AA$4)+COUNTIFS('Seguimiento Agosto 2025'!$C$12:$C$262,'estado terrenos '!A37,'Seguimiento Agosto 2025'!$H$12:$H$262,$Y$4) -> 0 | F37: =+COUNTIFS('Seguimiento Agosto 2025'!$C$12:$C$262,'estado terrenos '!A37,'Seguimiento Agosto 2025'!$H$12:$H$262,$Z$5)+COUNTIFS('Seguimiento Agosto 2025'!$C$12:$C$262,'estado terrenos '!A37,'Seguimiento Agosto 2025'!$H$12:$H$262,$AA$5)+COUNTIFS('Seguimiento Agosto 2025'!$C$12:$C$262,'estado terrenos '!A37,'Seguimiento Agosto 2025'!$H$12:$H$262,$AB$5)+COUNTIFS('Seguimiento Agosto 2025'!$C$12:$C$262,'estado terrenos '!A37,'Seguimiento Agosto 2025'!$H$12:$H$262,$Z$6) -> 3 | G37: =+COUNTIFS('Seguimiento Agosto 2025'!$C$12:$C$262,'estado terrenos '!A37,'Seguimiento Agosto 2025'!$H$12:$H$262,$AB$4) -> 0 | H37: =+COUNTIFS('Seguimiento Agosto 2025'!$C$12:$C$262,'estado terrenos '!A37,'Seguimiento Agosto 2025'!$H$12:$H$262,'estado terrenos '!$AB$4,'Seguimiento Agosto 2025'!$I$12:$I$262,$AF$4) -> 0 | I37: =+COUNTIFS('Seguimiento Agosto 2025'!$C$12:$C$262,'estado terrenos '!A37,'Seguimiento Agosto 2025'!$H$12:$H$262,'estado terrenos '!$AB$4,'Seguimiento Agosto 2025'!$I$12:$I$262,$AE$4)+COUNTIFS('Seguimiento Agosto 2025'!$C$12:$C$262,'estado terrenos '!A37,'Seguimiento Agosto 2025'!$H$12:$H$262,'estado terrenos '!$AB$4,'Seguimiento Agosto 2025'!$I$12:$I$262,$AD$5) -> 0 | J37: =+COUNTIFS('Seguimiento Agosto 2025'!$C$12:$C$262,'estado terrenos '!A37,'Seguimiento Agosto 2025'!$H$12:$H$262,'estado terrenos '!$AB$4,'Seguimiento Agosto 2025'!$I$12:$I$262,$AD$4)+COUNTIFS('Seguimiento Agosto 2025'!$C$12:$C$262,'estado terrenos '!A37,'Seguimiento Agosto 2025'!$H$12:$H$262,'estado terrenos '!$AB$4,'Seguimiento Agosto 2025'!$I$12:$I$262,'estado terrenos '!$AE$5)+COUNTIFS('Seguimiento Agosto 2025'!$C$12:$C$262,'estado terrenos '!A37,'Seguimiento Agosto 2025'!$H$12:$H$262,'estado terrenos '!$AB$4,'Seguimiento Agosto 2025'!$I$12:$I$262,'estado terrenos '!$AF$5) -> 0 | K37: =R37 -> 0 | L37: =S37 -> 0 | M37: =T37 -> 0 | N37: =U37 -> 0 | O37: ='Resumen Servicio operando PI'!B36 -> #REF! | P37: ='Resumen Servicio operando PI'!C36 -> #REF! | R37: =+COUNTIFS('Seguimiento Agosto 2025'!$C$12:$C$262,'estado terrenos '!$A37,'Seguimiento Agosto 2025'!$Q$12:$Q$262,'estado terrenos '!$R$5,'Seguimiento Agosto 2025'!$Q$12:$Q$262,$R$4,'Seguimiento Agosto 2025'!$H$12:$H$262,'estado terrenos '!$Q$5) -> 0 | S37: =+COUNTIFS('Seguimiento Agosto 2025'!$C$12:$C$262,'estado terrenos '!$A37,'Seguimiento Agosto 2025'!$Q$12:$Q$262,'estado terrenos '!S$5,'Seguimiento Agosto 2025'!$Q$12:$Q$262,S$4,'Seguimiento Agosto 2025'!$H$12:$H$262,'estado terrenos '!$Q$5) -> 0 | T37: =+COUNTIFS('Seguimiento Agosto 2025'!$C$12:$C$262,'estado terrenos '!$A37,'Seguimiento Agosto 2025'!$Q$12:$Q$262,'estado terrenos '!T$5,'Seguimiento Agosto 2025'!$Q$12:$Q$262,T$4,'Seguimiento Agosto 2025'!$H$12:$H$262,'estado terrenos '!$Q$5) -> 0 | U37: =+COUNTIFS('Seguimiento Agosto 2025'!$C$12:$C$262,'estado terrenos '!$A37,'Seguimiento Agosto 2025'!$Q$12:$Q$262,'estado terrenos '!U$5,'Seguimiento Agosto 2025'!$Q$12:$Q$262,U$4,'Seguimiento Agosto 2025'!$H$12:$H$262,'estado terrenos '!$Q$5) -> 0
A38: TOTAL | B38: =SUM(B6:B37) -> 251 | C38: =SUM(C6:C37) -> 88 | D38: =SUM(D6:D37) -> 120 | E38: =SUM(E6:E37) -> 14 | F38: =SUM(F6:F37) -> 106 | G38: =SUM(G6:G37) -> 43 | H38: =SUM(H6:H37) -> 18 | I38: =SUM(I6:I37) -> 19 | ... P38: =SUM(P6:P37) -> #REF! | R38: =SUM(R6:R37) -> 0 | S38: =SUM(S6:S37) -> 0 | T38: =SUM(T6:T37) -> 0 | U38: =SUM(U6:U37) -> 0
B39: =+C38+D38+G38 -> 251 | D39: =+E38+F38 -> 120 | G39: =+H38+I38+J38 -> 43
D40: =+K38+L38+M38+N38 -> 0 | O40: =+O38+P38 -> #REF!

Sheet Seguimiento Agosto 2025
E2: ESTADO SITUACIÓN DE LOS TERRENOS Y DE LOS PROCESOS CONSTRUCTIVOS PARA CENTROS DE ATENCIÓN INTEGRAL A LA PRIMERA INFANCIA - CAIPI
D5: DEPARTAMENTO DE INFRAESTRUCTURA
F9: Actualizado al mes de Agosto 2025
A11: # | B11: Especialista | C11: Provincia | D11: Municipios Intervenidos | E11: Tipo de Intervencion | F11: Nombre Poligono Previsto | G11: Dirección | H11: Estado Constructivo | I11: Estado Adquisicion Terrenos | J11: Histórico Estado Constructivo | K11: Coordenadas | L11: Tipo CAIPI | M11: Contratista | N11: Contacto | O11: E-Mal | P11: # Sorteo | Q11: Porcentaje de Avance | R11: <=25% | S11: <=50% | T11: <=75% | U11: <=99%
A12: 1 | B12: Rafael Alexis | C12: Azua | D12: Azua | E12: Casco Urbano | F12: El Prado | G12: Calle Feliciano Martínez esq. José Leger, entrando por el Bo. El Prado, en Los Terrenos de Indesur e INESPRE | H12: ='[1]Matriz Mensual Alexis-Sept. 20 '!H11 -> Inaugurado | I12: ='[1]Matriz Mensual Alexis-Sept. 20 '!I11 -> 0 | J12: ='[1]Matriz Mensual Alexis-Sept. 20 '!J11 -> 0 | K12: ='[1]Matriz Mensual Alexis-Sept. 20 '!K11 -> 18.457552, -70.72747 | L12: ='[1]Matriz Mensual Alexis-Sept. 20 '!L11 -> 2 N | M12: ='[1]Matriz Mensual Alexis-Sept. 20 '!M11 -> MDM Arquit., EIRL / Mario Delgado Malagón | N12: ='[1]Matriz Mensual Alexis-Sept. 20 '!N11 -> 809-712-8343 / 829-9700155 | O12: ='[1]Matriz Mensual Alexis-Sept. 20 '!O11 -> mariodelgadomalagon@yahoo.com | ... Q12: ='[1]Matriz Mensual Alexis-Sept. 20 '!Q11 -> 1
A13: =+A12+1 -> 2 | B13: Rafael Alexis | C13: Azua | D13: Azua | E13: Casco Urbano | F13: La Bombita | G13: Detrás de la calle Pedro Santana y el Multiuso | H13: ='[1]Matriz Mensual Alexis-Sept. 20 '!H12 -> Inaugurado | I13: ='[1]Matriz Mensual Alexis-Sept. 20 '!I12 -> 0 | J13: ='[1]Matriz Mensual Alexis-Sept. 20 '!J12 -> CAIPI inaugurado. Este Caipi fue inaugurado el 28 de julio de 2020 y solo falta la instalacion de los equipos de cocina y algunos detalles menores | K13: ='[1]Matriz Mensual Alexis-Sept. 20 '!K12 -> 18.46111, -70.74270 | L13: ='[1]Matriz Mensual Alexis-Sept. 20 '!L12 -> 1 N | M13: ='[1]Matriz Mensual Alexis-Sept. 20 '!M12 -> Ramón Oscar Ditren Perdomo | N13: ='[1]Matriz Mensual Alexis-Sept. 20 '!N12 -> 829-701-4435 | O13: ='[1]Matriz Mensual Alexis-Sept. 20 '!O12 -> oditren@hotmail.com | ... Q13: ='[1]Matriz Mensual Alexis-Sept. 20 '!Q12 -> 1
A14: =+A13+1 -> 3 | B14: Rafael Alexis | C14: Azua | D14: Azua | E14: Casco Urbano | F14: Azua 1 | G14: Barrios Los Cartones-Simón Stridels | H14: ='[1]Matriz Mensual Alexis-Sept. 20 '!H13 -> Inaugurado | I14: ='[1]Matriz Mensual Alexis-Sept. 20 '!I13 -> 0 | J14: ='[1]Matriz Mensual Alexis-Sept. 20 '!J13 -> CAIPI inaugurado. Este Caipi fue inaugurado el dia 28 de julio 2020 y solo falta dar mantenimiento a las areas exteriores | K14: ='[1]Matriz Mensual Alexis-Sept. 20 '!K13 -> 18.44640,-70.73738 | L14: ='[1]Matriz Mensual Alexis-Sept. 20 '!L13 -> 1 N | M14: ='[1]Matriz Mensual Alexis-Sept. 20 '!M13 -> Marcia Alexandra Calderón de Brea | N14: ='[1]Matriz Mensual Alexis-Sept. 20 '!N13 -> (809)304-5482 | O14: ='[1]Matriz Mensual Alexis-Sept. 20 '!O13 -> calderon.marcia@gmail.com | ... Q14: ='[1]Matriz Mensual Alexis-Sept. 20 '!Q13 -> 1
A15: =+A14+1 -> 4 | B15: Rafael Alexis | C15: Azua | D15: Azua | E15: Casco Urbano | F15: Azua 2 | G15: Barrio La Placeta (Reubicada en el Ens. Quisqueya) | H15: ='[1]Matriz Mensual Alexis-Sept. 20 '!H14 -> En Construcción | I15: ='[1]Matriz Mensual Alexis-Sept. 20 '!I14 -> 0 | J15: ='[1]Matriz Mensual Alexis-Sept. 20 '!J14 -> CAIPI en construccion. Esta trabajando en la terminacion de cantos y mochetas en el 1er y 2do nivel. Solicitamos la construcción de la rampa de acceso al segundo nivel y la construcción de una garita para el portero, dada la inclemencia del clima de la zona y la distancia. | K15: ='[1]Matriz Mensual Alexis-Sept. 20 '!K14 -> 18.449060, -70.720413 | L15: ='[1]Matriz Mensual Alexis-Sept. 20 '!L14 -> 2 N | M15: ='[1]Matriz Mensual Alexis-Sept. 20 '!M14 -> Diny Wander Matos Garabito | N15: ='[1]Matriz Mensual Alexis-Sept. 20 '!N14 -> (809)912-6070 | O15: ='[1]Matriz Mensual Alexis-Sept. 20 '!O14 -> dinymatos@hotmail.com | ... Q15: ='[1]Matriz Mensual Alexis-Sept. 20 '!Q14 -> 0.48
A16: =+A15+1 -> 5 | B16: Rafael Alexis | C16: Azua | D16: Peralta | E16: Casco Urbano | F16: Peralta (trasladada desde Herrera - Libertador) | G16: Peralta | H16: ='[1]Matriz Mensual Alexis-Sept. 20 '!H15 -> Sin Iniciar | I16: ='[1]Matriz Mensual Alexis-Sept. 20 '!I15 -> Negociado | J16: ='[1]Matriz Mensual Alexis-Sept. 20 '!J15 -> CAIPI en negociación. Las familias recibieron el pago por la casas que fueron demolidas, pero están en espera del pago de los terrenos para poder iniciar los trabajos. La OGI está evaluando resindir este acuerdo. | K16: ='[1]Matriz Mensual Alexis-Sept. 20 '!K15 -> 0 | L16: ='[1]Matriz Mensual Alexis-Sept. 20 '!L15 -> 0 | M16: ='[1]Matriz Mensual Alexis-Sept. 20 '!M15 -> Herbert Lenin Brito | N16: ='[1]Matriz Mensual Alexis-Sept. 20 '!N15 -> 0 | O16: ='[1]Matriz Mensual Alexis-Sept. 20 '!O15 -> 0 | ... Q16: ='[1]Matriz Mensual Alexis-Sept. 20 '!Q15 -> 0
A17: =+A16+1 -> 6 | B17: Rafael Alexis | C17: Peravia | D17: Bani | E17: Casco Urbano | F17: Bani 1 (Los Barrancones) | G17: Calle 1ra detrás de La Sirena | H17: ='[1]Matriz Mensual Alexis-Sept. 20 '!H16 -> Inaugurado | I17: ='[1]Matriz Mensual Alexis-Sept. 20 '!I16 -> 0 | J17: ='[1]Matriz Mensual Alexis-Sept. 20 '!J16 -> 0 | K17: ='[1]Matriz Mensual Alexis-Sept. 20 '!K16 -> 18,28417, -70,34220 | L17: ='[1]Matriz Mensual Alexis-Sept. 20 '!L16 -> 2 N | M17: ='[1]Matriz Mensual Alexis-Sept. 20 '!M16 -> Leidy Espinosa Mejía | N17: ='[1]Matriz Mensual Alexis-Sept. 20 '!N16 -> 809-563-1496 / 809-854-1868 | O17: ='[1]Matriz Mensual Alexis-Sept. 20 '!O16 -> leidyme@hotmail.com | ... Q17: ='[1]Matriz Mensual Alexis-Sept. 20 '!Q16 -> 1
A18: =+A17+1 -> 7 | B18: Rafael Alexis | C18: Peravia | D18: Bani | E18: Casco Urbano | F18: Bani 2 (Santa Cruz) | G18: C/ Nuestra Señora de Regla esq. calle Presidente Victoria | H18: ='[1]Matriz Mensual Alexis-Sept. 20 '!H17 -> Detenido pago cubicación | I18: ='[1]Matriz Mensual Alexis-Sept. 20 '!I17 -> 0 | J18: ='[1]Matriz Mensual Alexis-Sept. 20 '!J17 -> CAIPI detenido por pago de cubicaciones, Esta Caipi esta en fase de terminación sin embargo está detenido desde el mes de septiembre 2019. Recordamos la necesidad de la escalera de acceso a la azotea. | K18: ='[1]Matriz Mensual Alexis-Sept. 20 '!K17 -> 18,2852556, -70,3324021 | L18: ='[1]Matriz Mensual Alexis-Sept. 20 '!L17 -> 2 N | M18: ='[1]Matriz Mensual Alexis-Sept. 20 '!M17 -> Ingenieria Higüerito SRL/José Ramírez | N18: ='[1]Matriz Mensual Alexis-Sept. 20 '!N17 -> (829)912-2490 | O18: ='[1]Matriz Mensual Alexis-Sept. 20 '!O17 -> vlasanchez@yahoo.com | ... Q18: ='[1]Matriz Mensual Alexis-Sept. 20 '!Q17 -> 0.85 | W18: Detenido
A19: =+A18+1 -> 8 | B19: Rafael Alexis | C19: Peravia | D19: Bani | E19: Casco Urbano | F19: * Bani 3 Casco Urbano | G19: Casco Urbano Bani | H19: ='[1]Matriz Mensual Alexis-Sept. 20 '!H18 -> Detenido pago cubicación | I19: ='[1]Matriz Mensual Alexis-Sept. 20 '!I18 -> 0 | J19: ='[1]Matriz Mensual Alexis-Sept. 20 '!J18 -> CAIPI detenido por pago de cubicación. Este Caipi está detenido desde mediado de agosto, se trabajó en la colocación de pisos en primer y segundo nivel y en la aplicación de la pintura base. Sugerimos la construcción de la 2da caseta para depósito, la adecuación de las calles perimetrales, la escalera de acceso a la azotea y la rampa de acceso al segundo nivel. | K19: ='[1]Matriz Mensual Alexis-Sept. 20 '!K18 -> 18,266751, -70,325672 | L19: ='[1]Matriz Mensual Alexis-Sept. 20 '!L18 -> 2 N | M19: ='[1]Matriz Mensual Alexis-Sept. 20 '!M18 -> Santa Ana Guzman Ubri | N19: ='[1]Matriz Mensual Alexis-Sept. 20 '!N18 -> (809)603-3739 | O19: ='[1]Matriz Mensual Alexis-Sept. 20 '!O18 -> arqradriel@hotmail.es | ... Q19: ='[1]Matriz Mensual Alexis-Sept. 20 '!Q18 -> 0.72
A20: =+A19+1 -> 9 | B20: Rafael Alexis | C20: Peravia | D20: Nizao | E20: Municipio Completo | F20: Nizao | G20: Próximo al Liceo | H20: ='[1]Matriz Mensual Alexis-Sept. 20 '!H19 -> Detenido | I20: ='[1]Matriz Mensual Alexis-Sept. 20 '!I19 -> 0 | J20: ='[1]Matriz Mensual Alexis-Sept. 20 '!J19 -> CAIPI detenido. El 26/11/19 recibió la aprobación ejecución de pilotes, se cotizo con las compañías autorizadas. Está en espera de confirmación del MINERD; Estos trabajos están detenido desde inicio de la cuarentena. | K20: ='[1]Matriz Mensual Alexis-Sept. 20 '!K19 -> 18,241830, -70,211899 | L20: ='[1]Matriz Mensual Alexis-Sept. 20 '!L19 -> 1 N | M20: ='[1]Matriz Mensual Alexis-Sept. 20 '!M19 -> Ana de la Rosa Mercedes | N20: ='[1]Matriz Mensual Alexis-Sept. 20 '!N19 -> (809)913-2813 | O20: ='[1]Matriz Mensual Alexis-Sept. 20 '!O19 -> evenecer.arm@hotmail.com | ... Q20: ='[1]Matriz Mensual Alexis-Sept. 20 '!Q19 -> 0
A21: =+A20+1 -> 10 | B21: Rafael Alexis | C21: San José de Ocoa | D21: San José de Ocoa | E21: Casco Urbano | F21: San José de Ocoa (Los Maestros) | G21: Calle Sin Nombre, detrás de la Escuela Especial | H21: ='[1]Matriz Mensual Alexis-Sept. 20 '!H20 -> Inaugurado | I21: ='[1]Matriz Mensual Alexis-Sept. 20 '!I20 -> 0 | J21: ='[1]Matriz Mensual Alexis-Sept. 20 '!J20 -> 0 | K21: ='[1]Matriz Mensual Alexis-Sept. 20 '!K20 -> 0 | L21: ='[1]Matriz Mensual Alexis-Sept. 20 '!L20 -> 0 | M21: ='[1]Matriz Mensual Alexis-Sept. 20 '!M20 -> LAMPARD GROUP, SRL / Juan D. Pérez | N21: ='[1]Matriz Mensual Alexis-Sept. 20 '!N20 -> 809-424-3032 / 809-334-3426 | O21: ='[1]Matriz Mensual Alexis-Sept. 20 '!O20 -> lampardgroupsrl@gmail.com / arq.jdpr@gmail.com | ... Q21: ='[1]Matriz Mensual Alexis-Sept. 20 '!Q20 -> 1
A22: =+A21+1 -> 11 | B22: Rafael Alexis | C22: San José de Ocoa | D22: Sabana Larga | E22: Casco Urbano | F22: Sabana Larga | G22: Sabana Larga | H22: ='[1]Matriz Mensual Alexis-Sept. 20 '!H21 -> Inaugurado | I22: ='[1]Matriz Mensual Alexis-Sept. 20 '!I21 -> 0 | J22: ='[1]Matriz Mensual Alexis-Sept. 20 '!J21 -> CAIPI inaugurado. Este Caipi fue inaugurado el 28 de julio 2020. | K22: ='[1]Matriz Mensual Alexis-Sept. 20 '!K21 -> 18,58176, -70,49736 | L22: ='[1]Matriz Mensual Alexis-Sept. 20 '!L21 -> 1 N | M22: ='[1]Matriz Mensual Alexis-Sept. 20 '!M21 -> Francisco Reynaldo Martinez Subero | N22: ='[1]Matriz Mensual Alexis-Sept. 20 '!N21 -> (829)447-9337 | O22: ='[1]Matriz Mensual Alexis-Sept. 20 '!O21 -> martinezsubero2010@hotmail.com | ... Q22: ='[1]Matriz Mensual Alexis-Sept. 20 '!Q21 -> 1
A23: =+A22+1 -> 12 | B23: Rafael Alexis | C23: Barahona | D23: Barahona | E23: Casco Urbano | F23: Barahona Suroeste (Camboya) | G23: Calle Camboya #63 | H23: ='[1]Matriz Mensual Alexis-Sept. 20 '!H22 -> En Construcción | I23: ='[1]Matriz Mensual Alexis-Sept. 20 '!I22 -> 0 | J23: ='[1]Matriz Mensual Alexis-Sept. 20 '!J22 -> CAIPI en construcción. El contratista está trabajando en la colocación de pisos y el pañete exterior. Sigue pendiente de la adecuación de la cocina, de acuerdo con los requerimientos del INAIPI. | K23: ='[1]Matriz Mensual Alexis-Sept. 20 '!K22 -> 18,205134, -71,109655 | L23: ='[1]Matriz Mensual Alexis-Sept. 20 '!L22 -> 2 N | M23: ='[1]Matriz Mensual Alexis-Sept. 20 '!M22 -> Luís Bienvenido Ledesma Cuevas | N23: ='[1]Matriz Mensual Alexis-Sept. 20 '!N22 -> 829-943-7559 | O23: ='[1]Matriz Mensual Alexis-Sept. 20 '!O22 -> b.ledesma9@gmail.com | ... Q23: ='[1]Matriz Mensual Alexis-Sept. 20 '!Q22 -> 0.63
A24: =+A23+1 -> 13 | B24: Rafael Alexis | C24: Barahona | D24: Barahona | E24: Casco Urbano | F24: * Barahona 1 | G24: Centro Ciudad | H24: ='[1]Matriz Mensual Alexis-Sept. 20 '!H23 -> Detenido | I24: ='[1]Matriz Mensual Alexis-Sept. 20 '!I23 -> 0 | J24: ='[1]Matriz Mensual Alexis-Sept. 20 '!J23 -> CAIPI detenido. El contratista detuvo los trabajos a solicitud de los propietarios del terreno a partir del mes de enero 2020, ya que dichos propietarios realizaron un acuerdo con el MINERD para que al iniciar los trabajos de construcción del CAIPI iniciarían también los trabajos de construcción de un centro de educación para sordo mudos y no se realizado | K24: ='[1]Matriz Mensual Alexis-Sept. 20 '!K23 -> 18,2108480, -71,0994650 | L24: ='[1]Matriz Mensual Alexis-Sept. 20 '!L23 -> 1 N | M24: ='[1]Matriz Mensual Alexis-Sept. 20 '!M23 -> Hector Bienvenido Segura Matos | N24: ='[1]Matriz Mensual Alexis-Sept. 20 '!N23 -> (809)524-2028 | O24: ='[1]Matriz Mensual Alexis-Sept. 20 '!O23 -> hector.claro@hotmail.com | ... Q24: ='[1]Matriz Mensual Alexis-Sept. 20 '!Q23 -> 0.02
A25: =+A24+1 -> 14 | B25: Rafael Alexis | C25: Barahona | D25: Barahona | E25: Casco Urbano | F25: Barahona 2 | G25: Pueblo Nuevo | H25: ='[1]Matriz Mensual Alexis-Sept. 20 '!H24 -> Inaugurado | I25: ='[1]Matriz Mensual Alexis-Sept. 20 '!I24 -> 0 | J25: ='[1]Matriz Mensual Alexis-Sept. 20 '!J24 -> CAIPI en servicio, Este centro fue inaugurado, en la primera semana de febrero 2019. | K25: ='[1]Matriz Mensual Alexis-Sept. 20 '!K24 -> 18,1965460, -71,1055100 | L25: ='[1]Matriz Mensual Alexis-Sept. 20 '!L24 -> 2 N | M25: ='[1]Matriz Mensual Alexis-Sept. 20 '!M24 -> Construcciones SLAVA SRL/Stalin Carbonell | N25: ='[1]Matriz Mensual Alexis-Sept. 20 '!N24 -> (829)260-9365 | O25: ='[1]Matriz Mensual Alexis-Sept. 20 '!O24 -> stalincarbonell@yahoo.com | ... Q25: ='[1]Matriz Mensual Alexis-Sept. 20 '!Q24 -> 1
A26: =+A25+1 -> 15 | B26: Rafael Alexis | C26: Barahona | D26: Distrito Municipal Villa Central | E26: Distrito Municipal Completo | F26: Los Block-Salinas (Juan Pablo Duarte) | G26: Calle 7ma Avenida , Los Blocks. Al Lado Del Ayuntamiento De Villa Central | H26: ='[1]Matriz Mensual Alexis-Sept. 20 '!H25 -> Inaugurado | I26: ='[1]Matriz Mensual Alexis-Sept. 20 '!I25 -> 0 | J26: ='[1]Matriz Mensual Alexis-Sept. 20 '!J25 -> 0 | K26: ='[1]Matriz Mensual Alexis-Sept. 20 '!K25 -> 0 | L26: ='[1]Matriz Mensual Alexis-Sept. 20 '!L25 -> 0 | M26: ='[1]Matriz Mensual Alexis-Sept. 20 '!M25 -> Venerado León Turbó | N26: ='[1]Matriz Mensual Alexis-Sept. 20 '!N25 -> 0 | O26: ='[1]Matriz Mensual Alexis-Sept. 20 '!O25 -> 0 | ... Q26: ='[1]Matriz Mensual Alexis-Sept. 20 '!Q25 -> 1
A27: =+A26+1 -> 16 | B27: Rafael Alexis | C27: Bahoruco | D27: Tamayo | E27: Bloque Barrio | F27: Tamayo (trasladada desde Maria Auxiliadora II) | G27: Tamayo | H27: ='[1]Matriz Mensual Alexis-Sept. 20 '!H26 -> Sin Iniciar | I27: ='[1]Matriz Mensual Alexis-Sept. 20 '!I26 -> Con Propuesta | J27: ='[1]Matriz Mensual Alexis-Sept. 20 '!J26 -> 0 | K27: ='[1]Matriz Mensual Alexis-Sept. 20 '!K26 -> 0 | L27: ='[1]Matriz Mensual Alexis-Sept. 20 '!L26 -> 0 | M27: ='[1]Matriz Mensual Alexis-Sept. 20 '!M26 -> Francisco Alejandro Prats Morey | N27: ='[1]Matriz Mensual Alexis-Sept. 20 '!N26 -> (809)707-0240 | O27: ='[1]Matriz Mensual Alexis-Sept. 20 '!O26 -> alex_prats@hotmail.com | ... Q27: ='[1]Matriz Mensual Alexis-Sept. 20 '!Q26 -> 0
A28: =+A27+1 -> 17 | B28: Rafael Alexis | C28: Barahona | D28: Vicente Noble | E28: Vicente Noble | F28: Vicente Noble (Trasladado desde Bani 1) | G28: Vicente Noble | H28: ='[1]Matriz Mensual Alexis-Sept. 20 '!H27 -> Sin Iniciar | I28: ='[1]Matriz Mensual Alexis-Sept. 20 '!I27 -> Con Propuesta | J28: ='[1]Matriz Mensual Alexis-Sept. 20 '!J27 -> 0 | K28: ='[1]Matriz Mensual Alexis-Sept. 20 '!K27 -> 0 | L28: ='[1]Matriz Mensual Alexis-Sept. 20 '!L27 -> 0 | M28: ='[1]Matriz Mensual Alexis-Sept. 20 '!M27 -> Jesus Emmanuel Montero Javier | N28: ='[1]Matriz Mensual Alexis-Sept. 20 '!N27 -> (829)858-7483 | O28: ='[1]Matriz Mensual Alexis-Sept. 20 '!O27 -> emmanuel.grupokratos@gmail.com | ... Q28: ='[1]Matriz Mensual Alexis-Sept. 20 '!Q27 -> 0
A29: =+A28+1 -> 18 | B29: Rafael Alexis | C29: Pedernales | D29: Pedernales | E29: Municipio Completo | F29: Los Cayucos (Minguito Ortiz) | G29: Minguito Ortiz | H29: ='[1]Matriz Mensual Alexis-Sept. 20 '!H28 -> Inaugurado | I29: ='[1]Matriz Mensual Alexis-Sept. 20 '!I28 -> 0 | J29: ='[1]Matriz Mensual Alexis-Sept. 20 '!J28 -> 0 | K29: ='[1]Matriz Mensual Alexis-Sept. 20 '!K28 -> 0 | L29: ='[1]Matriz Mensual Alexis-Sept. 20 '!L28 -> 0 | M29: ='[1]Matriz Mensual Alexis-Sept. 20 '!M28 -> Yonny Pérez, S.R.L. | N29: ='[1]Matriz Mensual Alexis-Sept. 20 '!N28 -> 8098012981 | O29: ='[1]Matriz Mensual Alexis-Sept. 20 '!O28 -> marlenejfl@hotmail.com; jhonnyperez69@gmail.com | ... Q29: ='[1]Matriz Mensual Alexis-Sept. 20 '!Q28 -> 1
A30: =+A29+1 -> 19 | B30: Clarivel Adames | C30: Elías Piña | D30: Comendador | E30: Casco Urbano | F30: Aduana Vieja | H30: ='[2]Resumen Clarivel Adames ago. 20'!H10 -> Inaugurado | I30: ='[2]Resumen Clarivel Adames ago. 20'!I10 -> 0 | J30: ='[2]Resumen Clarivel Adames ago. 20'!J10 -> 0 | K30: ='[2]Resumen Clarivel Adames ago. 20'!K10 -> 18.878156,-71.706987 | L30: ='[2]Resumen Clarivel Adames ago. 20'!L10 -> 2N | M30: ='[2]Resumen Clarivel Adames ago. 20'!M10 -> 0 | N30: ='[2]Resumen Clarivel Adames ago. 20'!N10 -> 0 | O30: ='[2]Resumen Clarivel Adames ago. 20'!O10 -> 0 | ... Q30: ='[2]Resumen Clarivel Adames ago. 20'!Q10 -> 1
A31: =+A30+1 -> 20 | B31: Clarivel Adames | C31: Elías Piña | D31: Hondo Valle | E31: Casco Urbano | F31: Hondo Valle | G31: Centro Ciudad | H31: ='[2]Resumen Clarivel Adames ago. 20'!H11 -> Detenido pago cubicación | I31: ='[2]Resumen Clarivel Adames ago. 20'!I11 -> 0 | J31: ='[2]Resumen Clarivel Adames ago. 20'!J11 -> CAIPI detenido por cubicación. Se paralizo en el mes de septiembre 2020. Le falta pinturas de colores, las instalaciones de la lámpara, el área exterior, la jardinería completa, área de juegos, en plomería la instalación de lavamanos. espera pago de cubicación para terminar el CAIPI y entregarlo para su inauguración. | K31: ='[2]Resumen Clarivel Adames ago. 20'!K11 -> 18.7179610, -71.6970430 | L31: ='[2]Resumen Clarivel Adames ago. 20'!L11 -> 2N | M31: ='[2]Resumen Clarivel Adames ago. 20'!M11 -> Bicerici Const. SRL/Gabriel Abreu | N31: ='[2]Resumen Clarivel Adames ago. 20'!N11 -> (809)886-0061 | O31: ='[2]Resumen Clarivel Adames ago. 20'!O11 -> gabrielabreuf@gmail.com | ... Q31: ='[2]Resumen Clarivel Adames ago. 20'!Q11 -> 0.95
A32: =+A31+1 -> 21 | B32: Clarivel Adames | C32: San Juan | D32: San Juan | E32: Casco Urbano | F32: Córbano Sur | G32: Barrio Nuevo, Carretera Chalona casi frenta a la Escuela Basica El Refugio | H32: ='[2]Resumen Clarivel Adames ago. 20'!H12 -> Inaugurado | I32: ='[2]Resumen Clarivel Adames ago. 20'!I12 -> 0 | J32: ='[2]Resumen Clarivel Adames ago. 20'!J12 -> 0 | K32: ='[2]Resumen Clarivel Adames ago. 20'!K12 -> 18.807104,-71.250357 | L32: ='[2]Resumen Clarivel Adames ago. 20'!L12 -> 1N | M32: ='[2]Resumen Clarivel Adames ago. 20'!M12 -> 0 | N32: ='[2]Resumen Clarivel Adames ago. 20'!N12 -> 0 | O32: ='[2]Resumen Clarivel Adames ago. 20'!O12 -> 0 | ... Q32: ='[2]Resumen Clarivel Adames ago. 20'!Q12 -> 1
A33: =+A32+1 -> 22 | B33: Clarivel Adames | C33: San Juan | D33: San Juan | E33: Casco Urbano | F33: Villa Flores | G33: Av. Circunvalación Sur detrás del Edif. # 15 | H33: ='[2]Resumen Clarivel Adames ago. 20'!H13 -> Inaugurado | I33: ='[2]Resumen Clarivel Adames ago. 20'!I13 -> 0 | J33: ='[2]Resumen Clarivel Adames ago. 20'!J13 -> 0 | K33: ='[2]Resumen Clarivel Adames ago. 20'!K13 -> 18.795283,-71.224238 | L33: ='[2]Resumen Clarivel Adames ago. 20'!L13 -> 1N | M33: ='[2]Resumen Clarivel Adames ago. 20'!M13 -> Roberto Meraldo Bautista | N33: ='[2]Resumen Clarivel Adames ago. 20'!N13 -> 809-667-1566 | O33: ='[2]Resumen Clarivel Adames ago. 20'!O13 -> ing.robertombautista@gmail.com | ... Q33: ='[2]Resumen Clarivel Adames ago. 20'!Q13 -> 1
A34: =+A33+1 -> 23 | B34: Clarivel Adames | C34: San Juan | D34: San Juan | E34: Casco Urbano | F34: Ensanche Anacaona | G34: Entre las calles Proyecto 22 y Proyecto 25, Zona Oeste | H34: ='[2]Resumen Clarivel Adames ago. 20'!H14 -> Inaugurado | I34: ='[2]Resumen Clarivel Adames ago. 20'!I14 -> 0 | J34: ='[2]Resumen Clarivel Adames ago. 20'!J14 -> 0 | K34: ='[2]Resumen Clarivel Adames ago. 20'!K14 -> 18.8188416,-71.2358921 | L34: ='[2]Resumen Clarivel Adames ago. 20'!L14 -> 2N | M34: ='[2]Resumen Clarivel Adames ago. 20'!M14 -> 0 | N34: ='[2]Resumen Clarivel Adames ago. 20'!N14 -> 0 | O34: ='[2]Resumen Clarivel Adames ago. 20'!O14 -> 0 | ... Q34: ='[2]Resumen Clarivel Adames ago. 20'!Q14 -> 1
A35: =+A34+1 -> 24 | B35: Clarivel Adames | C35: San Juan | D35: San Juan | E35: Casco Urbano | F35: * San Juan | G35: Centro de la Ciudad | H35: ='[2]Resumen Clarivel Adames ago. 20'!H15 -> Detenido por planos | I35: ='[2]Resumen Clarivel Adames ago. 20'!I15 -> 0 | J35: ='[2]Resumen Clarivel Adames ago. 20'!J15 -> CAIPI detenido por plano. Está a la espera de que el MOPC le entregue los planos del rediseño que aprobaron para el muro de contención, le autorizaron a suplirse de piedra desde octubre 2019. | K35: ='[2]Resumen Clarivel Adames ago. 20'!K15 -> 18.806670, -71.218434 | L35: ='[2]Resumen Clarivel Adames ago. 20'!L15 -> 1N | M35: ='[2]Resumen Clarivel Adames ago. 20'!M15 -> Const. ROYSER SRL/Antonio A. Roa C. | N35: ='[2]Resumen Clarivel Adames ago. 20'!N15 -> (809)756-8386, (809)907-7551 | O35: ='[2]Resumen Clarivel Adames ago. 20'!O15 -> cons_royser@hotmail.com | ... Q35: ='[2]Resumen Clarivel Adames ago. 20'!Q15 -> 0.06
A36: =+A35+1 -> 25 | B36: Clarivel Adames | C36: San Juan | D36: Las Matas de Farfan | E36: Municipio Completo | F36: Pueblo Nuevo | G36: Calle Duvergé, al lado del Play de Softbol | H36: ='[2]Resumen Clarivel Adames ago. 20'!H16 -> Inaugurado | I36: ='[2]Resumen Clarivel Adames ago. 20'!I16 -> 0 | J36: ='[2]Resumen Clarivel Adames ago. 20'!J16 -> 0 | K36: ='[2]Resumen Clarivel Adames ago. 20'!K16 -> 18.878138, -71.517867 | L36: ='[2]Resumen Clarivel Adames ago. 20'!L16 -> 2N | M36: ='[2]Resumen Clarivel Adames ago. 20'!M16 -> 0 | N36: ='[2]Resumen Clarivel Adames ago. 20'!N16 -> 0 | O36: ='[2]Resumen Clarivel Adames ago. 20'!O16 -> 0 | ... Q36: ='[2]Resumen Clarivel Adames ago. 20'!Q16 -> 1
A37: =+A36+1 -> 26 | B37: Clarivel Adames | C37: San Juan | D37: Las Matas de Farfan | E37: Municipio Completo | F37: Las Matas de Farfan | G37: Barrio Villa Esperanza | H37: ='[2]Resumen Clarivel Adames ago. 20'!H17 -> Detenido pago cubicación | I37: ='[2]Resumen Clarivel Adames ago. 20'!I17 -> 0 | J37: ='[2]Resumen Clarivel Adames ago. 20'!J17 -> CAIPI detenido por pago de cubicación. Está esperando el pago para comprar los hierros y aplicar la segunda mano de pintura, se paralizó desde el 21 de agosto 2020. | K37: ='[2]Resumen Clarivel Adames ago. 20'!K17 -> 18.8686300,-715094030 | L37: ='[2]Resumen Clarivel Adames ago. 20'!L17 -> 2N | M37: ='[2]Resumen Clarivel Adames ago. 20'!M17 -> Armando de Jesús Feliz Valdez | N37: ='[2]Resumen Clarivel Adames ago. 20'!N17 -> (809)654-6852 | O37: ='[2]Resumen Clarivel Adames ago. 20'!O17 -> armandojfv@hotmail.com | ... Q37: ='[2]Resumen Clarivel Adames ago. 20'!Q17 -> 0.86
A38: =+A37+1 -> 27 | B38: Clarivel Adames | C38: Bahoruco | D38: Neiba | E38: Municipio Completo | F38: Neiba (Barrio Puerto Plata) | G38: Calle José Fco. Peña Gómez esq. Calle Mella | H38: ='[2]Resumen Clarivel Adames ago. 20'!H18 -> Inaugurado | I38: ='[2]Resumen Clarivel Adames ago. 20'!I18 -> 0 | J38: ='[2]Resumen Clarivel Adames ago. 20'!J18 -> 0 | K38: ='[2]Resumen Clarivel Adames ago. 20'!K18 -> 18.492309,-71.420036 | L38: ='[2]Resumen Clarivel Adames ago. 20'!L18 -> 2N | M38: ='[2]Resumen Clarivel Adames ago. 20'!M18 -> Tirson David Medina Medina | N38: ='[2]Resumen Clarivel Adames ago. 20'!N18 -> 809-696-2017 | O38: ='[2]Resumen Clarivel Adames ago. 20'!O18 -> ing.medina78@hotmail.com | ... Q38: ='[2]Resumen Clarivel Adames ago. 20'!Q18 -> 1
A39: =+A38+1 -> 28 | B39: Clarivel Adames | C39: Bahoruco | D39: Neiba | E39: Municipio Completo | F39: Neiba (Trasladada desde Mejoramiento Social DN) | G39: Neiba | H39: ='[2]Resumen Clarivel Adames ago. 20'!H19 -> Detenido pago cubicación | I39: ='[2]Resumen Clarivel Adames ago. 20'!I19 -> 0 | J39: ='[2]Resumen Clarivel Adames ago. 20'!J19 -> CAIPI detenido por cubicación. Se quedó en la colocación de block en el segundo piso ya que esta esperando pago de cubicación. Paralizado en fecha 20 de septiembre 2020. | K39: ='[2]Resumen Clarivel Adames ago. 20'!K19 -> 18.4874830, -71.4156400 | L39: ='[2]Resumen Clarivel Adames ago. 20'!L19 -> 0 | M39: ='[2]Resumen Clarivel Adames ago. 20'!M19 -> Ing. Mildred A. Hernández L | N39: ='[2]Resumen Clarivel Adames ago. 20'!N19 -> 829 448 4540 | O39: ='[2]Resumen Clarivel Adames ago. 20'!O19 -> milher0911@gmail.com | ... Q39: ='[2]Resumen Clarivel Adames ago. 20'!Q19 -> 0.45
A40: =+A39+1 -> 29 | B40: Clarivel Adames | C40: Bahoruco | D40: Galvan | E40: Municipio Completo | F40: Galván | G40: Galvan | H40: ='[2]Resumen Clarivel Adames ago. 20'!H20 -> Detenido pago cubicación | I40: ='[2]Resumen Clarivel Adames ago. 20'!I20 -> 0 | J40: ='[2]Resumen Clarivel Adames ago. 20'!J20 -> CAIPI detenido por cubicación. Se paralizo en septiembre 2020. Se encuentra en el pulido de pisos y colocación de hierros ya que le tiene pendiente pago de cubicación y no tiene recurso para continuar. | K40: ='[2]Resumen Clarivel Adames ago. 20'!K20 -> 18.5067490,-71.3370160 | L40: ='[2]Resumen Clarivel Adames ago. 20'!L20 -> 1N | M40: ='[2]Resumen Clarivel Adames ago. 20'!M20 -> KELGOMSA SRL/Joaquina Montero | N40: ='[2]Resumen Clarivel Adames ago. 20'!N20 -> (829)552-8602 | O40: ='[2]Resumen Clarivel Adames ago. 20'!O20 -> woodysjimenez@gmail.com | ... Q40: ='[2]Resumen Clarivel Adames ago. 20'!Q20 -> 0.87
A41: =+A40+1 -> 30 | B41: Clarivel Adames | C41: Bahoruco | D41: Villa Jaragua | E41: Municipio Completo | F41: Villa Jaragua (Trasladada desde Villa Liberación, SJM) | G41: Villa Jaragua | H41: ='[2]Resumen Clarivel Adames ago. 20'!H21 -> Detenido pago cubicación | I41: ='[2]Resumen Clarivel Adames ago. 20'!I21 -> 0 | J41: ='[2]Resumen Clarivel Adames ago. 20'!J21 -> AIPI detenido por cubicación. Se encuentra a nivel de encofrado de la losa de los módulos de cocina, lactante, de 1ª 2, 2 a 3 y caseta de cisterna, Solo esperando le paguen cubicación pendiente, detenido desde el 24 de junio 2020. | K41: ='[2]Resumen Clarivel Adames ago. 20'!K21 -> 18.492515,-71.481005 | L41: ='[2]Resumen Clarivel Adames ago. 20'!L21 -> 1N | M41: ='[2]Resumen Clarivel Adames ago. 20'!M21 -> Antonio De Oleo Rodríguez (Fallecido). Nuevo Contratista: Renzo Cuevas | N41: ='[2]Resumen Clarivel Adames ago. 20'!N21 -> 809 224 5949 | O41: ='[2]Resumen Clarivel Adames ago. 20'!O21 -> 0 | ... Q41: ='[2]Resumen Clarivel Adames ago. 20'!Q21 -> 0.45
A42: =+A41+1 -> 31 | B42: Clarivel Adames | C42: Independencia | D42: Jimani | E42: Municipio Completo | F42: Nuevo Boca De Cachón | G42: Calle Del Parque Esq. 27 de Febrero | H42: ='[2]Resumen Clarivel Adames ago. 20'!H22 -> Inaugurado | I42: ='[2]Resumen Clarivel Adames ago. 20'!I22 -> 0 | J42: ='[2]Resumen Clarivel Adames ago. 20'!J22 -> 0 | K42: ='[2]Resumen Clarivel Adames ago. 20'!K22 -> 18.531413,-71.779258 | L42: ='[2]Resumen Clarivel Adames ago. 20'!L22 -> 1N | M42: ='[2]Resumen Clarivel Adames ago. 20'!M22 -> 0 | N42: ='[2]Resumen Clarivel Adames ago. 20'!N22 -> 0 | O42: ='[2]Resumen Clarivel Adames ago. 20'!O22 -> 0 | ... Q42: ='[2]Resumen Clarivel Adames ago. 20'!Q22 -> 1
A43: =+A42+1 -> 32 | B43: Clarivel Adames | C43: Independencia | D43: Jimani | E43: Municipio Completo | F43: Villa Armonía | G43: Calle 5 esq. Calle B | H43: ='[2]Resumen Clarivel Adames ago. 20'!H23 -> Inaugurado | I43: ='[2]Resumen Clarivel Adames ago. 20'!I23 -> 0 | J43: ='[2]Resumen Clarivel Adames ago. 20'!J23 -> 0 | K43: ='[2]Resumen Clarivel Adames ago. 20'!K23 -> 18.4931650,-71.856789 | L43: ='[2]Resumen Clarivel Adames ago. 20'!L23 -> 2N | M43: ='[2]Resumen Clarivel Adames ago. 20'!M23 -> 0 | N43: ='[2]Resumen Clarivel Adames ago. 20'!N23 -> 0 | O43: ='[2]Resumen Clarivel Adames ago. 20'!O23 -> 0 | ... Q43: ='[2]Resumen Clarivel Adames ago. 20'!Q23 -> 1
A44: =+A43+1 -> 33 | B44: Clarivel Adames | C44: Independencia | D44: Duvergé | E44: Municipio Completo | F44: =+D44 -> Duvergé | G44: Duvergé | H44: ='[2]Resumen Clarivel Adames ago. 20'!H24 -> En Construcción | I44: ='[2]Resumen Clarivel Adames ago. 20'!I24 -> 0 | J44: ='[2]Resumen Clarivel Adames ago. 20'!J24 -> CAIPI en construcción. Tienen la losa de entrepiso lista para vaciado solo esperan el turno de la hormigonera para el vaciado de la losa | K44: ='[2]Resumen Clarivel Adames ago. 20'!K24 -> 18.380918,-71.531626 | L44: ='[2]Resumen Clarivel Adames ago. 20'!L24 -> 2N | M44: ='[2]Resumen Clarivel Adames ago. 20'!M24 -> CONSTRUMAGNA SRL/Héctor Peña | N44: ='[2]Resumen Clarivel Adames ago. 20'!N24 -> (809)958-5090 | O44: ='[2]Resumen Clarivel Adames ago. 20'!O24 -> construmagna@hotmail.com | ... Q44: ='[2]Resumen Clarivel Adames ago. 20'!Q24 -> 0.41
A45: =+A44+1 -> 34 | B45: Clarivel Adames | C45: Independencia | D45: La Descubierta | E45: Municipio Completo | F45: La Descubierta (se Trasladó el contratista desde Neiba) | G45: La Descubierta | H45: ='[2]Resumen Clarivel Adames ago. 20'!H25 -> Detenido pago cubicación | I45: ='[2]Resumen Clarivel Adames ago. 20'!I25 -> 0 | J45: ='[2]Resumen Clarivel Adames ago. 20'!J25 -> CAIPI detenido por cubicación. Se detuvo en julio 2020, en el encofrado de las columnas del primer nivel y la rampa. | K45: ='[2]Resumen Clarivel Adames ago. 20'!K25 -> 18.575445,-71.728433 | L45: ='[2]Resumen Clarivel Adames ago. 20'!L25 -> 2N | M45: ='[2]Resumen Clarivel Adames ago. 20'!M25 -> MASYMAX MULTI SERV. SRL/Juan Jiménez | N45: ='[2]Resumen Clarivel Adames ago. 20'!N25 -> (809) 619-8827 | O45: ='[2]Resumen Clarivel Adames ago. 20'!O25 -> 0 | ... Q45: ='[2]Resumen Clarivel Adames ago. 20'!Q25 -> 0.36
A46: =+A45+1 -> 35 | B46: Ángela Santana | C46: Distrito Nacional | D46: Distrito Nacional | E46: Bloque Barrio | F46: La Zurza | G46: Av Los Mártires casi Esq. Máximo Gómez | H46: ='[3]Resumen Ángela Santana Sept 20'!H10 -> Inaugurado | I46: ='[3]Resumen Ángela Santana Sept 20'!I10 -> 0 | J46: ='[3]Resumen Ángela Santana Sept 20'!J10 -> 0 | K46: ='[3]Resumen Ángela Santana Sept 20'!K10 -> 18.503905, -69.913558 | L46: ='[3]Resumen Ángela Santana Sept 20'!L10 -> 0 | M46: ='[3]Resumen Ángela Santana Sept 20'!M10 -> Rocío Sugey Batista Cabrera | N46: ='[3]Resumen Ángela Santana Sept 20'!N10 -> 829-723-3390 | O46: ='[3]Resumen Ángela Santana Sept 20'!O10 -> Rocio_batista@hotmail.com | ... Q46: ='[3]Resumen Ángela Santana Sept 20'!Q10 -> 1
A47: =+A46+1 -> 36 | B47: Ángela Santana | C47: Distrito Nacional | D47: Distrito Nacional | E47: Bloque Barrio | F47: Los Girasoles I | G47: Calle 10 Proximo a la tienda L&R | H47: ='[3]Resumen Ángela Santana Sept 20'!H11 -> Inaugurado | I47: ='[3]Resumen Ángela Santana Sept 20'!I11 -> 0 | J47: ='[3]Resumen Ángela Santana Sept 20'!J11 -> 0 | K47: ='[3]Resumen Ángela Santana Sept 20'!K11 -> 18.518757, -69.986506 | L47: ='[3]Resumen Ángela Santana Sept 20'!L11 -> 0 | M47: ='[3]Resumen Ángela Santana Sept 20'!M11 -> Carlos Ismael Hernández Rivera | N47: ='[3]Resumen Ángela Santana Sept 20'!N11 -> (809) 962-7120 | O47: ='[3]Resumen Ángela Santana Sept 20'!O11 -> eferia@construtek.com | ... Q47: ='[3]Resumen Ángela Santana Sept 20'!Q11 -> 1
A48: =+A47+1 -> 37 | B48: Ángela Santana | C48: Distrito Nacional | D48: Distrito Nacional | E48: Bloque Barrio | F48: Los Ríos Guayubin - Los Rios I | G48: Calle Guayajal casi esq Calle Guayubin, Bo. Guayubin | H48: ='[3]Resumen Ángela Santana Sept 20'!H12 -> Inaugurado | I48: ='[3]Resumen Ángela Santana Sept 20'!I12 -> 0 | J48: ='[3]Resumen Ángela Santana Sept 20'!J12 -> 0 | K48: ='[3]Resumen Ángela Santana Sept 20'!K12 -> 18.4889635,-69.9675451 | L48: ='[3]Resumen Ángela Santana Sept 20'!L12 -> 0 | M48: ='[3]Resumen Ángela Santana Sept 20'!M12 -> Represntanciones y Servicios Industriales WI, S.R.L. | N48: ='[3]Resumen Ángela Santana Sept 20'!N12 -> 809-751-5890 | O48: ='[3]Resumen Ángela Santana Sept 20'!O12 -> maggisanchez56@yahoo.es | ... Q48: ='[3]Resumen Ángela Santana Sept 20'!Q12 -> 1
A49: =+A48+1 -> 38 | B49: Ángela Santana | C49: Distrito Nacional | D49: Distrito Nacional | E49: Bloque Barrio | F49: Los Ríos | G49: Los Ríos | H49: ='[3]Resumen Ángela Santana Sept 20'!H13 -> Sin Iniciar | I49: ='[3]Resumen Ángela Santana Sept 20'!I13 -> Sin Propuesta | J49: ='[3]Resumen Ángela Santana Sept 20'!J13 -> Se rescindió el contrato | K49: ='[3]Resumen Ángela Santana Sept 20'!K13 -> 0 | L49: ='[3]Resumen Ángela Santana Sept 20'!L13 -> 0 | M49: ='[3]Resumen Ángela Santana Sept 20'!M13 -> Construcciones y Tecnología SRL/Eudad Feria | N49: ='[3]Resumen Ángela Santana Sept 20'!N13 -> (809)697-2529 | O49: ='[3]Resumen Ángela Santana Sept 20'!O13 -> eferia@construtek.com | ... Q49: ='[3]Resumen Ángela Santana Sept 20'!Q13 -> 0
A50: =+A49+1 -> 39 | B50: Ángela Santana | C50: Distrito Nacional | D50: Distrito Nacional | E50: Bloque Barrio | F50: Gualey | G50: Gualey | H50: ='[3]Resumen Ángela Santana Sept 20'!H14 -> Sin Iniciar | I50: ='[3]Resumen Ángela Santana Sept 20'!I14 -> Sin Propuesta | J50: ='[3]Resumen Ángela Santana Sept 20'!J14 -> 0 | K50: ='[3]Resumen Ángela Santana Sept 20'!K14 -> 0 | L50: ='[3]Resumen Ángela Santana Sept 20'!L14 -> 0 | M50: ='[3]Resumen Ángela Santana Sept 20'!M14 -> Coart Arquitect, SRL / Claudia Caamaño | N50: ='[3]Resumen Ángela Santana Sept 20'!N14 -> 809-227-6707 / 809-729-7170 | O50: ='[3]Resumen Ángela Santana Sept 20'!O14 -> claudiachalas@gmail.com | ... Q50: ='[3]Resumen Ángela Santana Sept 20'!Q14 -> 0
A51: =+A50+1 -> 40 | B51: Ángela Santana | C51: Distrito Nacional | D51: Distrito Nacional | E51: Bloque Barrio | F51: Domingo Savio (Cienaga) | G51: Domingo Savio (Cienaga) | H51: ='[3]Resumen Ángela Santana Sept 20'!H15 -> Sin Iniciar | I51: ='[3]Resumen Ángela Santana Sept 20'!I15 -> Sin Propuesta | J51: ='[3]Resumen Ángela Santana Sept 20'!J15 -> 0 | K51: ='[3]Resumen Ángela Santana Sept 20'!K15 -> 0 | L51: ='[3]Resumen Ángela Santana Sept 20'!L15 -> 0 | M51: ='[3]Resumen Ángela Santana Sept 20'!M15 -> Johanny Estrella Rivera | N51: ='[3]Resumen Ángela Santana Sept 20'!N15 -> 829-407-5745 | O51: ='[3]Resumen Ángela Santana Sept 20'!O15 -> johanny_estrella@hotmail.com | ... Q51: ='[3]Resumen Ángela Santana Sept 20'!Q15 -> 0
A52: =+A51+1 -> 41 | B52: Ángela Santana | C52: Distrito Nacional | D52: Distrito Nacional | E52: Bloque Barrio | F52: Domingo Savio | G52: Domingo Savio (Los Guandules) | H52: ='[3]Resumen Ángela Santana Sept 20'!H16 -> Sin Iniciar | I52: ='[3]Resumen Ángela Santana Sept 20'!I16 -> Sin Propuesta | J52: ='[3]Resumen Ángela Santana Sept 20'!J16 -> 0 | K52: ='[3]Resumen Ángela Santana Sept 20'!K16 -> 0 | L52: ='[3]Resumen Ángela Santana Sept 20'!L16 -> 0 | M52: ='[3]Resumen Ángela Santana Sept 20'!M16 -> Constructora Yeara SRL/Edwin Yeara | N52: ='[3]Resumen Ángela Santana Sept 20'!N16 -> (809)958-2629 | O52: ='[3]Resumen Ángela Santana Sept 20'!O16 -> constructorayeara@gmail.com | ... Q52: ='[3]Resumen Ángela Santana Sept 20'!Q16 -> 0
A53: =+A52+1 -> 42 | B53: Ángela Santana | C53: Distrito Nacional | D53: Distrito Nacional | E53: Bloque Barrio | F53: Cristo Rey 1 | G53: Cristo Rey | H53: ='[3]Resumen Ángela Santana Sept 20'!H17 -> Detenido | I53: ='[3]Resumen Ángela Santana Sept 20'!I17 -> 0 | J53: ='[3]Resumen Ángela Santana Sept 20'!J17 -> CAIPI detenido. Aún en espera desde agosto del 2019, los resultados de una licitación que se haria para la adecuación del terreno debido al elevado costo del mismo y aún se mantiene en la misma situación. Como se puede observar en las fotos el terreno se está tomando como vertedero del barrio. | K53: ='[3]Resumen Ángela Santana Sept 20'!K17 -> 18.506004, -69.918172 | L53: ='[3]Resumen Ángela Santana Sept 20'!L17 -> 0 | M53: ='[3]Resumen Ángela Santana Sept 20'!M17 -> Const. Serviterm, SRL / Ricardo Peña | N53: ='[3]Resumen Ángela Santana Sept 20'!N17 -> 809-801-6676 | O53: ='[3]Resumen Ángela Santana Sept 20'!O17 -> p.ricardo01@gmail.com | ... Q53: ='[3]Resumen Ángela Santana Sept 20'!Q17 -> 0.05
A54: =+A53+1 -> 43 | B54: Ángela Santana | C54: Distrito Nacional | D54: Distrito Nacional | E54: Bloque Barrio | F54: Cristo Rey 2 | G54: Cristo Rey | H54: ='[3]Resumen Ángela Santana Sept 20'!H18 -> Detenido | I54: ='[3]Resumen Ángela Santana Sept 20'!I18 -> 0 | J54: ='[3]Resumen Ángela Santana Sept 20'!J18 -> CAIPI detenido. Aún en espera desde agosto del año pasado, los resultados de una licitación que se hará para la adecuación del terreno debido al elevado costo del mismo y aún se mantiene en la misma situación. El sector tiene el terreno como vertedero. | K54: ='[3]Resumen Ángela Santana Sept 20'!K18 -> 18.506004, -69.918172 | L54: ='[3]Resumen Ángela Santana Sept 20'!L18 -> 0 | M54: ='[3]Resumen Ángela Santana Sept 20'!M18 -> JFS Construcciones., SRL / José R. Santana | N54: ='[3]Resumen Ángela Santana Sept 20'!N18 -> 829-604-4213 | O54: ='[3]Resumen Ángela Santana Sept 20'!O18 -> josesantana2320@gmail.com | ... Q54: ='[3]Resumen Ángela Santana Sept 20'!Q18 -> 0.05
A55: =+A54+1 -> 44 | B55: Ángela Santana | C55: Distrito Nacional | D55: Distrito Nacional | E55: Bloque Barrio | F55: La Puya (traspadada desde Cristo Rey 3) | G55: La Puya | H55: ='[3]Resumen Ángela Santana Sept 20'!H19 -> Sin Iniciar | I55: ='[3]Resumen Ángela Santana Sept 20'!I19 -> Con Propuesta | J55: ='[3]Resumen Ángela Santana Sept 20'!J19 -> 0 | K55: ='[3]Resumen Ángela Santana Sept 20'!K19 -> 0 | L55: ='[3]Resumen Ángela Santana Sept 20'!L19 -> 0 | M55: ='[3]Resumen Ángela Santana Sept 20'!M19 -> Arq. Pérez & Pérez SRL/Miguel E. Pérez C. | N55: ='[3]Resumen Ángela Santana Sept 20'!N19 -> (809)977-8600 | O55: ='[3]Resumen Ángela Santana Sept 20'!O19 -> dtodoterminaciones@gmail.com | ... Q55: ='[3]Resumen Ángela Santana Sept 20'!Q19 -> 0
A56: =+A55+1 -> 45 | B56: Ángela Santana | C56: Distrito Nacional | D56: Distrito Nacional | E56: Bloque Barrio | F56: Villa Francisca | G56: Villa Francisca | H56: ='[3]Resumen Ángela Santana Sept 20'!H20 -> Detenido pago terreno | I56: ='[3]Resumen Ángela Santana Sept 20'!I20 -> 0 | J56: ='[3]Resumen Ángela Santana Sept 20'!J20 -> CAIPI detenida por pago de terreno. El propietario está renegociando los precios. La contratista realizó el levantamiento topográfico, aun no recibe el avance. En el terreno se instaló un negocio. La Oficina de Gestión Inmobiliaria del MINERD le está dando seguimiento a este caso | K56: ='[3]Resumen Ángela Santana Sept 20'!K20 -> 18.481941,-69.886833 | L56: ='[3]Resumen Ángela Santana Sept 20'!L20 -> 0 | M56: ='[3]Resumen Ángela Santana Sept 20'!M20 -> Joeliz Mejía Gratereaux | N56: ='[3]Resumen Ángela Santana Sept 20'!N20 -> (829)308-9494 | O56: ='[3]Resumen Ángela Santana Sept 20'!O20 -> joem16@gmail.com | ... Q56: ='[3]Resumen Ángela Santana Sept 20'!Q20 -> 0
A57: =+A56+1 -> 46 | B57: Ángela Santana | C57: Distrito Nacional | D57: Distrito Nacional | E57: Bloque Barrio | F57: Palma Real (Los Girasoles) 2 | G57: Palma Real (Los Girasoles) 1 | H57: ='[3]Resumen Ángela Santana Sept 20'!H21 -> Detenido pago cubicación | I57: ='[3]Resumen Ángela Santana Sept 20'!I21 -> 0 | J57: ='[3]Resumen Ángela Santana Sept 20'!J21 -> CAIPI detenido. El contratista ya tiene el terreno listo y le fueron entregados los planos estructurales, el lunes 11 de noviembre 2019, pero aún no inicia con el replanteo, ya que el mismo está solicitando una actualización de precios antes de reiniciar los trabajos, aún espera respuesta. | K57: ='[3]Resumen Ángela Santana Sept 20'!K21 -> 18.5139730,-69.9894940. | L57: ='[3]Resumen Ángela Santana Sept 20'!L21 -> 2N | M57: ='[3]Resumen Ángela Santana Sept 20'!M21 -> Yunior Cifres Sánchez | N57: ='[3]Resumen Ángela Santana Sept 20'!N21 -> (829)689-1301 | O57: ='[3]Resumen Ángela Santana Sept 20'!O21 -> j.cifres1975@gmail.com | ... Q57: ='[3]Resumen Ángela Santana Sept 20'!Q21 -> 0.1
... A59: =+A58+1 -> 48 | B59: Ángela Santana | C59: Distrito Nacional | D59: Distrito Nacional | E59: Bloque Barrio | F59: * República de Colombia | G59: República de Colombia | H59: ='[3]Resumen Ángela Santana Sept 20'!H23 -> Detenido pago cubicación | I59: ='[3]Resumen Ángela Santana Sept 20'!I23 -> 0 | J59: ='[3]Resumen Ángela Santana Sept 20'!J23 -> CAIPI detenido por cubicación. Antes de detenerse trabajaba en colocación de block a nivel de dintel. Espera pago de cubicación. | K59: ='[3]Resumen Ángela Santana Sept 20'!K23 -> 18.5063270,-69.9761660. | L59: ='[3]Resumen Ángela Santana Sept 20'!L23 -> 0 | M59: ='[3]Resumen Ángela Santana Sept 20'!M23 -> Const. ViMAENRO SRL/Víctor Encarnación | N59: ='[3]Resumen Ángela Santana Sept 20'!N23 -> (809)350-9784 | O59: ='[3]Resumen Ángela Santana Sept 20'!O23 -> vencarnacion@vimaenro.com | ... Q59: ='[3]Resumen Ángela Santana Sept 20'!Q23 -> 0.15
A60: =+A59+1 -> 49 | B60: María Del Génesis Pimentel | C60: Santo Domingo | D60: Boca Chica | E60: Municipio Completo | F60: Andres Boca Chica (Los Botaos) | G60: Calle Resp. Manuela Diez | H60: ='[4]Matriz Mensual Génesis Sept 20'!H10 -> Inaugurado | I60: ='[4]Matriz Mensual Génesis Sept 20'!I10 -> 0 | J60: ='[4]Matriz Mensual Génesis Sept 20'!J10 -> 0 | K60: ='[4]Matriz Mensual Génesis Sept 20'!K10 -> 0 | L60: ='[4]Matriz Mensual Génesis Sept 20'!L10 -> 1N | M60: ='[4]Matriz Mensual Génesis Sept 20'!M10 -> Edwin Rafael Contreras | N60: ='[4]Matriz Mensual Génesis Sept 20'!N10 -> 0 | O60: ='[4]Matriz Mensual Génesis Sept 20'!O10 -> 0 | ... Q60: ='[4]Matriz Mensual Génesis Sept 20'!Q10 -> 1
A61: =+A60+1 -> 50 | B61: María Del Génesis Pimentel | C61: Santo Domingo | D61: Boca Chica | E61: Municipio Completo | F61: Andres – Boca Chica 1 | G61: Barrio Altos de Chavón, Andres Norte | H61: ='[4]Matriz Mensual Génesis Sept 20'!H11 -> Detenido pago cubicación | I61: ='[4]Matriz Mensual Génesis Sept 20'!I11 -> 0 | J61: ='[4]Matriz Mensual Génesis Sept 20'!J11 -> CAIPI detenido por cubicación. Se encuentra con avance de todas las losas de techo del 2do. nivel vaciada, inicio colocación de arrastre de tuberías eléctricas y sanitarias del primer nivel para vaciar chapapote, Además tiene vaciado el techo de la caseta de la cisterna, la verja perimetral terminada, excepto del área frontal. La supervisión tiene conocimiento de la última modificación de planos de la cocina requerida por el INAIPI. Espera pago cubicación desde principio de junio 2020. | K61: ='[4]Matriz Mensual Génesis Sept 20'!K11 -> 18.461432, -69.606982 | L61: ='[4]Matriz Mensual Génesis Sept 20'!L11 -> 2N | M61: ='[4]Matriz Mensual Génesis Sept 20'!M11 -> Humberto A. Castillo T./Luz Claribel Bautista | N61: ='[4]Matriz Mensual Génesis Sept 20'!N11 -> (849)816-0410 | O61: ='[4]Matriz Mensual Génesis Sept 20'!O11 -> lclaribel2004@yahoo.com | ... Q61: ='[4]Matriz Mensual Génesis Sept 20'!Q11 -> 0.52
A62: =+A61+1 -> 51 | B62: María Del Génesis Pimentel | C62: Santo Domingo | D62: Boca Chica | E62: Municipio Completo | F62: Andres – Boca Chica 2 | G62: Barrio Sucio, Andres Sur | H62: ='[4]Matriz Mensual Génesis Sept 20'!H12 -> Sin Iniciar | I62: ='[4]Matriz Mensual Génesis Sept 20'!I12 -> Con Propuesta | J62: ='[4]Matriz Mensual Génesis Sept 20'!J12 -> 0 | K62: ='[4]Matriz Mensual Génesis Sept 20'!K12 -> 0 | L62: ='[4]Matriz Mensual Génesis Sept 20'!L12 -> 0 | M62: ='[4]Matriz Mensual Génesis Sept 20'!M12 -> Luis Manuel Polanco Batista | N62: ='[4]Matriz Mensual Génesis Sept 20'!N12 -> (809)981-6395 | O62: ='[4]Matriz Mensual Génesis Sept 20'!O12 -> luispolanco96@hotmail.com | ... Q62: ='[4]Matriz Mensual Génesis Sept 20'!Q12 -> 0
A63: =+A62+1 -> 52 | B63: María Del Génesis Pimentel | C63: Santo Domingo | D63: Boca Chica | E63: Municipio Completo | F63: La Caleta – Boca Chica 1 (Bo. El Valiente) | G63: Barrio Valiente, Boca Chica 1 | H63: ='[4]Matriz Mensual Génesis Sept 20'!H13 -> Detenido pago cubicación | I63: ='[4]Matriz Mensual Génesis Sept 20'!I13 -> 0 | J63: ='[4]Matriz Mensual Génesis Sept 20'!J13 -> CAIPI detenido por cubicación. Están a la espera del pago de las cubicaciones pendientes, la cula se encuentra en el departamento de financiero del MINERD. Tiene otra en circuito que se pagará por la linea de credito vigente. Se encuentra Antes de detenerse trabajó en acondicionamiento del areas exterior. Tiene la modificación de la cocina de acuerdo con los requerimientos del INAIPI. | K63: ='[4]Matriz Mensual Génesis Sept 20'!K13 -> 18.468031, -69.698168 | L63: ='[4]Matriz Mensual Génesis Sept 20'!L13 -> 2N | M63: ='[4]Matriz Mensual Génesis Sept 20'!M13 -> Judith Cruz Garcia | N63: ='[4]Matriz Mensual Génesis Sept 20'!N13 -> (809)756-1912 | O63: ='[4]Matriz Mensual Génesis Sept 20'!O13 -> judithcruz21@hotmail.com | ... Q63: ='[4]Matriz Mensual Génesis Sept 20'!Q13 -> 0.62
A64: =+A63+1 -> 53 | B64: María Del Génesis Pimentel | C64: Santo Domingo | D64: Boca Chica | E64: Municipio Completo | F64: La Caleta – Boca Chica 2 | G64: Barrio Caliche de Monte Adentro | H64: ='[4]Matriz Mensual Génesis Sept 20'!H14 -> Detenido | I64: ='[4]Matriz Mensual Génesis Sept 20'!I14 -> 0 | J64: ='[4]Matriz Mensual Génesis Sept 20'!J14 -> CAIPI detenido. Contratista sin dinero y sin cubicación pendiente. La supervisión del MOPC para trabajar, tiene previsto reunión con la coordinación de la supervisión nos informó que esta contratista está en estado con saldo negativo. Está en fase final de terminación, solo falta algunos detalles de retoques de pinturas final, colocación de algunos aparatos sanitarios que tiene en sito, colocación del tanque de gas, transformador eléctrico y la terminación de las modificaciones de la cocina, según lo requerimiento del INAIPI. Se colocó puerta en altura para mantenimiento a la azotea. | K64: ='[4]Matriz Mensual Génesis Sept 20'!K14 -> 18.451404, -69.675114 | L64: ='[4]Matriz Mensual Génesis Sept 20'!L14 -> 2N | M64: ='[4]Matriz Mensual Génesis Sept 20'!M14 -> Carolina Garcia Garcia | N64: ='[4]Matriz Mensual Génesis Sept 20'!N14 -> (809)657-9845 | O64: ='[4]Matriz Mensual Génesis Sept 20'!O14 -> garciacarolina14@gmail.com | ... Q64: ='[4]Matriz Mensual Génesis Sept 20'!Q14 -> 0.94
